Workbook

Sheet Операции
A1: Дата | B1: Сумма | C1: Категория | D1: Подкатегория | E1: Счёт | F1: Счёт зачисления | G1: Контрагент | H1: Описание
A2: 46206 | B2: -3250 | C2: Еда | D2: Продукты | E2: Карта | G2: Супермаркет | H2: Продукты на неделю
A3: 46208 | B3: 45000 | C3: Зарплата | E3: Карта | G3: ООО «Ромашка» | H3: Аванс
A4: 46209 | B4: -6800 | C4: Жильё | D4: ЖКХ | E4: Карта | G4: Управляющая компания | H4: Квартплата за июнь
A5: 46211 | B5: -2300 | C5: Транспорт | D5: Общественный транспорт | E5: Карта | H5: Проездной
A6: 46214 | B6: -1450 | C6: Еда | D6: Кафе и рестораны | E6: Карта | G6: Кофейня | H6: Завтрак с друзьями
A7: 46215 | B7: 5000 | E7: Карта | F7: Наличные | H7: Снял наличные
A8: 46218 | B8: -1100 | C8: Жильё | D8: Интернет и связь | E8: Карта | H8: Интернет и мобильная связь
A9: 46221 | B9: -4100 | C9: Еда | D9: Продукты | E9: Карта | G9: Супермаркет
A10: 46223 | B10: 55000 | C10: Зарплата | E10: Карта | G10: ООО «Ромашка» | H10: Зарплата за июль
A11: 46224 | B11: 10000 | E11: Карта | F11: Накопления | H11: Отложил с зарплаты
A12: 46227 | B12: -1800 | C12: Развлечения | D12: Кино и театр | E12: Наличные | H12: Кино
A13: 46230 | B13: -2900 | C13: Здоровье | D13: Аптека | E13: Карта | G13: Аптека
A14: 46236 | B14: -3600 | C14: Еда | D14: Продукты | E14: Карта | G14: Супермаркет | H14: Продукты на неделю
A15: 46239 | B15: 45000 | C15: Зарплата | E15: Карта | G15: ООО «Ромашка» | H15: Аванс
A16: 46240 | B16: -7050 | C16: Жильё | D16: ЖКХ | E16: Карта | G16: Управляющая компания | H16: Квартплата за июль
A17: 46243 | B17: -7500 | C17: Покупки | D17: Одежда и обувь | E17: Карта | H17: Кроссовки
A18: 46246 | B18: 12000 | C18: Подработка | E18: Карта | H18: Заказ на выходных
A19: 46249 | B19: -1100 | C19: Жильё | D19: Интернет и связь | E19: Карта | H19: Интернет и мобильная связь
A20: 46250 | B20: -640 | C20: Транспорт | D20: Такси | E20: Карта
A21: 46253 | B21: -3000 | C21: Подарки | E21: Наличные | H21: Подарок на день рождения
A22: 46254 | B22: 55000 | C22: Зарплата | E22: Карта | G22: ООО «Ромашка» | H22: Зарплата за август
A23: 46255 | B23: 10000 | E23: Карта | F23: Накопления | H23: Отложил с зарплаты
A24: 46259 | B24: -4350 | C24: Еда | D24: Продукты | E24: Карта | G24: Супермаркет
A25: 46263 | B25: -5200 | C25: Дети | E25: Карта | H25: Школьные принадлежности
A26: 46266 | B26: -3400 | C26: Еда | D26: Продукты | E26: Карта | G26: Супермаркет | H26: Продукты на неделю
A27: 46270 | B27: 45000 | C27: Зарплата | E27: Карта | G27: ООО «Ромашка» | H27: Аванс
A28: 46271 | B28: -6900 | C28: Жильё | D28: ЖКХ | E28: Карта | G28: Управляющая компания | H28: Квартплата за август
A29: 46273 | B29: -2300 | C29: Транспорт | D29: Общественный транспорт | E29: Карта | H29: Проездной
A30: 46275 | B30: 830 | C30: Возврат и кешбэк | E30: Карта | H30: Кешбэк за август
A31: 46278 | B31: -1750 | C31: Еда | D31: Кафе и рестораны | E31: Карта | H31: Ужин
A32: 46280 | B32: -1100 | C32: Жильё | D32: Интернет и связь | E32: Карта | H32: Интернет и мобильная связь
A33: 46282 | B33: -2400 | C33: Образование | D33: Курсы | E33: Карта | H33: Курс английского

Sheet Сводка
A1: Таблица доходов и расходов
A2: Считается сама по листу «Операции». Переводы между своими счетами в доходы и расходы не входят.
A4: Год | B4: =IF(COUNT('Операции'!$A:$A)=0,YEAR(TODAY()),YEAR(MAX('Операции'!$A:$A))) -> 2026 | C4: ← по последней записи; можно вписать год вручную
A6: По месяцам
A7: Месяц | B7: Доходы | C7: Расходы | D7: Остаток | E7: Накоплено
A8: Январь | B8: =SUMIFS('Операции'!$B:$B,'Операции'!$A:$A,">="&DATE($B$4,1,1),'Операции'!$A:$A,"<"&DATE($B$4,2,1),'Операции'!$B:$B,">0")-SUMIFS('Операции'!$B:$B,'Операции'!$A:$A,">="&DATE($B$4,1,1),'Операции'!$A:$A,"<"&DATE($B$4,2,1),'Операции'!$B:$B,">0",'Операции'!$F:$F,"<>") -> 0 | C8: =-(SUMIFS('Операции'!$B:$B,'Операции'!$A:$A,">="&DATE($B$4,1,1),'Операции'!$A:$A,"<"&DATE($B$4,2,1),'Операции'!$B:$B,"<0")-SUMIFS('Операции'!$B:$B,'Операции'!$A:$A,">="&DATE($B$4,1,1),'Операции'!$A:$A,"<"&DATE($B$4,2,1),'Операции'!$B:$B,"<0",'Операции'!$F:$F,"<>")) -> 0 | D8: =B8-C8 -> 0 | E8: =SUM($D$8:D8) -> 0
A9: Февраль | B9: =SUMIFS('Операции'!$B:$B,'Операции'!$A:$A,">="&DATE($B$4,2,1),'Операции'!$A:$A,"<"&DATE($B$4,3,1),'Операции'!$B:$B,">0")-SUMIFS('Операции'!$B:$B,'Операции'!$A:$A,">="&DATE($B$4,2,1),'Операции'!$A:$A,"<"&DATE($B$4,3,1),'Операции'!$B:$B,">0",'Операции'!$F:$F,"<>") -> 0 | C9: =-(SUMIFS('Операции'!$B:$B,'Операции'!$A:$A,">="&DATE($B$4,2,1),'Операции'!$A:$A,"<"&DATE($B$4,3,1),'Операции'!$B:$B,"<0")-SUMIFS('Операции'!$B:$B,'Операции'!$A:$A,">="&DATE($B$4,2,1),'Операции'!$A:$A,"<"&DATE($B$4,3,1),'Операции'!$B:$B,"<0",'Операции'!$F:$F,"<>")) -> 0 | D9: =B9-C9 -> 0 | E9: =SUM($D$8:D9) -> 0
A10: Март | B10: =SUMIFS('Операции'!$B:$B,'Операции'!$A:$A,">="&DATE($B$4,3,1),'Операции'!$A:$A,"<"&DATE($B$4,4,1),'Операции'!$B:$B,">0")-SUMIFS('Операции'!$B:$B,'Операции'!$A:$A,">="&DATE($B$4,3,1),'Операции'!$A:$A,"<"&DATE($B$4,4,1),'Операции'!$B:$B,">0",'Операции'!$F:$F,"<>") -> 0 | C10: =-(SUMIFS('Операции'!$B:$B,'Операции'!$A:$A,">="&DATE($B$4,3,1),'Операции'!$A:$A,"<"&DATE($B$4,4,1),'Операции'!$B:$B,"<0")-SUMIFS('Операции'!$B:$B,'Операции'!$A:$A,">="&DATE($B$4,3,1),'Операции'!$A:$A,"<"&DATE($B$4,4,1),'Операции'!$B:$B,"<0",'Операции'!$F:$F,"<>")) -> 0 | D10: =B10-C10 -> 0 | E10: =SUM($D$8:D10) -> 0
A11: Апрель | B11: =SUMIFS('Операции'!$B:$B,'Операции'!$A:$A,">="&DATE($B$4,4,1),'Операции'!$A:$A,"<"&DATE($B$4,5,1),'Операции'!$B:$B,">0")-SUMIFS('Операции'!$B:$B,'Операции'!$A:$A,">="&DATE($B$4,4,1),'Операции'!$A:$A,"<"&DATE($B$4,5,1),'Операции'!$B:$B,">0",'Операции'!$F:$F,"<>") -> 0 | C11: =-(SUMIFS('Операции'!$B:$B,'Операции'!$A:$A,">="&DATE($B$4,4,1),'Операции'!$A:$A,"<"&DATE($B$4,5,1),'Операции'!$B:$B,"<0")-SUMIFS('Операции'!$B:$B,'Операции'!$A:$A,">="&DATE($B$4,4,1),'Операции'!$A:$A,"<"&DATE($B$4,5,1),'Операции'!$B:$B,"<0",'Операции'!$F:$F,"<>")) -> 0 | D11: =B11-C11 -> 0 | E11: =SUM($D$8:D11) -> 0
A12: Май | B12: =SUMIFS('Операции'!$B:$B,'Операции'!$A:$A,">="&DATE($B$4,5,1),'Операции'!$A:$A,"<"&DATE($B$4,6,1),'Операции'!$B:$B,">0")-SUMIFS('Операции'!$B:$B,'Операции'!$A:$A,">="&DATE($B$4,5,1),'Операции'!$A:$A,"<"&DATE($B$4,6,1),'Операции'!$B:$B,">0",'Операции'!$F:$F,"<>") -> 0 | C12: =-(SUMIFS('Операции'!$B:$B,'Операции'!$A:$A,">="&DATE($B$4,5,1),'Операции'!$A:$A,"<"&DATE($B$4,6,1),'Операции'!$B:$B,"<0")-SUMIFS('Операции'!$B:$B,'Операции'!$A:$A,">="&DATE($B$4,5,1),'Операции'!$A:$A,"<"&DATE($B$4,6,1),'Операции'!$B:$B,"<0",'Операции'!$F:$F,"<>")) -> 0 | D12: =B12-C12 -> 0 | E12: =SUM($D$8:D12) -> 0
A13: Июнь | B13: =SUMIFS('Операции'!$B:$B,'Операции'!$A:$A,">="&DATE($B$4,6,1),'Операции'!$A:$A,"<"&DATE($B$4,7,1),'Операции'!$B:$B,">0")-SUMIFS('Операции'!$B:$B,'Операции'!$A:$A,">="&DATE($B$4,6,1),'Операции'!$A:$A,"<"&DATE($B$4,7,1),'Операции'!$B:$B,">0",'Операции'!$F:$F,"<>") -> 0 | C13: =-(SUMIFS('Операции'!$B:$B,'Операции'!$A:$A,">="&DATE($B$4,6,1),'Операции'!$A:$A,"<"&DATE($B$4,7,1),'Операции'!$B:$B,"<0")-SUMIFS('Операции'!$B:$B,'Операции'!$A:$A,">="&DATE($B$4,6,1),'Операции'!$A:$A,"<"&DATE($B$4,7,1),'Операции'!$B:$B,"<0",'Операции'!$F:$F,"<>")) -> 0 | D13: =B13-C13 -> 0 | E13: =SUM($D$8:D13) -> 0
A14: Июль | B14: =SUMIFS('Операции'!$B:$B,'Операции'!$A:$A,">="&DATE($B$4,7,1),'Операции'!$A:$A,"<"&DATE($B$4,8,1),'Операции'!$B:$B,">0")-SUMIFS('Операции'!$B:$B,'Операции'!$A:$A,">="&DATE($B$4,7,1),'Операции'!$A:$A,"<"&DATE($B$4,8,1),'Операции'!$B:$B,">0",'Операции'!$F:$F,"<>") -> 100000 | C14: =-(SUMIFS('Операции'!$B:$B,'Операции'!$A:$A,">="&DATE($B$4,7,1),'Операции'!$A:$A,"<"&DATE($B$4,8,1),'Операции'!$B:$B,"<0")-SUMIFS('Операции'!$B:$B,'Операции'!$A:$A,">="&DATE($B$4,7,1),'Операции'!$A:$A,"<"&DATE($B$4,8,1),'Операции'!$B:$B,"<0",'Операции'!$F:$F,"<>")) -> 23700 | D14: =B14-C14 -> 76300 | E14: =SUM($D$8:D14) -> 76300
A15: Август | B15: =SUMIFS('Операции'!$B:$B,'Операции'!$A:$A,">="&DATE($B$4,8,1),'Операции'!$A:$A,"<"&DATE($B$4,9,1),'Операции'!$B:$B,">0")-SUMIFS('Операции'!$B:$B,'Операции'!$A:$A,">="&DATE($B$4,8,1),'Операции'!$A:$A,"<"&DATE($B$4,9,1),'Операции'!$B:$B,">0",'Операции'!$F:$F,"<>") -> 112000 | C15: =-(SUMIFS('Операции'!$B:$B,'Операции'!$A:$A,">="&DATE($B$4,8,1),'Операции'!$A:$A,"<"&DATE($B$4,9,1),'Операции'!$B:$B,"<0")-SUMIFS('Операции'!$B:$B,'Операции'!$A:$A,">="&DATE($B$4,8,1),'Операции'!$A:$A,"<"&DATE($B$4,9,1),'Операции'!$B:$B,"<0",'Операции'!$F:$F,"<>")) -> 32440 | D15: =B15-C15 -> 79560 | E15: =SUM($D$8:D15) -> 155860
A16: Сентябрь | B16: =SUMIFS('Операции'!$B:$B,'Операции'!$A:$A,">="&DATE($B$4,9,1),'Операции'!$A:$A,"<"&DATE($B$4,10,1),'Операции'!$B:$B,">0")-SUMIFS('Операции'!$B:$B,'Операции'!$A:$A,">="&DATE($B$4,9,1),'Операции'!$A:$A,"<"&DATE($B$4,10,1),'Операции'!$B:$B,">0",'Операции'!$F:$F,"<>") -> 45830 | C16: =-(SUMIFS('Операции'!$B:$B,'Операции'!$A:$A,">="&DATE($B$4,9,1),'Операции'!$A:$A,"<"&DATE($B$4,10,1),'Операции'!$B:$B,"<0")-SUMIFS('Операции'!$B:$B,'Операции'!$A:$A,">="&DATE($B$4,9,1),'Операции'!$A:$A,"<"&DATE($B$4,10,1),'Операции'!$B:$B,"<0",'Операции'!$F:$F,"<>")) -> 17850 | D16: =B16-C16 -> 27980 | E16: =SUM($D$8:D16) -> 183840
A17: Октябрь | B17: =SUMIFS('Операции'!$B:$B,'Операции'!$A:$A,">="&DATE($B$4,10,1),'Операции'!$A:$A,"<"&DATE($B$4,11,1),'Операции'!$B:$B,">0")-SUMIFS('Операции'!$B:$B,'Операции'!$A:$A,">="&DATE($B$4,10,1),'Операции'!$A:$A,"<"&DATE($B$4,11,1),'Операции'!$B:$B,">0",'Операции'!$F:$F,"<>") -> 0 | C17: =-(SUMIFS('Операции'!$B:$B,'Операции'!$A:$A,">="&DATE($B$4,10,1),'Операции'!$A:$A,"<"&DATE($B$4,11,1),'Операции'!$B:$B,"<0")-SUMIFS('Операции'!$B:$B,'Операции'!$A:$A,">="&DATE($B$4,10,1),'Операции'!$A:$A,"<"&DATE($B$4,11,1),'Операции'!$B:$B,"<0",'Операции'!$F:$F,"<>")) -> 0 | D17: =B17-C17 -> 0 | E17: =SUM($D$8:D17) -> 183840
A18: Ноябрь | B18: =SUMIFS('Операции'!$B:$B,'Операции'!$A:$A,">="&DATE($B$4,11,1),'Операции'!$A:$A,"<"&DATE($B$4,12,1),'Операции'!$B:$B,">0")-SUMIFS('Операции'!$B:$B,'Операции'!$A:$A,">="&DATE($B$4,11,1),'Операции'!$A:$A,"<"&DATE($B$4,12,1),'Операции'!$B:$B,">0",'Операции'!$F:$F,"<>") -> 0 | C18: =-(SUMIFS('Операции'!$B:$B,'Операции'!$A:$A,">="&DATE($B$4,11,1),'Операции'!$A:$A,"<"&DATE($B$4,12,1),'Операции'!$B:$B,"<0")-SUMIFS('Операции'!$B:$B,'Операции'!$A:$A,">="&DATE($B$4,11,1),'Операции'!$A:$A,"<"&DATE($B$4,12,1),'Операции'!$B:$B,"<0",'Операции'!$F:$F,"<>")) -> 0 | D18: =B18-C18 -> 0 | E18: =SUM($D$8:D18) -> 183840
A19: Декабрь | B19: =SUMIFS('Операции'!$B:$B,'Операции'!$A:$A,">="&DATE($B$4,12,1),'Операции'!$A:$A,"<"&DATE($B$4,13,1),'Операции'!$B:$B,">0")-SUMIFS('Операции'!$B:$B,'Операции'!$A:$A,">="&DATE($B$4,12,1),'Операции'!$A:$A,"<"&DATE($B$4,13,1),'Операции'!$B:$B,">0",'Операции'!$F:$F,"<>") -> 0 | C19: =-(SUMIFS('Операции'!$B:$B,'Операции'!$A:$A,">="&DATE($B$4,12,1),'Операции'!$A:$A,"<"&DATE($B$4,13,1),'Операции'!$B:$B,"<0")-SUMIFS('Операции'!$B:$B,'Операции'!$A:$A,">="&DATE($B$4,12,1),'Операции'!$A:$A,"<"&DATE($B$4,13,1),'Операции'!$B:$B,"<0",'Операции'!$F:$F,"<>")) -> 0 | D19: =B19-C19 -> 0 | E19: =SUM($D$8:D19) -> 183840
A20: Итого за год | B20: =SUM(B8:B19) -> 257830 | C20: =SUM(C8:C19) -> 73990 | D20: =B20-C20 -> 183840
A23: Расходы по категориям
A24: Категория | B24: Итого | C24: Доля | E24: Янв | F24: Фев | G24: Мар | H24: Апр | I24: Май | J24: Июн | K24: Июл | L24: Авг | M24: Сен | N24: Окт | O24: Ноя | P24: Дек
A25: Итого | B25: =SUM(E25:P25) -> 73990 | E25: =$C$8 -> 0 | F25: =$C$9 -> 0 | G25: =$C$10 -> 0 | H25: =$C$11 -> 0 | I25: =$C$12 -> 0 | J25: =$C$13 -> 0 | K25: =$C$14 -> 23700 | L25: =$C$15 -> 32440 | M25: =$C$16 -> 17850 | N25: =$C$17 -> 0 | O25: =$C$18 -> 0 | P25: =$C$19 -> 0
A26: Вне списка категорий | B26: =SUM(E26:P26) -> 0 | E26: =E25-SUM(E27:E56) -> 0 | F26: =F25-SUM(F27:F56) -> 0 | G26: =G25-SUM(G27:G56) -> 0 | H26: =H25-SUM(H27:H56) -> 0 | I26: =I25-SUM(I27:I56) -> 0 | J26: =J25-SUM(J27:J56) -> 0 | K26: =K25-SUM(K27:K56) -> 0 | L26: =L25-SUM(L27:L56) -> 0 | ... P26: =P25-SUM(P27:P56) -> 0
A27: =IF('Категории'!$A2="","",'Категории'!$A2) -> Еда | B27: =IF($A27="","",SUM(E27:P27)) -> 21900 | C27: =IF(OR($A27="",$B$25=0),"",B27/$B$25) -> 0.29598594 | D27: =IF(OR(C27="",MAX($C$27:$C$56)=0),"",REPT("█",ROUND(C27/MAX($C$27:$C$56)*14,0))) -> █████████████ | E27: =IF($A27="","",-(SUMIFS('Операции'!$B:$B,'Операции'!$A:$A,">="&DATE($B$4,1,1),'Операции'!$A:$A,"<"&DATE($B$4,2,1),'Операции'!$B:$B,"<0",'Операции'!$C:$C,$A27)-SUMIFS('Операции'!$B:$B,'Операции'!$A:$A,">="&DATE($B$4,1,1),'Операции'!$A:$A,"<"&DATE($B$4,2,1),'Операции'!$B:$B,"<0",'Операции'!$C:$C,$A27,'Операции'!$F:$F,"<>"))) -> 0 | F27: =IF($A27="","",-(SUMIFS('Операции'!$B:$B,'Операции'!$A:$A,">="&DATE($B$4,2,1),'Операции'!$A:$A,"<"&DATE($B$4,3,1),'Операции'!$B:$B,"<0",'Операции'!$C:$C,$A27)-SUMIFS('Операции'!$B:$B,'Операции'!$A:$A,">="&DATE($B$4,2,1),'Операции'!$A:$A,"<"&DATE($B$4,3,1),'Операции'!$B:$B,"<0",'Операции'!$C:$C,$A27,'Операции'!$F:$F,"<>"))) -> 0 | G27: =IF($A27="","",-(SUMIFS('Операции'!$B:$B,'Операции'!$A:$A,">="&DATE($B$4,3,1),'Операции'!$A:$A,"<"&DATE($B$4,4,1),'Операции'!$B:$B,"<0",'Операции'!$C:$C,$A27)-SUMIFS('Операции'!$B:$B,'Операции'!$A:$A,">="&DATE($B$4,3,1),'Операции'!$A:$A,"<"&DATE($B$4,4,1),'Операции'!$B:$B,"<0",'Операции'!$C:$C,$A27,'Операции'!$F:$F,"<>"))) -> 0 | H27: =IF($A27="","",-(SUMIFS('Операции'!$B:$B,'Операции'!$A:$A,">="&DATE($B$4,4,1),'Операции'!$A:$A,"<"&DATE($B$4,5,1),'Операции'!$B:$B,"<0",'Операции'!$C:$C,$A27)-SUMIFS('Операции'!$B:$B,'Операции'!$A:$A,">="&DATE($B$4,4,1),'Операции'!$A:$A,"<"&DATE($B$4,5,1),'Операции'!$B:$B,"<0",'Операции'!$C:$C,$A27,'Операции'!$F:$F,"<>"))) -> 0 | I27: =IF($A27="","",-(SUMIFS('Операции'!$B:$B,'Операции'!$A:$A,">="&DATE($B$4,5,1),'Операции'!$A:$A,"<"&DATE($B$4,6,1),'Операции'!$B:$B,"<0",'Операции'!$C:$C,$A27)-SUMIFS('Операции'!$B:$B,'Операции'!$A:$A,">="&DATE($B$4,5,1),'Операции'!$A:$A,"<"&DATE($B$4,6,1),'Операции'!$B:$B,"<0",'Операции'!$C:$C,$A27,'Операции'!$F:$F,"<>"))) -> 0 | J27: =IF($A27="","",-(SUMIFS('Операции'!$B:$B,'Операции'!$A:$A,">="&DATE($B$4,6,1),'Операции'!$A:$A,"<"&DATE($B$4,7,1),'Операции'!$B:$B,"<0",'Операции'!$C:$C,$A27)-SUMIFS('Операции'!$B:$B,'Операции'!$A:$A,">="&DATE($B$4,6,1),'Операции'!$A:$A,"<"&DATE($B$4,7,1),'Операции'!$B:$B,"<0",'Операции'!$C:$C,$A27,'Операции'!$F:$F,"<>"))) -> 0 | K27: =IF($A27="","",-(SUMIFS('Операции'!$B:$B,'Операции'!$A:$A,">="&DATE($B$4,7,1),'Операции'!$A:$A,"<"&DATE($B$4,8,1),'Операции'!$B:$B,"<0",'Операции'!$C:$C,$A27)-SUMIFS('Операции'!$B:$B,'Операции'!$A:$A,">="&DATE($B$4,7,1),'Операции'!$A:$A,"<"&DATE($B$4,8,1),'Операции'!$B:$B,"<0",'Операции'!$C:$C,$A27,'Операции'!$F:$F,"<>"))) -> 8800 | L27: =IF($A27="","",-(SUMIFS('Операции'!$B:$B,'Операции'!$A:$A,">="&DATE($B$4,8,1),'Операции'!$A:$A,"<"&DATE($B$4,9,1),'Операции'!$B:$B,"<0",'Операции'!$C:$C,$A27)-SUMIFS('Операции'!$B:$B,'Операции'!$A:$A,">="&DATE($B$4,8,1),'Операции'!$A:$A,"<"&DATE($B$4,9,1),'Операции'!$B:$B,"<0",'Операции'!$C:$C,$A27,'Операции'!$F:$F,"<>"))) -> 7950 | M27: =IF($A27="","",-(SUMIFS('Операции'!$B:$B,'Операции'!$A:$A,">="&DATE($B$4,9,1),'Операции'!$A:$A,"<"&DATE($B$4,10,1),'Операции'!$B:$B,"<0",'Операции'!$C:$C,$A27)-SUMIFS('Операции'!$B:$B,'Операции'!$A:$A,">="&DATE($B$4,9,1),'Операции'!$A:$A,"<"&DATE($B$4,10,1),'Операции'!$B:$B,"<0",'Операции'!$C:$C,$A27,'Операции'!$F:$F,"<>"))) -> 5150 | N27: =IF($A27="","",-(SUMIFS('Операции'!$B:$B,'Операции'!$A:$A,">="&DATE($B$4,10,1),'Операции'!$A:$A,"<"&DATE($B$4,11,1),'Операции'!$B:$B,"<0",'Операции'!$C:$C,$A27)-SUMIFS('Операции'!$B:$B,'Операции'!$A:$A,">="&DATE($B$4,10,1),'Операции'!$A:$A,"<"&DATE($B$4,11,1),'Операции'!$B:$B,"<0",'Операции'!$C:$C,$A27,'Операции'!$F:$F,"<>"))) -> 0 | O27: =IF($A27="","",-(SUMIFS('Операции'!$B:$B,'Операции'!$A:$A,">="&DATE($B$4,11,1),'Операции'!$A:$A,"<"&DATE($B$4,12,1),'Операции'!$B:$B,"<0",'Операции'!$C:$C,$A27)-SUMIFS('Операции'!$B:$B,'Операции'!$A:$A,">="&DATE($B$4,11,1),'Операции'!$A:$A,"<"&DATE($B$4,12,1),'Операции'!$B:$B,"<0",'Операции'!$C:$C,$A27,'Операции'!$F:$F,"<>"))) -> 0 | P27: =IF($A27="","",-(SUMIFS('Операции'!$B:$B,'Операции'!$A:$A,">="&DATE($B$4,12,1),'Операции'!$A:$A,"<"&DATE($B$4,13,1),'Операции'!$B:$B,"<0",'Операции'!$C:$C,$A27)-SUMIFS('Операции'!$B:$B,'Операции'!$A:$A,">="&DATE($B$4,12,1),'Операции'!$A:$A,"<"&DATE($B$4,13,1),'Операции'!$B:$B,"<0",'Операции'!$C:$C,$A27,'Операции'!$F:$F,"<>"))) -> 0
A28: =IF('Категории'!$A3="","",'Категории'!$A3) -> Транспорт | B28: =IF($A28="","",SUM(E28:P28)) -> 5240 | C28: =IF(OR($A28="",$B$25=0),"",B28/$B$25) -> 0.070820381 | D28: =IF(OR(C28="",MAX($C$27:$C$56)=0),"",REPT("█",ROUND(C28/MAX($C$27:$C$56)*14,0))) -> ███ | E28: =IF($A28="","",-(SUMIFS('Операции'!$B:$B,'Операции'!$A:$A,">="&DATE($B$4,1,1),'Операции'!$A:$A,"<"&DATE($B$4,2,1),'Операции'!$B:$B,"<0",'Операции'!$C:$C,$A28)-SUMIFS('Операции'!$B:$B,'Операции'!$A:$A,">="&DATE($B$4,1,1),'Операции'!$A:$A,"<"&DATE($B$4,2,1),'Операции'!$B:$B,"<0",'Операции'!$C:$C,$A28,'Операции'!$F:$F,"<>"))) -> 0 | F28: =IF($A28="","",-(SUMIFS('Операции'!$B:$B,'Операции'!$A:$A,">="&DATE($B$4,2,1),'Операции'!$A:$A,"<"&DATE($B$4,3,1),'Операции'!$B:$B,"<0",'Операции'!$C:$C,$A28)-SUMIFS('Операции'!$B:$B,'Операции'!$A:$A,">="&DATE($B$4,2,1),'Операции'!$A:$A,"<"&DATE($B$4,3,1),'Операции'!$B:$B,"<0",'Операции'!$C:$C,$A28,'Операции'!$F:$F,"<>"))) -> 0 | G28: =IF($A28="","",-(SUMIFS('Операции'!$B:$B,'Операции'!$A:$A,">="&DATE($B$4,3,1),'Операции'!$A:$A,"<"&DATE($B$4,4,1),'Операции'!$B:$B,"<0",'Операции'!$C:$C,$A28)-SUMIFS('Операции'!$B:$B,'Операции'!$A:$A,">="&DATE($B$4,3,1),'Операции'!$A:$A,"<"&DATE($B$4,4,1),'Операции'!$B:$B,"<0",'Операции'!$C:$C,$A28,'Операции'!$F:$F,"<>"))) -> 0 | H28: =IF($A28="","",-(SUMIFS('Операции'!$B:$B,'Операции'!$A:$A,">="&DATE($B$4,4,1),'Операции'!$A:$A,"<"&DATE($B$4,5,1),'Операции'!$B:$B,"<0",'Операции'!$C:$C,$A28)-SUMIFS('Операции'!$B:$B,'Операции'!$A:$A,">="&DATE($B$4,4,1),'Операции'!$A:$A,"<"&DATE($B$4,5,1),'Операции'!$B:$B,"<0",'Операции'!$C:$C,$A28,'Операции'!$F:$F,"<>"))) -> 0 | I28: =IF($A28="","",-(SUMIFS('Операции'!$B:$B,'Операции'!$A:$A,">="&DATE($B$4,5,1),'Операции'!$A:$A,"<"&DATE($B$4,6,1),'Операции'!$B:$B,"<0",'Операции'!$C:$C,$A28)-SUMIFS('Операции'!$B:$B,'Операции'!$A:$A,">="&DATE($B$4,5,1),'Операции'!$A:$A,"<"&DATE($B$4,6,1),'Операции'!$B:$B,"<0",'Операции'!$C:$C,$A28,'Операции'!$F:$F,"<>"))) -> 0 | J28: =IF($A28="","",-(SUMIFS('Операции'!$B:$B,'Операции'!$A:$A,">="&DATE($B$4,6,1),'Операции'!$A:$A,"<"&DATE($B$4,7,1),'Операции'!$B:$B,"<0",'Операции'!$C:$C,$A28)-SUMIFS('Операции'!$B:$B,'Операции'!$A:$A,">="&DATE($B$4,6,1),'Операции'!$A:$A,"<"&DATE($B$4,7,1),'Операции'!$B:$B,"<0",'Операции'!$C:$C,$A28,'Операции'!$F:$F,"<>"))) -> 0 | K28: =IF($A28="","",-(SUMIFS('Операции'!$B:$B,'Операции'!$A:$A,">="&DATE($B$4,7,1),'Операции'!$A:$A,"<"&DATE($B$4,8,1),'Операции'!$B:$B,"<0",'Операции'!$C:$C,$A28)-SUMIFS('Операции'!$B:$B,'Операции'!$A:$A,">="&DATE($B$4,7,1),'Операции'!$A:$A,"<"&DATE($B$4,8,1),'Операции'!$B:$B,"<0",'Операции'!$C:$C,$A28,'Операции'!$F:$F,"<>"))) -> 2300 | L28: =IF($A28="","",-(SUMIFS('Операции'!$B:$B,'Операции'!$A:$A,">="&DATE($B$4,8,1),'Операции'!$A:$A,"<"&DATE($B$4,9,1),'Операции'!$B:$B,"<0",'Операции'!$C:$C,$A28)-SUMIFS('Операции'!$B:$B,'Операции'!$A:$A,">="&DATE($B$4,8,1),'Операции'!$A:$A,"<"&DATE($B$4,9,1),'Операции'!$B:$B,"<0",'Операции'!$C:$C,$A28,'Операции'!$F:$F,"<>"))) -> 640 | M28: =IF($A28="","",-(SUMIFS('Операции'!$B:$B,'Операции'!$A:$A,">="&DATE($B$4,9,1),'Операции'!$A:$A,"<"&DATE($B$4,10,1),'Операции'!$B:$B,"<0",'Операции'!$C:$C,$A28)-SUMIFS('Операции'!$B:$B,'Операции'!$A:$A,">="&DATE($B$4,9,1),'Операции'!$A:$A,"<"&DATE($B$4,10,1),'Операции'!$B:$B,"<0",'Операции'!$C:$C,$A28,'Операции'!$F:$F,"<>"))) -> 2300 | N28: =IF($A28="","",-(SUMIFS('Операции'!$B:$B,'Операции'!$A:$A,">="&DATE($B$4,10,1),'Операции'!$A:$A,"<"&DATE($B$4,11,1),'Операции'!$B:$B,"<0",'Операции'!$C:$C,$A28)-SUMIFS('Операции'!$B:$B,'Операции'!$A:$A,">="&DATE($B$4,10,1),'Операции'!$A:$A,"<"&DATE($B$4,11,1),'Операции'!$B:$B,"<0",'Операции'!$C:$C,$A28,'Операции'!$F:$F,"<>"))) -> 0 | O28: =IF($A28="","",-(SUMIFS('Операции'!$B:$B,'Операции'!$A:$A,">="&DATE($B$4,11,1),'Операции'!$A:$A,"<"&DATE($B$4,12,1),'Операции'!$B:$B,"<0",'Операции'!$C:$C,$A28)-SUMIFS('Операции'!$B:$B,'Операции'!$A:$A,">="&DATE($B$4,11,1),'Операции'!$A:$A,"<"&DATE($B$4,12,1),'Операции'!$B:$B,"<0",'Операции'!$C:$C,$A28,'Операции'!$F:$F,"<>"))) -> 0 | P28: =IF($A28="","",-(SUMIFS('Операции'!$B:$B,'Операции'!$A:$A,">="&DATE($B$4,12,1),'Операции'!$A:$A,"<"&DATE($B$4,13,1),'Операции'!$B:$B,"<0",'Операции'!$C:$C,$A28)-SUMIFS('Операции'!$B:$B,'Операции'!$A:$A,">="&DATE($B$4,12,1),'Операции'!$A:$A,"<"&DATE($B$4,13,1),'Операции'!$B:$B,"<0",'Операции'!$C:$C,$A28,'Операции'!$F:$F,"<>"))) -> 0
A29: =IF('Категории'!$A4="","",'Категории'!$A4) -> Жильё | B29: =IF($A29="","",SUM(E29:P29)) -> 24050 | C29: =IF(OR($A29="",$B$25=0),"",B29/$B$25) -> 0.32504392 | D29: =IF(OR(C29="",MAX($C$27:$C$56)=0),"",REPT("█",ROUND(C29/MAX($C$27:$C$56)*14,0))) -> ██████████████ | E29: =IF($A29="","",-(SUMIFS('Операции'!$B:$B,'Операции'!$A:$A,">="&DATE($B$4,1,1),'Операции'!$A:$A,"<"&DATE($B$4,2,1),'Операции'!$B:$B,"<0",'Операции'!$C:$C,$A29)-SUMIFS('Операции'!$B:$B,'Операции'!$A:$A,">="&DATE($B$4,1,1),'Операции'!$A:$A,"<"&DATE($B$4,2,1),'Операции'!$B:$B,"<0",'Операции'!$C:$C,$A29,'Операции'!$F:$F,"<>"))) -> 0 | F29: =IF($A29="","",-(SUMIFS('Операции'!$B:$B,'Операции'!$A:$A,">="&DATE($B$4,2,1),'Операции'!$A:$A,"<"&DATE($B$4,3,1),'Операции'!$B:$B,"<0",'Операции'!$C:$C,$A29)-SUMIFS('Операции'!$B:$B,'Операции'!$A:$A,">="&DATE($B$4,2,1),'Операции'!$A:$A,"<"&DATE($B$4,3,1),'Операции'!$B:$B,"<0",'Операции'!$C:$C,$A29,'Операции'!$F:$F,"<>"))) -> 0 | G29: =IF($A29="","",-(SUMIFS('Операции'!$B:$B,'Операции'!$A:$A,">="&DATE($B$4,3,1),'Операции'!$A:$A,"<"&DATE($B$4,4,1),'Операции'!$B:$B,"<0",'Операции'!$C:$C,$A29)-SUMIFS('Операции'!$B:$B,'Операции'!$A:$A,">="&DATE($B$4,3,1),'Операции'!$A:$A,"<"&DATE($B$4,4,1),'Операции'!$B:$B,"<0",'Операции'!$C:$C,$A29,'Операции'!$F:$F,"<>"))) -> 0 | H29: =IF($A29="","",-(SUMIFS('Операции'!$B:$B,'Операции'!$A:$A,">="&DATE($B$4,4,1),'Операции'!$A:$A,"<"&DATE($B$4,5,1),'Операции'!$B:$B,"<0",'Операции'!$C:$C,$A29)-SUMIFS('Операции'!$B:$B,'Операции'!$A:$A,">="&DATE($B$4,4,1),'Операции'!$A:$A,"<"&DATE($B$4,5,1),'Операции'!$B:$B,"<0",'Операции'!$C:$C,$A29,'Операции'!$F:$F,"<>"))) -> 0 | I29: =IF($A29="","",-(SUMIFS('Операции'!$B:$B,'Операции'!$A:$A,">="&DATE($B$4,5,1),'Операции'!$A:$A,"<"&DATE($B$4,6,1),'Операции'!$B:$B,"<0",'Операции'!$C:$C,$A29)-SUMIFS('Операции'!$B:$B,'Операции'!$A:$A,">="&DATE($B$4,5,1),'Операции'!$A:$A,"<"&DATE($B$4,6,1),'Операции'!$B:$B,"<0",'Операции'!$C:$C,$A29,'Операции'!$F:$F,"<>"))) -> 0 | J29: =IF($A29="","",-(SUMIFS('Операции'!$B:$B,'Операции'!$A:$A,">="&DATE($B$4,6,1),'Операции'!$A:$A,"<"&DATE($B$4,7,1),'Операции'!$B:$B,"<0",'Операции'!$C:$C,$A29)-SUMIFS('Операции'!$B:$B,'Операции'!$A:$A,">="&DATE($B$4,6,1),'Операции'!$A:$A,"<"&DATE($B$4,7,1),'Операции'!$B:$B,"<0",'Операции'!$C:$C,$A29,'Операции'!$F:$F,"<>"))) -> 0 | K29: =IF($A29="","",-(SUMIFS('Операции'!$B:$B,'Операции'!$A:$A,">="&DATE($B$4,7,1),'Операции'!$A:$A,"<"&DATE($B$4,8,1),'Операции'!$B:$B,"<0",'Операции'!$C:$C,$A29)-SUMIFS('Операции'!$B:$B,'Операции'!$A:$A,">="&DATE($B$4,7,1),'Операции'!$A:$A,"<"&DATE($B$4,8,1),'Операции'!$B:$B,"<0",'Операции'!$C:$C,$A29,'Операции'!$F:$F,"<>"))) -> 7900 | L29: =IF($A29="","",-(SUMIFS('Операции'!$B:$B,'Операции'!$A:$A,">="&DATE($B$4,8,1),'Операции'!$A:$A,"<"&DATE($B$4,9,1),'Операции'!$B:$B,"<0",'Операции'!$C:$C,$A29)-SUMIFS('Операции'!$B:$B,'Операции'!$A:$A,">="&DATE($B$4,8,1),'Операции'!$A:$A,"<"&DATE($B$4,9,1),'Операции'!$B:$B,"<0",'Операции'!$C:$C,$A29,'Операции'!$F:$F,"<>"))) -> 8150 | M29: =IF($A29="","",-(SUMIFS('Операции'!$B:$B,'Операции'!$A:$A,">="&DATE($B$4,9,1),'Операции'!$A:$A,"<"&DATE($B$4,10,1),'Операции'!$B:$B,"<0",'Операции'!$C:$C,$A29)-SUMIFS('Операции'!$B:$B,'Операции'!$A:$A,">="&DATE($B$4,9,1),'Операции'!$A:$A,"<"&DATE($B$4,10,1),'Операции'!$B:$B,"<0",'Операции'!$C:$C,$A29,'Операции'!$F:$F,"<>"))) -> 8000 | N29: =IF($A29="","",-(SUMIFS('Операции'!$B:$B,'Операции'!$A:$A,">="&DATE($B$4,10,1),'Операции'!$A:$A,"<"&DATE($B$4,11,1),'Операции'!$B:$B,"<0",'Операции'!$C:$C,$A29)-SUMIFS('Операции'!$B:$B,'Операции'!$A:$A,">="&DATE($B$4,10,1),'Операции'!$A:$A,"<"&DATE($B$4,11,1),'Операции'!$B:$B,"<0",'Операции'!$C:$C,$A29,'Операции'!$F:$F,"<>"))) -> 0 | O29: =IF($A29="","",-(SUMIFS('Операции'!$B:$B,'Операции'!$A:$A,">="&DATE($B$4,11,1),'Операции'!$A:$A,"<"&DATE($B$4,12,1),'Операции'!$B:$B,"<0",'Операции'!$C:$C,$A29)-SUMIFS('Операции'!$B:$B,'Операции'!$A:$A,">="&DATE($B$4,11,1),'Операции'!$A:$A,"<"&DATE($B$4,12,1),'Операции'!$B:$B,"<0",'Операции'!$C:$C,$A29,'Операции'!$F:$F,"<>"))) -> 0 | P29: =IF($A29="","",-(SUMIFS('Операции'!$B:$B,'Операции'!$A:$A,">="&DATE($B$4,12,1),'Операции'!$A:$A,"<"&DATE($B$4,13,1),'Операции'!$B:$B,"<0",'Операции'!$C:$C,$A29)-SUMIFS('Операции'!$B:$B,'Операции'!$A:$A,">="&DATE($B$4,12,1),'Операции'!$A:$A,"<"&DATE($B$4,13,1),'Операции'!$B:$B,"<0",'Операции'!$C:$C,$A29,'Операции'!$F:$F,"<>"))) -> 0
A30: =IF('Категории'!$A5="","",'Категории'!$A5) -> Здоровье | B30: =IF($A30="","",SUM(E30:P30)) -> 2900 | C30: =IF(OR($A30="",$B$25=0),"",B30/$B$25) -> 0.039194486 | D30: =IF(OR(C30="",MAX($C$27:$C$56)=0),"",REPT("█",ROUND(C30/MAX($C$27:$C$56)*14,0))) -> ██ | E30: =IF($A30="","",-(SUMIFS('Операции'!$B:$B,'Операции'!$A:$A,">="&DATE($B$4,1,1),'Операции'!$A:$A,"<"&DATE($B$4,2,1),'Операции'!$B:$B,"<0",'Операции'!$C:$C,$A30)-SUMIFS('Операции'!$B:$B,'Операции'!$A:$A,">="&DATE($B$4,1,1),'Операции'!$A:$A,"<"&DATE($B$4,2,1),'Операции'!$B:$B,"<0",'Операции'!$C:$C,$A30,'Операции'!$F:$F,"<>"))) -> 0 | F30: =IF($A30="","",-(SUMIFS('Операции'!$B:$B,'Операции'!$A:$A,">="&DATE($B$4,2,1),'Операции'!$A:$A,"<"&DATE($B$4,3,1),'Операции'!$B:$B,"<0",'Операции'!$C:$C,$A30)-SUMIFS('Операции'!$B:$B,'Операции'!$A:$A,">="&DATE($B$4,2,1),'Операции'!$A:$A,"<"&DATE($B$4,3,1),'Операции'!$B:$B,"<0",'Операции'!$C:$C,$A30,'Операции'!$F:$F,"<>"))) -> 0 | G30: =IF($A30="","",-(SUMIFS('Операции'!$B:$B,'Операции'!$A:$A,">="&DATE($B$4,3,1),'Операции'!$A:$A,"<"&DATE($B$4,4,1),'Операции'!$B:$B,"<0",'Операции'!$C:$C,$A30)-SUMIFS('Операции'!$B:$B,'Операции'!$A:$A,">="&DATE($B$4,3,1),'Операции'!$A:$A,"<"&DATE($B$4,4,1),'Операции'!$B:$B,"<0",'Операции'!$C:$C,$A30,'Операции'!$F:$F,"<>"))) -> 0 | H30: =IF($A30="","",-(SUMIFS('Операции'!$B:$B,'Операции'!$A:$A,">="&DATE($B$4,4,1),'Операции'!$A:$A,"<"&DATE($B$4,5,1),'Операции'!$B:$B,"<0",'Операции'!$C:$C,$A30)-SUMIFS('Операции'!$B:$B,'Операции'!$A:$A,">="&DATE($B$4,4,1),'Операции'!$A:$A,"<"&DATE($B$4,5,1),'Операции'!$B:$B,"<0",'Операции'!$C:$C,$A30,'Операции'!$F:$F,"<>"))) -> 0 | I30: =IF($A30="","",-(SUMIFS('Операции'!$B:$B,'Операции'!$A:$A,">="&DATE($B$4,5,1),'Операции'!$A:$A,"<"&DATE($B$4,6,1),'Операции'!$B:$B,"<0",'Операции'!$C:$C,$A30)-SUMIFS('Операции'!$B:$B,'Операции'!$A:$A,">="&DATE($B$4,5,1),'Операции'!$A:$A,"<"&DATE($B$4,6,1),'Операции'!$B:$B,"<0",'Операции'!$C:$C,$A30,'Операции'!$F:$F,"<>"))) -> 0 | J30: =IF($A30="","",-(SUMIFS('Операции'!$B:$B,'Операции'!$A:$A,">="&DATE($B$4,6,1),'Операции'!$A:$A,"<"&DATE($B$4,7,1),'Операции'!$B:$B,"<0",'Операции'!$C:$C,$A30)-SUMIFS('Операции'!$B:$B,'Операции'!$A:$A,">="&DATE($B$4,6,1),'Операции'!$A:$A,"<"&DATE($B$4,7,1),'Операции'!$B:$B,"<0",'Операции'!$C:$C,$A30,'Операции'!$F:$F,"<>"))) -> 0 | K30: =IF($A30="","",-(SUMIFS('Операции'!$B:$B,'Операции'!$A:$A,">="&DATE($B$4,7,1),'Операции'!$A:$A,"<"&DATE($B$4,8,1),'Операции'!$B:$B,"<0",'Операции'!$C:$C,$A30)-SUMIFS('Операции'!$B:$B,'Операции'!$A:$A,">="&DATE($B$4,7,1),'Операции'!$A:$A,"<"&DATE($B$4,8,1),'Операции'!$B:$B,"<0",'Операции'!$C:$C,$A30,'Операции'!$F:$F,"<>"))) -> 2900 | L30: =IF($A30="","",-(SUMIFS('Операции'!$B:$B,'Операции'!$A:$A,">="&DATE($B$4,8,1),'Операции'!$A:$A,"<"&DATE($B$4,9,1),'Операции'!$B:$B,"<0",'Операции'!$C:$C,$A30)-SUMIFS('Операции'!$B:$B,'Операции'!$A:$A,">="&DATE($B$4,8,1),'Операции'!$A:$A,"<"&DATE($B$4,9,1),'Операции'!$B:$B,"<0",'Операции'!$C:$C,$A30,'Операции'!$F:$F,"<>"))) -> 0 | M30: =IF($A30="","",-(SUMIFS('Операции'!$B:$B,'Операции'!$A:$A,">="&DATE($B$4,9,1),'Операции'!$A:$A,"<"&DATE($B$4,10,1),'Операции'!$B:$B,"<0",'Операции'!$C:$C,$A30)-SUMIFS('Операции'!$B:$B,'Операции'!$A:$A,">="&DATE($B$4,9,1),'Операции'!$A:$A,"<"&DATE($B$4,10,1),'Операции'!$B:$B,"<0",'Операции'!$C:$C,$A30,'Операции'!$F:$F,"<>"))) -> 0 | N30: =IF($A30="","",-(SUMIFS('Операции'!$B:$B,'Операции'!$A:$A,">="&DATE($B$4,10,1),'Операции'!$A:$A,"<"&DATE($B$4,11,1),'Операции'!$B:$B,"<0",'Операции'!$C:$C,$A30)-SUMIFS('Операции'!$B:$B,'Операции'!$A:$A,">="&DATE($B$4,10,1),'Операции'!$A:$A,"<"&DATE($B$4,11,1),'Операции'!$B:$B,"<0",'Операции'!$C:$C,$A30,'Операции'!$F:$F,"<>"))) -> 0 | O30: =IF($A30="","",-(SUMIFS('Операции'!$B:$B,'Операции'!$A:$A,">="&DATE($B$4,11,1),'Операции'!$A:$A,"<"&DATE($B$4,12,1),'Операции'!$B:$B,"<0",'Операции'!$C:$C,$A30)-SUMIFS('Операции'!$B:$B,'Операции'!$A:$A,">="&DATE($B$4,11,1),'Операции'!$A:$A,"<"&DATE($B$4,12,1),'Операции'!$B:$B,"<0",'Операции'!$C:$C,$A30,'Операции'!$F:$F,"<>"))) -> 0 | P30: =IF($A30="","",-(SUMIFS('Операции'!$B:$B,'Операции'!$A:$A,">="&DATE($B$4,12,1),'Операции'!$A:$A,"<"&DATE($B$4,13,1),'Операции'!$B:$B,"<0",'Операции'!$C:$C,$A30)-SUMIFS('Операции'!$B:$B,'Операции'!$A:$A,">="&DATE($B$4,12,1),'Операции'!$A:$A,"<"&DATE($B$4,13,1),'Операции'!$B:$B,"<0",'Операции'!$C:$C,$A30,'Операции'!$F:$F,"<>"))) -> 0
A31: =IF('Категории'!$A6="","",'Категории'!$A6) -> Покупки | B31: =IF($A31="","",SUM(E31:P31)) -> 7500 | C31: =IF(OR($A31="",$B$25=0),"",B31/$B$25) -> 0.10136505 | D31: =IF(OR(C31="",MAX($C$27:$C$56)=0),"",REPT("█",ROUND(C31/MAX($C$27:$C$56)*14,0))) -> ████ | E31: =IF($A31="","",-(SUMIFS('Операции'!$B:$B,'Операции'!$A:$A,">="&DATE($B$4,1,1),'Операции'!$A:$A,"<"&DATE($B$4,2,1),'Операции'!$B:$B,"<0",'Операции'!$C:$C,$A31)-SUMIFS('Операции'!$B:$B,'Операции'!$A:$A,">="&DATE($B$4,1,1),'Операции'!$A:$A,"<"&DATE($B$4,2,1),'Операции'!$B:$B,"<0",'Операции'!$C:$C,$A31,'Операции'!$F:$F,"<>"))) -> 0 | F31: =IF($A31="","",-(SUMIFS('Операции'!$B:$B,'Операции'!$A:$A,">="&DATE($B$4,2,1),'Операции'!$A:$A,"<"&DATE($B$4,3,1),'Операции'!$B:$B,"<0",'Операции'!$C:$C,$A31)-SUMIFS('Операции'!$B:$B,'Операции'!$A:$A,">="&DATE($B$4,2,1),'Операции'!$A:$A,"<"&DATE($B$4,3,1),'Операции'!$B:$B,"<0",'Операции'!$C:$C,$A31,'Операции'!$F:$F,"<>"))) -> 0 | G31: =IF($A31="","",-(SUMIFS('Операции'!$B:$B,'Операции'!$A:$A,">="&DATE($B$4,3,1),'Операции'!$A:$A,"<"&DATE($B$4,4,1),'Операции'!$B:$B,"<0",'Операции'!$C:$C,$A31)-SUMIFS('Операции'!$B:$B,'Операции'!$A:$A,">="&DATE($B$4,3,1),'Операции'!$A:$A,"<"&DATE($B$4,4,1),'Операции'!$B:$B,"<0",'Операции'!$C:$C,$A31,'Операции'!$F:$F,"<>"))) -> 0 | H31: =IF($A31="","",-(SUMIFS('Операции'!$B:$B,'Операции'!$A:$A,">="&DATE($B$4,4,1),'Операции'!$A:$A,"<"&DATE($B$4,5,1),'Операции'!$B:$B,"<0",'Операции'!$C:$C,$A31)-SUMIFS('Операции'!$B:$B,'Операции'!$A:$A,">="&DATE($B$4,4,1),'Операции'!$A:$A,"<"&DATE($B$4,5,1),'Операции'!$B:$B,"<0",'Операции'!$C:$C,$A31,'Операции'!$F:$F,"<>"))) -> 0 | I31: =IF($A31="","",-(SUMIFS('Операции'!$B:$B,'Операции'!$A:$A,">="&DATE($B$4,5,1),'Операции'!$A:$A,"<"&DATE($B$4,6,1),'Операции'!$B:$B,"<0",'Операции'!$C:$C,$A31)-SUMIFS('Операции'!$B:$B,'Операции'!$A:$A,">="&DATE($B$4,5,1),'Операции'!$A:$A,"<"&DATE($B$4,6,1),'Операции'!$B:$B,"<0",'Операции'!$C:$C,$A31,'Операции'!$F:$F,"<>"))) -> 0 | J31: =IF($A31="","",-(SUMIFS('Операции'!$B:$B,'Операции'!$A:$A,">="&DATE($B$4,6,1),'Операции'!$A:$A,"<"&DATE($B$4,7,1),'Операции'!$B:$B,"<0",'Операции'!$C:$C,$A31)-SUMIFS('Операции'!$B:$B,'Операции'!$A:$A,">="&DATE($B$4,6,1),'Операции'!$A:$A,"<"&DATE($B$4,7,1),'Операции'!$B:$B,"<0",'Операции'!$C:$C,$A31,'Операции'!$F:$F,"<>"))) -> 0 | K31: =IF($A31="","",-(SUMIFS('Операции'!$B:$B,'Операции'!$A:$A,">="&DATE($B$4,7,1),'Операции'!$A:$A,"<"&DATE($B$4,8,1),'Операции'!$B:$B,"<0",'Операции'!$C:$C,$A31)-SUMIFS('Операции'!$B:$B,'Операции'!$A:$A,">="&DATE($B$4,7,1),'Операции'!$A:$A,"<"&DATE($B$4,8,1),'Операции'!$B:$B,"<0",'Операции'!$C:$C,$A31,'Операции'!$F:$F,"<>"))) -> 0 | L31: =IF($A31="","",-(SUMIFS('Операции'!$B:$B,'Операции'!$A:$A,">="&DATE($B$4,8,1),'Операции'!$A:$A,"<"&DATE($B$4,9,1),'Операции'!$B:$B,"<0",'Операции'!$C:$C,$A31)-SUMIFS('Операции'!$B:$B,'Операции'!$A:$A,">="&DATE($B$4,8,1),'Операции'!$A:$A,"<"&DATE($B$4,9,1),'Операции'!$B:$B,"<0",'Операции'!$C:$C,$A31,'Операции'!$F:$F,"<>"))) -> 7500 | M31: =IF($A31="","",-(SUMIFS('Операции'!$B:$B,'Операции'!$A:$A,">="&DATE($B$4,9,1),'Операции'!$A:$A,"<"&DATE($B$4,10,1),'Операции'!$B:$B,"<0",'Операции'!$C:$C,$A31)-SUMIFS('Операции'!$B:$B,'Операции'!$A:$A,">="&DATE($B$4,9,1),'Операции'!$A:$A,"<"&DATE($B$4,10,1),'Операции'!$B:$B,"<0",'Операции'!$C:$C,$A31,'Операции'!$F:$F,"<>"))) -> 0 | N31: =IF($A31="","",-(SUMIFS('Операции'!$B:$B,'Операции'!$A:$A,">="&DATE($B$4,10,1),'Операции'!$A:$A,"<"&DATE($B$4,11,1),'Операции'!$B:$B,"<0",'Операции'!$C:$C,$A31)-SUMIFS('Операции'!$B:$B,'Операции'!$A:$A,">="&DATE($B$4,10,1),'Операции'!$A:$A,"<"&DATE($B$4,11,1),'Операции'!$B:$B,"<0",'Операции'!$C:$C,$A31,'Операции'!$F:$F,"<>"))) -> 0 | O31: =IF($A31="","",-(SUMIFS('Операции'!$B:$B,'Операции'!$A:$A,">="&DATE($B$4,11,1),'Операции'!$A:$A,"<"&DATE($B$4,12,1),'Операции'!$B:$B,"<0",'Операции'!$C:$C,$A31)-SUMIFS('Операции'!$B:$B,'Операции'!$A:$A,">="&DATE($B$4,11,1),'Операции'!$A:$A,"<"&DATE($B$4,12,1),'Операции'!$B:$B,"<0",'Операции'!$C:$C,$A31,'Операции'!$F:$F,"<>"))) -> 0 | P31: =IF($A31="","",-(SUMIFS('Операции'!$B:$B,'Операции'!$A:$A,">="&DATE($B$4,12,1),'Операции'!$A:$A,"<"&DATE($B$4,13,1),'Операции'!$B:$B,"<0",'Операции'!$C:$C,$A31)-SUMIFS('Операции'!$B:$B,'Операции'!$A:$A,">="&DATE($B$4,12,1),'Операции'!$A:$A,"<"&DATE($B$4,13,1),'Операции'!$B:$B,"<0",'Операции'!$C:$C,$A31,'Операции'!$F:$F,"<>"))) -> 0
A32: =IF('Категории'!$A7="","",'Категории'!$A7) -> Развлечения | B32: =IF($A32="","",SUM(E32:P32)) -> 1800 | C32: =IF(OR($A32="",$B$25=0),"",B32/$B$25) -> 0.024327612 | D32: =IF(OR(C32="",MAX($C$27:$C$56)=0),"",REPT("█",ROUND(C32/MAX($C$27:$C$56)*14,0))) -> █ | E32: =IF($A32="","",-(SUMIFS('Операции'!$B:$B,'Операции'!$A:$A,">="&DATE($B$4,1,1),'Операции'!$A:$A,"<"&DATE($B$4,2,1),'Операции'!$B:$B,"<0",'Операции'!$C:$C,$A32)-SUMIFS('Операции'!$B:$B,'Операции'!$A:$A,">="&DATE($B$4,1,1),'Операции'!$A:$A,"<"&DATE($B$4,2,1),'Операции'!$B:$B,"<0",'Операции'!$C:$C,$A32,'Операции'!$F:$F,"<>"))) -> 0 | F32: =IF($A32="","",-(SUMIFS('Операции'!$B:$B,'Операции'!$A:$A,">="&DATE($B$4,2,1),'Операции'!$A:$A,"<"&DATE($B$4,3,1),'Операции'!$B:$B,"<0",'Операции'!$C:$C,$A32)-SUMIFS('Операции'!$B:$B,'Операции'!$A:$A,">="&DATE($B$4,2,1),'Операции'!$A:$A,"<"&DATE($B$4,3,1),'Операции'!$B:$B,"<0",'Операции'!$C:$C,$A32,'Операции'!$F:$F,"<>"))) -> 0 | G32: =IF($A32="","",-(SUMIFS('Операции'!$B:$B,'Операции'!$A:$A,">="&DATE($B$4,3,1),'Операции'!$A:$A,"<"&DATE($B$4,4,1),'Операции'!$B:$B,"<0",'Операции'!$C:$C,$A32)-SUMIFS('Операции'!$B:$B,'Операции'!$A:$A,">="&DATE($B$4,3,1),'Операции'!$A:$A,"<"&DATE($B$4,4,1),'Операции'!$B:$B,"<0",'Операции'!$C:$C,$A32,'Операции'!$F:$F,"<>"))) -> 0 | H32: =IF($A32="","",-(SUMIFS('Операции'!$B:$B,'Операции'!$A:$A,">="&DATE($B$4,4,1),'Операции'!$A:$A,"<"&DATE($B$4,5,1),'Операции'!$B:$B,"<0",'Операции'!$C:$C,$A32)-SUMIFS('Операции'!$B:$B,'Операции'!$A:$A,">="&DATE($B$4,4,1),'Операции'!$A:$A,"<"&DATE($B$4,5,1),'Операции'!$B:$B,"<0",'Операции'!$C:$C,$A32,'Операции'!$F:$F,"<>"))) -> 0 | I32: =IF($A32="","",-(SUMIFS('Операции'!$B:$B,'Операции'!$A:$A,">="&DATE($B$4,5,1),'Операции'!$A:$A,"<"&DATE($B$4,6,1),'Операции'!$B:$B,"<0",'Операции'!$C:$C,$A32)-SUMIFS('Операции'!$B:$B,'Операции'!$A:$A,">="&DATE($B$4,5,1),'Операции'!$A:$A,"<"&DATE($B$4,6,1),'Операции'!$B:$B,"<0",'Операции'!$C:$C,$A32,'Операции'!$F:$F,"<>"))) -> 0 | J32: =IF($A32="","",-(SUMIFS('Операции'!$B:$B,'Операции'!$A:$A,">="&DATE($B$4,6,1),'Операции'!$A:$A,"<"&DATE($B$4,7,1),'Операции'!$B:$B,"<0",'Операции'!$C:$C,$A32)-SUMIFS('Операции'!$B:$B,'Операции'!$A:$A,">="&DATE($B$4,6,1),'Операции'!$A:$A,"<"&DATE($B$4,7,1),'Операции'!$B:$B,"<0",'Операции'!$C:$C,$A32,'Операции'!$F:$F,"<>"))) -> 0 | K32: =IF($A32="","",-(SUMIFS('Операции'!$B:$B,'Операции'!$A:$A,">="&DATE($B$4,7,1),'Операции'!$A:$A,"<"&DATE($B$4,8,1),'Операции'!$B:$B,"<0",'Операции'!$C:$C,$A32)-SUMIFS('Операции'!$B:$B,'Операции'!$A:$A,">="&DATE($B$4,7,1),'Операции'!$A:$A,"<"&DATE($B$4,8,1),'Операции'!$B:$B,"<0",'Операции'!$C:$C,$A32,'Операции'!$F:$F,"<>"))) -> 1800 | L32: =IF($A32="","",-(SUMIFS('Операции'!$B:$B,'Операции'!$A:$A,">="&DATE($B$4,8,1),'Операции'!$A:$A,"<"&DATE($B$4,9,1),'Операции'!$B:$B,"<0",'Операции'!$C:$C,$A32)-SUMIFS('Операции'!$B:$B,'Операции'!$A:$A,">="&DATE($B$4,8,1),'Операции'!$A:$A,"<"&DATE($B$4,9,1),'Операции'!$B:$B,"<0",'Операции'!$C:$C,$A32,'Операции'!$F:$F,"<>"))) -> 0 | M32: =IF($A32="","",-(SUMIFS('Операции'!$B:$B,'Операции'!$A:$A,">="&DATE($B$4,9,1),'Операции'!$A:$A,"<"&DATE($B$4,10,1),'Операции'!$B:$B,"<0",'Операции'!$C:$C,$A32)-SUMIFS('Операции'!$B:$B,'Операции'!$A:$A,">="&DATE($B$4,9,1),'Операции'!$A:$A,"<"&DATE($B$4,10,1),'Операции'!$B:$B,"<0",'Операции'!$C:$C,$A32,'Операции'!$F:$F,"<>"))) -> 0 | N32: =IF($A32="","",-(SUMIFS('Операции'!$B:$B,'Операции'!$A:$A,">="&DATE($B$4,10,1),'Операции'!$A:$A,"<"&DATE($B$4,11,1),'Операции'!$B:$B,"<0",'Операции'!$C:$C,$A32)-SUMIFS('Операции'!$B:$B,'Операции'!$A:$A,">="&DATE($B$4,10,1),'Операции'!$A:$A,"<"&DATE($B$4,11,1),'Операции'!$B:$B,"<0",'Операции'!$C:$C,$A32,'Операции'!$F:$F,"<>"))) -> 0 | O32: =IF($A32="","",-(SUMIFS('Операции'!$B:$B,'Операции'!$A:$A,">="&DATE($B$4,11,1),'Операции'!$A:$A,"<"&DATE($B$4,12,1),'Операции'!$B:$B,"<0",'Операции'!$C:$C,$A32)-SUMIFS('Операции'!$B:$B,'Операции'!$A:$A,">="&DATE($B$4,11,1),'Операции'!$A:$A,"<"&DATE($B$4,12,1),'Операции'!$B:$B,"<0",'Операции'!$C:$C,$A32,'Операции'!$F:$F,"<>"))) -> 0 | P32: =IF($A32="","",-(SUMIFS('Операции'!$B:$B,'Операции'!$A:$A,">="&DATE($B$4,12,1),'Операции'!$A:$A,"<"&DATE($B$4,13,1),'Операции'!$B:$B,"<0",'Операции'!$C:$C,$A32)-SUMIFS('Операции'!$B:$B,'Операции'!$A:$A,">="&DATE($B$4,12,1),'Операции'!$A:$A,"<"&DATE($B$4,13,1),'Операции'!$B:$B,"<0",'Операции'!$C:$C,$A32,'Операции'!$F:$F,"<>"))) -> 0
A33: =IF('Категории'!$A8="","",'Категории'!$A8) -> Образование | B33: =IF($A33="","",SUM(E33:P33)) -> 2400 | C33: =IF(OR($A33="",$B$25=0),"",B33/$B$25) -> 0.032436816 | D33: =IF(OR(C33="",MAX($C$27:$C$56)=0),"",REPT("█",ROUND(C33/MAX($C$27:$C$56)*14,0))) -> █ | E33: =IF($A33="","",-(SUMIFS('Операции'!$B:$B,'Операции'!$A:$A,">="&DATE($B$4,1,1),'Операции'!$A:$A,"<"&DATE($B$4,2,1),'Операции'!$B:$B,"<0",'Операции'!$C:$C,$A33)-SUMIFS('Операции'!$B:$B,'Операции'!$A:$A,">="&DATE($B$4,1,1),'Операции'!$A:$A,"<"&DATE($B$4,2,1),'Операции'!$B:$B,"<0",'Операции'!$C:$C,$A33,'Операции'!$F:$F,"<>"))) -> 0 | F33: =IF($A33="","",-(SUMIFS('Операции'!$B:$B,'Операции'!$A:$A,">="&DATE($B$4,2,1),'Операции'!$A:$A,"<"&DATE($B$4,3,1),'Операции'!$B:$B,"<0",'Операции'!$C:$C,$A33)-SUMIFS('Операции'!$B:$B,'Операции'!$A:$A,">="&DATE($B$4,2,1),'Операции'!$A:$A,"<"&DATE($B$4,3,1),'Операции'!$B:$B,"<0",'Операции'!$C:$C,$A33,'Операции'!$F:$F,"<>"))) -> 0 | G33: =IF($A33="","",-(SUMIFS('Операции'!$B:$B,'Операции'!$A:$A,">="&DATE($B$4,3,1),'Операции'!$A:$A,"<"&DATE($B$4,4,1),'Операции'!$B:$B,"<0",'Операции'!$C:$C,$A33)-SUMIFS('Операции'!$B:$B,'Операции'!$A:$A,">="&DATE($B$4,3,1),'Операции'!$A:$A,"<"&DATE($B$4,4,1),'Операции'!$B:$B,"<0",'Операции'!$C:$C,$A33,'Операции'!$F:$F,"<>"))) -> 0 | H33: =IF($A33="","",-(SUMIFS('Операции'!$B:$B,'Операции'!$A:$A,">="&DATE($B$4,4,1),'Операции'!$A:$A,"<"&DATE($B$4,5,1),'Операции'!$B:$B,"<0",'Операции'!$C:$C,$A33)-SUMIFS('Операции'!$B:$B,'Операции'!$A:$A,">="&DATE($B$4,4,1),'Операции'!$A:$A,"<"&DATE($B$4,5,1),'Операции'!$B:$B,"<0",'Операции'!$C:$C,$A33,'Операции'!$F:$F,"<>"))) -> 0 | I33: =IF($A33="","",-(SUMIFS('Операции'!$B:$B,'Операции'!$A:$A,">="&DATE($B$4,5,1),'Операции'!$A:$A,"<"&DATE($B$4,6,1),'Операции'!$B:$B,"<0",'Операции'!$C:$C,$A33)-SUMIFS('Операции'!$B:$B,'Операции'!$A:$A,">="&DATE($B$4,5,1),'Операции'!$A:$A,"<"&DATE($B$4,6,1),'Операции'!$B:$B,"<0",'Операции'!$C:$C,$A33,'Операции'!$F:$F,"<>"))) -> 0 | J33: =IF($A33="","",-(SUMIFS('Операции'!$B:$B,'Операции'!$A:$A,">="&DATE($B$4,6,1),'Операции'!$A:$A,"<"&DATE($B$4,7,1),'Операции'!$B:$B,"<0",'Операции'!$C:$C,$A33)-SUMIFS('Операции'!$B:$B,'Операции'!$A:$A,">="&DATE($B$4,6,1),'Операции'!$A:$A,"<"&DATE($B$4,7,1),'Операции'!$B:$B,"<0",'Операции'!$C:$C,$A33,'Операции'!$F:$F,"<>"))) -> 0 | K33: =IF($A33="","",-(SUMIFS('Операции'!$B:$B,'Операции'!$A:$A,">="&DATE($B$4,7,1),'Операции'!$A:$A,"<"&DATE($B$4,8,1),'Операции'!$B:$B,"<0",'Операции'!$C:$C,$A33)-SUMIFS('Операции'!$B:$B,'Операции'!$A:$A,">="&DATE($B$4,7,1),'Операции'!$A:$A,"<"&DATE($B$4,8,1),'Операции'!$B:$B,"<0",'Операции'!$C:$C,$A33,'Операции'!$F:$F,"<>"))) -> 0 | L33: =IF($A33="","",-(SUMIFS('Операции'!$B:$B,'Операции'!$A:$A,">="&DATE($B$4,8,1),'Операции'!$A:$A,"<"&DATE($B$4,9,1),'Операции'!$B:$B,"<0",'Операции'!$C:$C,$A33)-SUMIFS('Операции'!$B:$B,'Операции'!$A:$A,">="&DATE($B$4,8,1),'Операции'!$A:$A,"<"&DATE($B$4,9,1),'Операции'!$B:$B,"<0",'Операции'!$C:$C,$A33,'Операции'!$F:$F,"<>"))) -> 0 | M33: =IF($A33="","",-(SUMIFS('Операции'!$B:$B,'Операции'!$A:$A,">="&DATE($B$4,9,1),'Операции'!$A:$A,"<"&DATE($B$4,10,1),'Операции'!$B:$B,"<0",'Операции'!$C:$C,$A33)-SUMIFS('Операции'!$B:$B,'Операции'!$A:$A,">="&DATE($B$4,9,1),'Операции'!$A:$A,"<"&DATE($B$4,10,1),'Операции'!$B:$B,"<0",'Операции'!$C:$C,$A33,'Операции'!$F:$F,"<>"))) -> 2400 | N33: =IF($A33="","",-(SUMIFS('Операции'!$B:$B,'Операции'!$A:$A,">="&DATE($B$4,10,1),'Операции'!$A:$A,"<"&DATE($B$4,11,1),'Операции'!$B:$B,"<0",'Операции'!$C:$C,$A33)-SUMIFS('Операции'!$B:$B,'Операции'!$A:$A,">="&DATE($B$4,10,1),'Операции'!$A:$A,"<"&DATE($B$4,11,1),'Операции'!$B:$B,"<0",'Операции'!$C:$C,$A33,'Операции'!$F:$F,"<>"))) -> 0 | O33: =IF($A33="","",-(SUMIFS('Операции'!$B:$B,'Операции'!$A:$A,">="&DATE($B$4,11,1),'Операции'!$A:$A,"<"&DATE($B$4,12,1),'Операции'!$B:$B,"<0",'Операции'!$C:$C,$A33)-SUMIFS('Операции'!$B:$B,'Операции'!$A:$A,">="&DATE($B$4,11,1),'Операции'!$A:$A,"<"&DATE($B$4,12,1),'Операции'!$B:$B,"<0",'Операции'!$C:$C,$A33,'Операции'!$F:$F,"<>"))) -> 0 | P33: =IF($A33="","",-(SUMIFS('Операции'!$B:$B,'Операции'!$A:$A,">="&DATE($B$4,12,1),'Операции'!$A:$A,"<"&DATE($B$4,13,1),'Операции'!$B:$B,"<0",'Операции'!$C:$C,$A33)-SUMIFS('Операции'!$B:$B,'Операции'!$A:$A,">="&DATE($B$4,12,1),'Операции'!$A:$A,"<"&DATE($B$4,13,1),'Операции'!$B:$B,"<0",'Операции'!$C:$C,$A33,'Операции'!$F:$F,"<>"))) -> 0
A34: =IF('Категории'!$A9="","",'Категории'!$A9) -> Дети | B34: =IF($A34="","",SUM(E34:P34)) -> 5200 | C34: =IF(OR($A34="",$B$25=0),"",B34/$B$25) -> 0.070279768 | D34: =IF(OR(C34="",MAX($C$27:$C$56)=0),"",REPT("█",ROUND(C34/MAX($C$27:$C$56)*14,0))) -> ███ | E34: =IF($A34="","",-(SUMIFS('Операции'!$B:$B,'Операции'!$A:$A,">="&DATE($B$4,1,1),'Операции'!$A:$A,"<"&DATE($B$4,2,1),'Операции'!$B:$B,"<0",'Операции'!$C:$C,$A34)-SUMIFS('Операции'!$B:$B,'Операции'!$A:$A,">="&DATE($B$4,1,1),'Операции'!$A:$A,"<"&DATE($B$4,2,1),'Операции'!$B:$B,"<0",'Операции'!$C:$C,$A34,'Операции'!$F:$F,"<>"))) -> 0 | F34: =IF($A34="","",-(SUMIFS('Операции'!$B:$B,'Операции'!$A:$A,">="&DATE($B$4,2,1),'Операции'!$A:$A,"<"&DATE($B$4,3,1),'Операции'!$B:$B,"<0",'Операции'!$C:$C,$A34)-SUMIFS('Операции'!$B:$B,'Операции'!$A:$A,">="&DATE($B$4,2,1),'Операции'!$A:$A,"<"&DATE($B$4,3,1),'Операции'!$B:$B,"<0",'Операции'!$C:$C,$A34,'Операции'!$F:$F,"<>"))) -> 0 | G34: =IF($A34="","",-(SUMIFS('Операции'!$B:$B,'Операции'!$A:$A,">="&DATE($B$4,3,1),'Операции'!$A:$A,"<"&DATE($B$4,4,1),'Операции'!$B:$B,"<0",'Операции'!$C:$C,$A34)-SUMIFS('Операции'!$B:$B,'Операции'!$A:$A,">="&DATE($B$4,3,1),'Операции'!$A:$A,"<"&DATE($B$4,4,1),'Операции'!$B:$B,"<0",'Операции'!$C:$C,$A34,'Операции'!$F:$F,"<>"))) -> 0 | H34: =IF($A34="","",-(SUMIFS('Операции'!$B:$B,'Операции'!$A:$A,">="&DATE($B$4,4,1),'Операции'!$A:$A,"<"&DATE($B$4,5,1),'Операции'!$B:$B,"<0",'Операции'!$C:$C,$A34)-SUMIFS('Операции'!$B:$B,'Операции'!$A:$A,">="&DATE($B$4,4,1),'Операции'!$A:$A,"<"&DATE($B$4,5,1),'Операции'!$B:$B,"<0",'Операции'!$C:$C,$A34,'Операции'!$F:$F,"<>"))) -> 0 | I34: =IF($A34="","",-(SUMIFS('Операции'!$B:$B,'Операции'!$A:$A,">="&DATE($B$4,5,1),'Операции'!$A:$A,"<"&DATE($B$4,6,1),'Операции'!$B:$B,"<0",'Операции'!$C:$C,$A34)-SUMIFS('Операции'!$B:$B,'Операции'!$A:$A,">="&DATE($B$4,5,1),'Операции'!$A:$A,"<"&DATE($B$4,6,1),'Операции'!$B:$B,"<0",'Операции'!$C:$C,$A34,'Операции'!$F:$F,"<>"))) -> 0 | J34: =IF($A34="","",-(SUMIFS('Операции'!$B:$B,'Операции'!$A:$A,">="&DATE($B$4,6,1),'Операции'!$A:$A,"<"&DATE($B$4,7,1),'Операции'!$B:$B,"<0",'Операции'!$C:$C,$A34)-SUMIFS('Операции'!$B:$B,'Операции'!$A:$A,">="&DATE($B$4,6,1),'Операции'!$A:$A,"<"&DATE($B$4,7,1),'Операции'!$B:$B,"<0",'Операции'!$C:$C,$A34,'Операции'!$F:$F,"<>"))) -> 0 | K34: =IF($A34="","",-(SUMIFS('Операции'!$B:$B,'Операции'!$A:$A,">="&DATE($B$4,7,1),'Операции'!$A:$A,"<"&DATE($B$4,8,1),'Операции'!$B:$B,"<0",'Операции'!$C:$C,$A34)-SUMIFS('Операции'!$B:$B,'Операции'!$A:$A,">="&DATE($B$4,7,1),'Операции'!$A:$A,"<"&DATE($B$4,8,1),'Операции'!$B:$B,"<0",'Операции'!$C:$C,$A34,'Операции'!$F:$F,"<>"))) -> 0 | L34: =IF($A34="","",-(SUMIFS('Операции'!$B:$B,'Операции'!$A:$A,">="&DATE($B$4,8,1),'Операции'!$A:$A,"<"&DATE($B$4,9,1),'Операции'!$B:$B,"<0",'Операции'!$C:$C,$A34)-SUMIFS('Операции'!$B:$B,'Операции'!$A:$A,">="&DATE($B$4,8,1),'Операции'!$A:$A,"<"&DATE($B$4,9,1),'Операции'!$B:$B,"<0",'Операции'!$C:$C,$A34,'Операции'!$F:$F,"<>"))) -> 5200 | M34: =IF($A34="","",-(SUMIFS('Операции'!$B:$B,'Операции'!$A:$A,">="&DATE($B$4,9,1),'Операции'!$A:$A,"<"&DATE($B$4,10,1),'Операции'!$B:$B,"<0",'Операции'!$C:$C,$A34)-SUMIFS('Операции'!$B:$B,'Операции'!$A:$A,">="&DATE($B$4,9,1),'Операции'!$A:$A,"<"&DATE($B$4,10,1),'Операции'!$B:$B,"<0",'Операции'!$C:$C,$A34,'Операции'!$F:$F,"<>"))) -> 0 | N34: =IF($A34="","",-(SUMIFS('Операции'!$B:$B,'Операции'!$A:$A,">="&DATE($B$4,10,1),'Операции'!$A:$A,"<"&DATE($B$4,11,1),'Операции'!$B:$B,"<0",'Операции'!$C:$C,$A34)-SUMIFS('Операции'!$B:$B,'Операции'!$A:$A,">="&DATE($B$4,10,1),'Операции'!$A:$A,"<"&DATE($B$4,11,1),'Операции'!$B:$B,"<0",'Операции'!$C:$C,$A34,'Операции'!$F:$F,"<>"))) -> 0 | O34: =IF($A34="","",-(SUMIFS('Операции'!$B:$B,'Операции'!$A:$A,">="&DATE($B$4,11,1),'Операции'!$A:$A,"<"&DATE($B$4,12,1),'Операции'!$B:$B,"<0",'Операции'!$C:$C,$A34)-SUMIFS('Операции'!$B:$B,'Операции'!$A:$A,">="&DATE($B$4,11,1),'Операции'!$A:$A,"<"&DATE($B$4,12,1),'Операции'!$B:$B,"<0",'Операции'!$C:$C,$A34,'Операции'!$F:$F,"<>"))) -> 0 | P34: =IF($A34="","",-(SUMIFS('Операции'!$B:$B,'Операции'!$A:$A,">="&DATE($B$4,12,1),'Операции'!$A:$A,"<"&DATE($B$4,13,1),'Операции'!$B:$B,"<0",'Операции'!$C:$C,$A34)-SUMIFS('Операции'!$B:$B,'Операции'!$A:$A,">="&DATE($B$4,12,1),'Операции'!$A:$A,"<"&DATE($B$4,13,1),'Операции'!$B:$B,"<0",'Операции'!$C:$C,$A34,'Операции'!$F:$F,"<>"))) -> 0
A35: =IF('Категории'!$A10="","",'Категории'!$A10) -> Питомцы | B35: =IF($A35="","",SUM(E35:P35)) -> 0 | C35: =IF(OR($A35="",$B$25=0),"",B35/$B$25) -> 0 | D35: =IF(OR(C35="",MAX($C$27:$C$56)=0),"",REPT("█",ROUND(C35/MAX($C$27:$C$56)*14,0))) | E35: =IF($A35="","",-(SUMIFS('Операции'!$B:$B,'Операции'!$A:$A,">="&DATE($B$4,1,1),'Операции'!$A:$A,"<"&DATE($B$4,2,1),'Операции'!$B:$B,"<0",'Операции'!$C:$C,$A35)-SUMIFS('Операции'!$B:$B,'Операции'!$A:$A,">="&DATE($B$4,1,1),'Операции'!$A:$A,"<"&DATE($B$4,2,1),'Операции'!$B:$B,"<0",'Операции'!$C:$C,$A35,'Операции'!$F:$F,"<>"))) -> 0 | F35: =IF($A35="","",-(SUMIFS('Операции'!$B:$B,'Операции'!$A:$A,">="&DATE($B$4,2,1),'Операции'!$A:$A,"<"&DATE($B$4,3,1),'Операции'!$B:$B,"<0",'Операции'!$C:$C,$A35)-SUMIFS('Операции'!$B:$B,'Операции'!$A:$A,">="&DATE($B$4,2,1),'Операции'!$A:$A,"<"&DATE($B$4,3,1),'Операции'!$B:$B,"<0",'Операции'!$C:$C,$A35,'Операции'!$F:$F,"<>"))) -> 0 | G35: =IF($A35="","",-(SUMIFS('Операции'!$B:$B,'Операции'!$A:$A,">="&DATE($B$4,3,1),'Операции'!$A:$A,"<"&DATE($B$4,4,1),'Операции'!$B:$B,"<0",'Операции'!$C:$C,$A35)-SUMIFS('Операции'!$B:$B,'Операции'!$A:$A,">="&DATE($B$4,3,1),'Операции'!$A:$A,"<"&DATE($B$4,4,1),'Операции'!$B:$B,"<0",'Операции'!$C:$C,$A35,'Операции'!$F:$F,"<>"))) -> 0 | H35: =IF($A35="","",-(SUMIFS('Операции'!$B:$B,'Операции'!$A:$A,">="&DATE($B$4,4,1),'Операции'!$A:$A,"<"&DATE($B$4,5,1),'Операции'!$B:$B,"<0",'Операции'!$C:$C,$A35)-SUMIFS('Операции'!$B:$B,'Операции'!$A:$A,">="&DATE($B$4,4,1),'Операции'!$A:$A,"<"&DATE($B$4,5,1),'Операции'!$B:$B,"<0",'Операции'!$C:$C,$A35,'Операции'!$F:$F,"<>"))) -> 0 | I35: =IF($A35="","",-(SUMIFS('Операции'!$B:$B,'Операции'!$A:$A,">="&DATE($B$4,5,1),'Операции'!$A:$A,"<"&DATE($B$4,6,1),'Операции'!$B:$B,"<0",'Операции'!$C:$C,$A35)-SUMIFS('Операции'!$B:$B,'Операции'!$A:$A,">="&DATE($B$4,5,1),'Операции'!$A:$A,"<"&DATE($B$4,6,1),'Операции'!$B:$B,"<0",'Операции'!$C:$C,$A35,'Операции'!$F:$F,"<>"))) -> 0 | J35: =IF($A35="","",-(SUMIFS('Операции'!$B:$B,'Операции'!$A:$A,">="&DATE($B$4,6,1),'Операции'!$A:$A,"<"&DATE($B$4,7,1),'Операции'!$B:$B,"<0",'Операции'!$C:$C,$A35)-SUMIFS('Операции'!$B:$B,'Операции'!$A:$A,">="&DATE($B$4,6,1),'Операции'!$A:$A,"<"&DATE($B$4,7,1),'Операции'!$B:$B,"<0",'Операции'!$C:$C,$A35,'Операции'!$F:$F,"<>"))) -> 0 | K35: =IF($A35="","",-(SUMIFS('Операции'!$B:$B,'Операции'!$A:$A,">="&DATE($B$4,7,1),'Операции'!$A:$A,"<"&DATE($B$4,8,1),'Операции'!$B:$B,"<0",'Операции'!$C:$C,$A35)-SUMIFS('Операции'!$B:$B,'Операции'!$A:$A,">="&DATE($B$4,7,1),'Операции'!$A:$A,"<"&DATE($B$4,8,1),'Операции'!$B:$B,"<0",'Операции'!$C:$C,$A35,'Операции'!$F:$F,"<>"))) -> 0 | L35: =IF($A35="","",-(SUMIFS('Операции'!$B:$B,'Операции'!$A:$A,">="&DATE($B$4,8,1),'Операции'!$A:$A,"<"&DATE($B$4,9,1),'Операции'!$B:$B,"<0",'Операции'!$C:$C,$A35)-SUMIFS('Операции'!$B:$B,'Операции'!$A:$A,">="&DATE($B$4,8,1),'Операции'!$A:$A,"<"&DATE($B$4,9,1),'Операции'!$B:$B,"<0",'Операции'!$C:$C,$A35,'Операции'!$F:$F,"<>"))) -> 0 | M35: =IF($A35="","",-(SUMIFS('Операции'!$B:$B,'Операции'!$A:$A,">="&DATE($B$4,9,1),'Операции'!$A:$A,"<"&DATE($B$4,10,1),'Операции'!$B:$B,"<0",'Операции'!$C:$C,$A35)-SUMIFS('Операции'!$B:$B,'Операции'!$A:$A,">="&DATE($B$4,9,1),'Операции'!$A:$A,"<"&DATE($B$4,10,1),'Операции'!$B:$B,"<0",'Операции'!$C:$C,$A35,'Операции'!$F:$F,"<>"))) -> 0 | N35: =IF($A35="","",-(SUMIFS('Операции'!$B:$B,'Операции'!$A:$A,">="&DATE($B$4,10,1),'Операции'!$A:$A,"<"&DATE($B$4,11,1),'Операции'!$B:$B,"<0",'Операции'!$C:$C,$A35)-SUMIFS('Операции'!$B:$B,'Операции'!$A:$A,">="&DATE($B$4,10,1),'Операции'!$A:$A,"<"&DATE($B$4,11,1),'Операции'!$B:$B,"<0",'Операции'!$C:$C,$A35,'Операции'!$F:$F,"<>"))) -> 0 | O35: =IF($A35="","",-(SUMIFS('Операции'!$B:$B,'Операции'!$A:$A,">="&DATE($B$4,11,1),'Операции'!$A:$A,"<"&DATE($B$4,12,1),'Операции'!$B:$B,"<0",'Операции'!$C:$C,$A35)-SUMIFS('Операции'!$B:$B,'Операции'!$A:$A,">="&DATE($B$4,11,1),'Операции'!$A:$A,"<"&DATE($B$4,12,1),'Операции'!$B:$B,"<0",'Операции'!$C:$C,$A35,'Операции'!$F:$F,"<>"))) -> 0 | P35: =IF($A35="","",-(SUMIFS('Операции'!$B:$B,'Операции'!$A:$A,">="&DATE($B$4,12,1),'Операции'!$A:$A,"<"&DATE($B$4,13,1),'Операции'!$B:$B,"<0",'Операции'!$C:$C,$A35)-SUMIFS('Операции'!$B:$B,'Операции'!$A:$A,">="&DATE($B$4,12,1),'Операции'!$A:$A,"<"&DATE($B$4,13,1),'Операции'!$B:$B,"<0",'Операции'!$C:$C,$A35,'Операции'!$F:$F,"<>"))) -> 0
A36: =IF('Категории'!$A11="","",'Категории'!$A11) -> Подарки | B36: =IF($A36="","",SUM(E36:P36)) -> 3000 | C36: =IF(OR($A36="",$B$25=0),"",B36/$B$25) -> 0.04054602 | D36: =IF(OR(C36="",MAX($C$27:$C$56)=0),"",REPT("█",ROUND(C36/MAX($C$27:$C$56)*14,0))) -> ██ | E36: =IF($A36="","",-(SUMIFS('Операции'!$B:$B,'Операции'!$A:$A,">="&DATE($B$4,1,1),'Операции'!$A:$A,"<"&DATE($B$4,2,1),'Операции'!$B:$B,"<0",'Операции'!$C:$C,$A36)-SUMIFS('Операции'!$B:$B,'Операции'!$A:$A,">="&DATE($B$4,1,1),'Операции'!$A:$A,"<"&DATE($B$4,2,1),'Операции'!$B:$B,"<0",'Операции'!$C:$C,$A36,'Операции'!$F:$F,"<>"))) -> 0 | F36: =IF($A36="","",-(SUMIFS('Операции'!$B:$B,'Операции'!$A:$A,">="&DATE($B$4,2,1),'Операции'!$A:$A,"<"&DATE($B$4,3,1),'Операции'!$B:$B,"<0",'Операции'!$C:$C,$A36)-SUMIFS('Операции'!$B:$B,'Операции'!$A:$A,">="&DATE($B$4,2,1),'Операции'!$A:$A,"<"&DATE($B$4,3,1),'Операции'!$B:$B,"<0",'Операции'!$C:$C,$A36,'Операции'!$F:$F,"<>"))) -> 0 | G36: =IF($A36="","",-(SUMIFS('Операции'!$B:$B,'Операции'!$A:$A,">="&DATE($B$4,3,1),'Операции'!$A:$A,"<"&DATE($B$4,4,1),'Операции'!$B:$B,"<0",'Операции'!$C:$C,$A36)-SUMIFS('Операции'!$B:$B,'Операции'!$A:$A,">="&DATE($B$4,3,1),'Операции'!$A:$A,"<"&DATE($B$4,4,1),'Операции'!$B:$B,"<0",'Операции'!$C:$C,$A36,'Операции'!$F:$F,"<>"))) -> 0 | H36: =IF($A36="","",-(SUMIFS('Операции'!$B:$B,'Операции'!$A:$A,">="&DATE($B$4,4,1),'Операции'!$A:$A,"<"&DATE($B$4,5,1),'Операции'!$B:$B,"<0",'Операции'!$C:$C,$A36)-SUMIFS('Операции'!$B:$B,'Операции'!$A:$A,">="&DATE($B$4,4,1),'Операции'!$A:$A,"<"&DATE($B$4,5,1),'Операции'!$B:$B,"<0",'Операции'!$C:$C,$A36,'Операции'!$F:$F,"<>"))) -> 0 | I36: =IF($A36="","",-(SUMIFS('Операции'!$B:$B,'Операции'!$A:$A,">="&DATE($B$4,5,1),'Операции'!$A:$A,"<"&DATE($B$4,6,1),'Операции'!$B:$B,"<0",'Операции'!$C:$C,$A36)-SUMIFS('Операции'!$B:$B,'Операции'!$A:$A,">="&DATE($B$4,5,1),'Операции'!$A:$A,"<"&DATE($B$4,6,1),'Операции'!$B:$B,"<0",'Операции'!$C:$C,$A36,'Операции'!$F:$F,"<>"))) -> 0 | J36: =IF($A36="","",-(SUMIFS('Операции'!$B:$B,'Операции'!$A:$A,">="&DATE($B$4,6,1),'Операции'!$A:$A,"<"&DATE($B$4,7,1),'Операции'!$B:$B,"<0",'Операции'!$C:$C,$A36)-SUMIFS('Операции'!$B:$B,'Операции'!$A:$A,">="&DATE($B$4,6,1),'Операции'!$A:$A,"<"&DATE($B$4,7,1),'Операции'!$B:$B,"<0",'Операции'!$C:$C,$A36,'Операции'!$F:$F,"<>"))) -> 0 | K36: =IF($A36="","",-(SUMIFS('Операции'!$B:$B,'Операции'!$A:$A,">="&DATE($B$4,7,1),'Операции'!$A:$A,"<"&DATE($B$4,8,1),'Операции'!$B:$B,"<0",'Операции'!$C:$C,$A36)-SUMIFS('Операции'!$B:$B,'Операции'!$A:$A,">="&DATE($B$4,7,1),'Операции'!$A:$A,"<"&DATE($B$4,8,1),'Операции'!$B:$B,"<0",'Операции'!$C:$C,$A36,'Операции'!$F:$F,"<>"))) -> 0 | L36: =IF($A36="","",-(SUMIFS('Операции'!$B:$B,'Операции'!$A:$A,">="&DATE($B$4,8,1),'Операции'!$A:$A,"<"&DATE($B$4,9,1),'Операции'!$B:$B,"<0",'Операции'!$C:$C,$A36)-SUMIFS('Операции'!$B:$B,'Операции'!$A:$A,">="&DATE($B$4,8,1),'Операции'!$A:$A,"<"&DATE($B$4,9,1),'Операции'!$B:$B,"<0",'Операции'!$C:$C,$A36,'Операции'!$F:$F,"<>"))) -> 3000 | M36: =IF($A36="","",-(SUMIFS('Операции'!$B:$B,'Операции'!$A:$A,">="&DATE($B$4,9,1),'Операции'!$A:$A,"<"&DATE($B$4,10,1),'Операции'!$B:$B,"<0",'Операции'!$C:$C,$A36)-SUMIFS('Операции'!$B:$B,'Операции'!$A:$A,">="&DATE($B$4,9,1),'Операции'!$A:$A,"<"&DATE($B$4,10,1),'Операции'!$B:$B,"<0",'Операции'!$C:$C,$A36,'Операции'!$F:$F,"<>"))) -> 0 | N36: =IF($A36="","",-(SUMIFS('Операции'!$B:$B,'Операции'!$A:$A,">="&DATE($B$4,10,1),'Операции'!$A:$A,"<"&DATE($B$4,11,1),'Операции'!$B:$B,"<0",'Операции'!$C:$C,$A36)-SUMIFS('Операции'!$B:$B,'Операции'!$A:$A,">="&DATE($B$4,10,1),'Операции'!$A:$A,"<"&DATE($B$4,11,1),'Операции'!$B:$B,"<0",'Операции'!$C:$C,$A36,'Операции'!$F:$F,"<>"))) -> 0 | O36: =IF($A36="","",-(SUMIFS('Операции'!$B:$B,'Операции'!$A:$A,">="&DATE($B$4,11,1),'Операции'!$A:$A,"<"&DATE($B$4,12,1),'Операции'!$B:$B,"<0",'Операции'!$C:$C,$A36)-SUMIFS('Операции'!$B:$B,'Операции'!$A:$A,">="&DATE($B$4,11,1),'Операции'!$A:$A,"<"&DATE($B$4,12,1),'Операции'!$B:$B,"<0",'Операции'!$C:$C,$A36,'Операции'!$F:$F,"<>"))) -> 0 | P36: =IF($A36="","",-(SUMIFS('Операции'!$B:$B,'Операции'!$A:$A,">="&DATE($B$4,12,1),'Операции'!$A:$A,"<"&DATE($B$4,13,1),'Операции'!$B:$B,"<0",'Операции'!$C:$C,$A36)-SUMIFS('Операции'!$B:$B,'Операции'!$A:$A,">="&DATE($B$4,12,1),'Операции'!$A:$A,"<"&DATE($B$4,13,1),'Операции'!$B:$B,"<0",'Операции'!$C:$C,$A36,'Операции'!$F:$F,"<>"))) -> 0
A37: =IF('Категории'!$A12="","",'Категории'!$A12) -> Финансы | B37: =IF($A37="","",SUM(E37:P37)) -> 0 | C37: =IF(OR($A37="",$B$25=0),"",B37/$B$25) -> 0 | D37: =IF(OR(C37="",MAX($C$27:$C$56)=0),"",REPT("█",ROUND(C37/MAX($C$27:$C$56)*14,0))) | E37: =IF($A37="","",-(SUMIFS('Операции'!$B:$B,'Операции'!$A:$A,">="&DATE($B$4,1,1),'Операции'!$A:$A,"<"&DATE($B$4,2,1),'Операции'!$B:$B,"<0",'Операции'!$C:$C,$A37)-SUMIFS('Операции'!$B:$B,'Операции'!$A:$A,">="&DATE($B$4,1,1),'Операции'!$A:$A,"<"&DATE($B$4,2,1),'Операции'!$B:$B,"<0",'Операции'!$C:$C,$A37,'Операции'!$F:$F,"<>"))) -> 0 | F37: =IF($A37="","",-(SUMIFS('Операции'!$B:$B,'Операции'!$A:$A,">="&DATE($B$4,2,1),'Операции'!$A:$A,"<"&DATE($B$4,3,1),'Операции'!$B:$B,"<0",'Операции'!$C:$C,$A37)-SUMIFS('Операции'!$B:$B,'Операции'!$A:$A,">="&DATE($B$4,2,1),'Операции'!$A:$A,"<"&DATE($B$4,3,1),'Операции'!$B:$B,"<0",'Операции'!$C:$C,$A37,'Операции'!$F:$F,"<>"))) -> 0 | G37: =IF($A37="","",-(SUMIFS('Операции'!$B:$B,'Операции'!$A:$A,">="&DATE($B$4,3,1),'Операции'!$A:$A,"<"&DATE($B$4,4,1),'Операции'!$B:$B,"<0",'Операции'!$C:$C,$A37)-SUMIFS('Операции'!$B:$B,'Операции'!$A:$A,">="&DATE($B$4,3,1),'Операции'!$A:$A,"<"&DATE($B$4,4,1),'Операции'!$B:$B,"<0",'Операции'!$C:$C,$A37,'Операции'!$F:$F,"<>"))) -> 0 | H37: =IF($A37="","",-(SUMIFS('Операции'!$B:$B,'Операции'!$A:$A,">="&DATE($B$4,4,1),'Операции'!$A:$A,"<"&DATE($B$4,5,1),'Операции'!$B:$B,"<0",'Операции'!$C:$C,$A37)-SUMIFS('Операции'!$B:$B,'Операции'!$A:$A,">="&DATE($B$4,4,1),'Операции'!$A:$A,"<"&DATE($B$4,5,1),'Операции'!$B:$B,"<0",'Операции'!$C:$C,$A37,'Операции'!$F:$F,"<>"))) -> 0 | I37: =IF($A37="","",-(SUMIFS('Операции'!$B:$B,'Операции'!$A:$A,">="&DATE($B$4,5,1),'Операции'!$A:$A,"<"&DATE($B$4,6,1),'Операции'!$B:$B,"<0",'Операции'!$C:$C,$A37)-SUMIFS('Операции'!$B:$B,'Операции'!$A:$A,">="&DATE($B$4,5,1),'Операции'!$A:$A,"<"&DATE($B$4,6,1),'Операции'!$B:$B,"<0",'Операции'!$C:$C,$A37,'Операции'!$F:$F,"<>"))) -> 0 | J37: =IF($A37="","",-(SUMIFS('Операции'!$B:$B,'Операции'!$A:$A,">="&DATE($B$4,6,1),'Операции'!$A:$A,"<"&DATE($B$4,7,1),'Операции'!$B:$B,"<0",'Операции'!$C:$C,$A37)-SUMIFS('Операции'!$B:$B,'Операции'!$A:$A,">="&DATE($B$4,6,1),'Операции'!$A:$A,"<"&DATE($B$4,7,1),'Операции'!$B:$B,"<0",'Операции'!$C:$C,$A37,'Операции'!$F:$F,"<>"))) -> 0 | K37: =IF($A37="","",-(SUMIFS('Операции'!$B:$B,'Операции'!$A:$A,">="&DATE($B$4,7,1),'Операции'!$A:$A,"<"&DATE($B$4,8,1),'Операции'!$B:$B,"<0",'Операции'!$C:$C,$A37)-SUMIFS('Операции'!$B:$B,'Операции'!$A:$A,">="&DATE($B$4,7,1),'Операции'!$A:$A,"<"&DATE($B$4,8,1),'Операции'!$B:$B,"<0",'Операции'!$C:$C,$A37,'Операции'!$F:$F,"<>"))) -> 0 | L37: =IF($A37="","",-(SUMIFS('Операции'!$B:$B,'Операции'!$A:$A,">="&DATE($B$4,8,1),'Операции'!$A:$A,"<"&DATE($B$4,9,1),'Операции'!$B:$B,"<0",'Операции'!$C:$C,$A37)-SUMIFS('Операции'!$B:$B,'Операции'!$A:$A,">="&DATE($B$4,8,1),'Операции'!$A:$A,"<"&DATE($B$4,9,1),'Операции'!$B:$B,"<0",'Операции'!$C:$C,$A37,'Операции'!$F:$F,"<>"))) -> 0 | M37: =IF($A37="","",-(SUMIFS('Операции'!$B:$B,'Операции'!$A:$A,">="&DATE($B$4,9,1),'Операции'!$A:$A,"<"&DATE($B$4,10,1),'Операции'!$B:$B,"<0",'Операции'!$C:$C,$A37)-SUMIFS('Операции'!$B:$B,'Операции'!$A:$A,">="&DATE($B$4,9,1),'Операции'!$A:$A,"<"&DATE($B$4,10,1),'Операции'!$B:$B,"<0",'Операции'!$C:$C,$A37,'Операции'!$F:$F,"<>"))) -> 0 | N37: =IF($A37="","",-(SUMIFS('Операции'!$B:$B,'Операции'!$A:$A,">="&DATE($B$4,10,1),'Операции'!$A:$A,"<"&DATE($B$4,11,1),'Операции'!$B:$B,"<0",'Операции'!$C:$C,$A37)-SUMIFS('Операции'!$B:$B,'Операции'!$A:$A,">="&DATE($B$4,10,1),'Операции'!$A:$A,"<"&DATE($B$4,11,1),'Операции'!$B:$B,"<0",'Операции'!$C:$C,$A37,'Операции'!$F:$F,"<>"))) -> 0 | O37: =IF($A37="","",-(SUMIFS('Операции'!$B:$B,'Операции'!$A:$A,">="&DATE($B$4,11,1),'Операции'!$A:$A,"<"&DATE($B$4,12,1),'Операции'!$B:$B,"<0",'Операции'!$C:$C,$A37)-SUMIFS('Операции'!$B:$B,'Операции'!$A:$A,">="&DATE($B$4,11,1),'Операции'!$A:$A,"<"&DATE($B$4,12,1),'Операции'!$B:$B,"<0",'Операции'!$C:$C,$A37,'Операции'!$F:$F,"<>"))) -> 0 | P37: =IF($A37="","",-(SUMIFS('Операции'!$B:$B,'Операции'!$A:$A,">="&DATE($B$4,12,1),'Операции'!$A:$A,"<"&DATE($B$4,13,1),'Операции'!$B:$B,"<0",'Операции'!$C:$C,$A37)-SUMIFS('Операции'!$B:$B,'Операции'!$A:$A,">="&DATE($B$4,12,1),'Операции'!$A:$A,"<"&DATE($B$4,13,1),'Операции'!$B:$B,"<0",'Операции'!$C:$C,$A37,'Операции'!$F:$F,"<>"))) -> 0
A38: =IF('Категории'!$A13="","",'Категории'!$A13) -> Прочее | B38: =IF($A38="","",SUM(E38:P38)) -> 0 | C38: =IF(OR($A38="",$B$25=0),"",B38/$B$25) -> 0 | D38: =IF(OR(C38="",MAX($C$27:$C$56)=0),"",REPT("█",ROUND(C38/MAX($C$27:$C$56)*14,0))) | E38: =IF($A38="","",-(SUMIFS('Операции'!$B:$B,'Операции'!$A:$A,">="&DATE($B$4,1,1),'Операции'!$A:$A,"<"&DATE($B$4,2,1),'Операции'!$B:$B,"<0",'Операции'!$C:$C,$A38)-SUMIFS('Операции'!$B:$B,'Операции'!$A:$A,">="&DATE($B$4,1,1),'Операции'!$A:$A,"<"&DATE($B$4,2,1),'Операции'!$B:$B,"<0",'Операции'!$C:$C,$A38,'Операции'!$F:$F,"<>"))) -> 0 | F38: =IF($A38="","",-(SUMIFS('Операции'!$B:$B,'Операции'!$A:$A,">="&DATE($B$4,2,1),'Операции'!$A:$A,"<"&DATE($B$4,3,1),'Операции'!$B:$B,"<0",'Операции'!$C:$C,$A38)-SUMIFS('Операции'!$B:$B,'Операции'!$A:$A,">="&DATE($B$4,2,1),'Операции'!$A:$A,"<"&DATE($B$4,3,1),'Операции'!$B:$B,"<0",'Операции'!$C:$C,$A38,'Операции'!$F:$F,"<>"))) -> 0 | G38: =IF($A38="","",-(SUMIFS('Операции'!$B:$B,'Операции'!$A:$A,">="&DATE($B$4,3,1),'Операции'!$A:$A,"<"&DATE($B$4,4,1),'Операции'!$B:$B,"<0",'Операции'!$C:$C,$A38)-SUMIFS('Операции'!$B:$B,'Операции'!$A:$A,">="&DATE($B$4,3,1),'Операции'!$A:$A,"<"&DATE($B$4,4,1),'Операции'!$B:$B,"<0",'Операции'!$C:$C,$A38,'Операции'!$F:$F,"<>"))) -> 0 | H38: =IF($A38="","",-(SUMIFS('Операции'!$B:$B,'Операции'!$A:$A,">="&DATE($B$4,4,1),'Операции'!$A:$A,"<"&DATE($B$4,5,1),'Операции'!$B:$B,"<0",'Операции'!$C:$C,$A38)-SUMIFS('Операции'!$B:$B,'Операции'!$A:$A,">="&DATE($B$4,4,1),'Операции'!$A:$A,"<"&DATE($B$4,5,1),'Операции'!$B:$B,"<0",'Операции'!$C:$C,$A38,'Операции'!$F:$F,"<>"))) -> 0 | I38: =IF($A38="","",-(SUMIFS('Операции'!$B:$B,'Операции'!$A:$A,">="&DATE($B$4,5,1),'Операции'!$A:$A,"<"&DATE($B$4,6,1),'Операции'!$B:$B,"<0",'Операции'!$C:$C,$A38)-SUMIFS('Операции'!$B:$B,'Операции'!$A:$A,">="&DATE($B$4,5,1),'Операции'!$A:$A,"<"&DATE($B$4,6,1),'Операции'!$B:$B,"<0",'Операции'!$C:$C,$A38,'Операции'!$F:$F,"<>"))) -> 0 | J38: =IF($A38="","",-(SUMIFS('Операции'!$B:$B,'Операции'!$A:$A,">="&DATE($B$4,6,1),'Операции'!$A:$A,"<"&DATE($B$4,7,1),'Операции'!$B:$B,"<0",'Операции'!$C:$C,$A38)-SUMIFS('Операции'!$B:$B,'Операции'!$A:$A,">="&DATE($B$4,6,1),'Операции'!$A:$A,"<"&DATE($B$4,7,1),'Операции'!$B:$B,"<0",'Операции'!$C:$C,$A38,'Операции'!$F:$F,"<>"))) -> 0 | K38: =IF($A38="","",-(SUMIFS('Операции'!$B:$B,'Операции'!$A:$A,">="&DATE($B$4,7,1),'Операции'!$A:$A,"<"&DATE($B$4,8,1),'Операции'!$B:$B,"<0",'Операции'!$C:$C,$A38)-SUMIFS('Операции'!$B:$B,'Операции'!$A:$A,">="&DATE($B$4,7,1),'Операции'!$A:$A,"<"&DATE($B$4,8,1),'Операции'!$B:$B,"<0",'Операции'!$C:$C,$A38,'Операции'!$F:$F,"<>"))) -> 0 | L38: =IF($A38="","",-(SUMIFS('Операции'!$B:$B,'Операции'!$A:$A,">="&DATE($B$4,8,1),'Операции'!$A:$A,"<"&DATE($B$4,9,1),'Операции'!$B:$B,"<0",'Операции'!$C:$C,$A38)-SUMIFS('Операции'!$B:$B,'Операции'!$A:$A,">="&DATE($B$4,8,1),'Операции'!$A:$A,"<"&DATE($B$4,9,1),'Операции'!$B:$B,"<0",'Операции'!$C:$C,$A38,'Операции'!$F:$F,"<>"))) -> 0 | M38: =IF($A38="","",-(SUMIFS('Операции'!$B:$B,'Операции'!$A:$A,">="&DATE($B$4,9,1),'Операции'!$A:$A,"<"&DATE($B$4,10,1),'Операции'!$B:$B,"<0",'Операции'!$C:$C,$A38)-SUMIFS('Операции'!$B:$B,'Операции'!$A:$A,">="&DATE($B$4,9,1),'Операции'!$A:$A,"<"&DATE($B$4,10,1),'Операции'!$B:$B,"<0",'Операции'!$C:$C,$A38,'Операции'!$F:$F,"<>"))) -> 0 | N38: =IF($A38="","",-(SUMIFS('Операции'!$B:$B,'Операции'!$A:$A,">="&DATE($B$4,10,1),'Операции'!$A:$A,"<"&DATE($B$4,11,1),'Операции'!$B:$B,"<0",'Операции'!$C:$C,$A38)-SUMIFS('Операции'!$B:$B,'Операции'!$A:$A,">="&DATE($B$4,10,1),'Операции'!$A:$A,"<"&DATE($B$4,11,1),'Операции'!$B:$B,"<0",'Операции'!$C:$C,$A38,'Операции'!$F:$F,"<>"))) -> 0 | O38: =IF($A38="","",-(SUMIFS('Операции'!$B:$B,'Операции'!$A:$A,">="&DATE($B$4,11,1),'Операции'!$A:$A,"<"&DATE($B$4,12,1),'Операции'!$B:$B,"<0",'Операции'!$C:$C,$A38)-SUMIFS('Операции'!$B:$B,'Операции'!$A:$A,">="&DATE($B$4,11,1),'Операции'!$A:$A,"<"&DATE($B$4,12,1),'Операции'!$B:$B,"<0",'Операции'!$C:$C,$A38,'Операции'!$F:$F,"<>"))) -> 0 | P38: =IF($A38="","",-(SUMIFS('Операции'!$B:$B,'Операции'!$A:$A,">="&DATE($B$4,12,1),'Операции'!$A:$A,"<"&DATE($B$4,13,1),'Операции'!$B:$B,"<0",'Операции'!$C:$C,$A38)-SUMIFS('Операции'!$B:$B,'Операции'!$A:$A,">="&DATE($B$4,12,1),'Операции'!$A:$A,"<"&DATE($B$4,13,1),'Операции'!$B:$B,"<0",'Операции'!$C:$C,$A38,'Операции'!$F:$F,"<>"))) -> 0
... A56: =IF('Категории'!$A31="","",'Категории'!$A31) | B56: =IF($A56="","",SUM(E56:P56)) | C56: =IF(OR($A56="",$B$25=0),"",B56/$B$25) | D56: =IF(OR(C56="",MAX($C$27:$C$56)=0),"",REPT("█",ROUND(C56/MAX($C$27:$C$56)*14,0))) | E56: =IF($A56="","",-(SUMIFS('Операции'!$B:$B,'Операции'!$A:$A,">="&DATE($B$4,1,1),'Операции'!$A:$A,"<"&DATE($B$4,2,1),'Операции'!$B:$B,"<0",'Операции'!$C:$C,$A56)-SUMIFS('Операции'!$B:$B,'Операции'!$A:$A,">="&DATE($B$4,1,1),'Операции'!$A:$A,"<"&DATE($B$4,2,1),'Операции'!$B:$B,"<0",'Операции'!$C:$C,$A56,'Операции'!$F:$F,"<>"))) | F56: =IF($A56="","",-(SUMIFS('Операции'!$B:$B,'Операции'!$A:$A,">="&DATE($B$4,2,1),'Операции'!$A:$A,"<"&DATE($B$4,3,1),'Операции'!$B:$B,"<0",'Операции'!$C:$C,$A56)-SUMIFS('Операции'!$B:$B,'Операции'!$A:$A,">="&DATE($B$4,2,1),'Операции'!$A:$A,"<"&DATE($B$4,3,1),'Операции'!$B:$B,"<0",'Операции'!$C:$C,$A56,'Операции'!$F:$F,"<>"))) | G56: =IF($A56="","",-(SUMIFS('Операции'!$B:$B,'Операции'!$A:$A,">="&DATE($B$4,3,1),'Операции'!$A:$A,"<"&DATE($B$4,4,1),'Операции'!$B:$B,"<0",'Операции'!$C:$C,$A56)-SUMIFS('Операции'!$B:$B,'Операции'!$A:$A,">="&DATE($B$4,3,1),'Операции'!$A:$A,"<"&DATE($B$4,4,1),'Операции'!$B:$B,"<0",'Операции'!$C:$C,$A56,'Операции'!$F:$F,"<>"))) | H56: =IF($A56="","",-(SUMIFS('Операции'!$B:$B,'Операции'!$A:$A,">="&DATE($B$4,4,1),'Операции'!$A:$A,"<"&DATE($B$4,5,1),'Операции'!$B:$B,"<0",'Операции'!$C:$C,$A56)-SUMIFS('Операции'!$B:$B,'Операции'!$A:$A,">="&DATE($B$4,4,1),'Операции'!$A:$A,"<"&DATE($B$4,5,1),'Операции'!$B:$B,"<0",'Операции'!$C:$C,$A56,'Операции'!$F:$F,"<>"))) | I56: =IF($A56="","",-(SUMIFS('Операции'!$B:$B,'Операции'!$A:$A,">="&DATE($B$4,5,1),'Операции'!$A:$A,"<"&DATE($B$4,6,1),'Операции'!$B:$B,"<0",'Операции'!$C:$C,$A56)-SUMIFS('Операции'!$B:$B,'Операции'!$A:$A,">="&DATE($B$4,5,1),'Операции'!$A:$A,"<"&DATE($B$4,6,1),'Операции'!$B:$B,"<0",'Операции'!$C:$C,$A56,'Операции'!$F:$F,"<>"))) | J56: =IF($A56="","",-(SUMIFS('Операции'!$B:$B,'Операции'!$A:$A,">="&DATE($B$4,6,1),'Операции'!$A:$A,"<"&DATE($B$4,7,1),'Операции'!$B:$B,"<0",'Операции'!$C:$C,$A56)-SUMIFS('Операции'!$B:$B,'Операции'!$A:$A,">="&DATE($B$4,6,1),'Операции'!$A:$A,"<"&DATE($B$4,7,1),'Операции'!$B:$B,"<0",'Операции'!$C:$C,$A56,'Операции'!$F:$F,"<>"))) | K56: =IF($A56="","",-(SUMIFS('Операции'!$B:$B,'Операции'!$A:$A,">="&DATE($B$4,7,1),'Операции'!$A:$A,"<"&DATE($B$4,8,1),'Операции'!$B:$B,"<0",'Операции'!$C:$C,$A56)-SUMIFS('Операции'!$B:$B,'Операции'!$A:$A,">="&DATE($B$4,7,1),'Операции'!$A:$A,"<"&DATE($B$4,8,1),'Операции'!$B:$B,"<0",'Операции'!$C:$C,$A56,'Операции'!$F:$F,"<>"))) | L56: =IF($A56="","",-(SUMIFS('Операции'!$B:$B,'Операции'!$A:$A,">="&DATE($B$4,8,1),'Операции'!$A:$A,"<"&DATE($B$4,9,1),'Операции'!$B:$B,"<0",'Операции'!$C:$C,$A56)-SUMIFS('Операции'!$B:$B,'Операции'!$A:$A,">="&DATE($B$4,8,1),'Операции'!$A:$A,"<"&DATE($B$4,9,1),'Операции'!$B:$B,"<0",'Операции'!$C:$C,$A56,'Операции'!$F:$F,"<>"))) | M56: =IF($A56="","",-(SUMIFS('Операции'!$B:$B,'Операции'!$A:$A,">="&DATE($B$4,9,1),'Операции'!$A:$A,"<"&DATE($B$4,10,1),'Операции'!$B:$B,"<0",'Операции'!$C:$C,$A56)-SUMIFS('Операции'!$B:$B,'Операции'!$A:$A,">="&DATE($B$4,9,1),'Операции'!$A:$A,"<"&DATE($B$4,10,1),'Операции'!$B:$B,"<0",'Операции'!$C:$C,$A56,'Операции'!$F:$F,"<>"))) | N56: =IF($A56="","",-(SUMIFS('Операции'!$B:$B,'Операции'!$A:$A,">="&DATE($B$4,10,1),'Операции'!$A:$A,"<"&DATE($B$4,11,1),'Операции'!$B:$B,"<0",'Операции'!$C:$C,$A56)-SUMIFS('Операции'!$B:$B,'Операции'!$A:$A,">="&DATE($B$4,10,1),'Операции'!$A:$A,"<"&DATE($B$4,11,1),'Операции'!$B:$B,"<0",'Операции'!$C:$C,$A56,'Операции'!$F:$F,"<>"))) | O56: =IF($A56="","",-(SUMIFS('Операции'!$B:$B,'Операции'!$A:$A,">="&DATE($B$4,11,1),'Операции'!$A:$A,"<"&DATE($B$4,12,1),'Операции'!$B:$B,"<0",'Операции'!$C:$C,$A56)-SUMIFS('Операции'!$B:$B,'Операции'!$A:$A,">="&DATE($B$4,11,1),'Операции'!$A:$A,"<"&DATE($B$4,12,1),'Операции'!$B:$B,"<0",'Операции'!$C:$C,$A56,'Операции'!$F:$F,"<>"))) | P56: =IF($A56="","",-(SUMIFS('Операции'!$B:$B,'Операции'!$A:$A,">="&DATE($B$4,12,1),'Операции'!$A:$A,"<"&DATE($B$4,13,1),'Операции'!$B:$B,"<0",'Операции'!$C:$C,$A56)-SUMIFS('Операции'!$B:$B,'Операции'!$A:$A,">="&DATE($B$4,12,1),'Операции'!$A:$A,"<"&DATE($B$4,13,1),'Операции'!$B:$B,"<0",'Операции'!$C:$C,$A56,'Операции'!$F:$F,"<>")))
A59: Доходы по категориям
A60: Категория | B60: Итого | C60: Доля | E60: Янв | F60: Фев | G60: Мар | H60: Апр | I60: Май | J60: Июн | K60: Июл | L60: Авг | M60: Сен | N60: Окт | O60: Ноя | P60: Дек
A61: Итого | B61: =SUM(E61:P61) -> 257830 | E61: =$B$8 -> 0 | F61: =$B$9 -> 0 | G61: =$B$10 -> 0 | H61: =$B$11 -> 0 | I61: =$B$12 -> 0 | J61: =$B$13 -> 0 | K61: =$B$14 -> 100000 | L61: =$B$15 -> 112000 | M61: =$B$16 -> 45830 | N61: =$B$17 -> 0 | O61: =$B$18 -> 0 | P61: =$B$19 -> 0
A62: Вне списка категорий | B62: =SUM(E62:P62) -> 0 | E62: =E61-SUM(E63:E74) -> 0 | F62: =F61-SUM(F63:F74) -> 0 | G62: =G61-SUM(G63:G74) -> 0 | H62: =H61-SUM(H63:H74) -> 0 | I62: =I61-SUM(I63:I74) -> 0 | J62: =J61-SUM(J63:J74) -> 0 | K62: =K61-SUM(K63:K74) -> 0 | L62: =L61-SUM(L63:L74) -> 0 | ... P62: =P61-SUM(P63:P74) -> 0
A63: =IF('Категории'!$B2="","",'Категории'!$B2) -> Зарплата | B63: =IF($A63="","",SUM(E63:P63)) -> 245000 | C63: =IF(OR($A63="",$B$61=0),"",B63/$B$61) -> 0.95023853 | D63: =IF(OR(C63="",MAX($C$63:$C$74)=0),"",REPT("█",ROUND(C63/MAX($C$63:$C$74)*14,0))) -> ██████████████ | E63: =IF($A63="","",SUMIFS('Операции'!$B:$B,'Операции'!$A:$A,">="&DATE($B$4,1,1),'Операции'!$A:$A,"<"&DATE($B$4,2,1),'Операции'!$B:$B,">0",'Операции'!$C:$C,$A63)-SUMIFS('Операции'!$B:$B,'Операции'!$A:$A,">="&DATE($B$4,1,1),'Операции'!$A:$A,"<"&DATE($B$4,2,1),'Операции'!$B:$B,">0",'Операции'!$C:$C,$A63,'Операции'!$F:$F,"<>")) -> 0 | F63: =IF($A63="","",SUMIFS('Операции'!$B:$B,'Операции'!$A:$A,">="&DATE($B$4,2,1),'Операции'!$A:$A,"<"&DATE($B$4,3,1),'Операции'!$B:$B,">0",'Операции'!$C:$C,$A63)-SUMIFS('Операции'!$B:$B,'Операции'!$A:$A,">="&DATE($B$4,2,1),'Операции'!$A:$A,"<"&DATE($B$4,3,1),'Операции'!$B:$B,">0",'Операции'!$C:$C,$A63,'Операции'!$F:$F,"<>")) -> 0 | G63: =IF($A63="","",SUMIFS('Операции'!$B:$B,'Операции'!$A:$A,">="&DATE($B$4,3,1),'Операции'!$A:$A,"<"&DATE($B$4,4,1),'Операции'!$B:$B,">0",'Операции'!$C:$C,$A63)-SUMIFS('Операции'!$B:$B,'Операции'!$A:$A,">="&DATE($B$4,3,1),'Операции'!$A:$A,"<"&DATE($B$4,4,1),'Операции'!$B:$B,">0",'Операции'!$C:$C,$A63,'Операции'!$F:$F,"<>")) -> 0 | H63: =IF($A63="","",SUMIFS('Операции'!$B:$B,'Операции'!$A:$A,">="&DATE($B$4,4,1),'Операции'!$A:$A,"<"&DATE($B$4,5,1),'Операции'!$B:$B,">0",'Операции'!$C:$C,$A63)-SUMIFS('Операции'!$B:$B,'Операции'!$A:$A,">="&DATE($B$4,4,1),'Операции'!$A:$A,"<"&DATE($B$4,5,1),'Операции'!$B:$B,">0",'Операции'!$C:$C,$A63,'Операции'!$F:$F,"<>")) -> 0 | I63: =IF($A63="","",SUMIFS('Операции'!$B:$B,'Операции'!$A:$A,">="&DATE($B$4,5,1),'Операции'!$A:$A,"<"&DATE($B$4,6,1),'Операции'!$B:$B,">0",'Операции'!$C:$C,$A63)-SUMIFS('Операции'!$B:$B,'Операции'!$A:$A,">="&DATE($B$4,5,1),'Операции'!$A:$A,"<"&DATE($B$4,6,1),'Операции'!$B:$B,">0",'Операции'!$C:$C,$A63,'Операции'!$F:$F,"<>")) -> 0 | J63: =IF($A63="","",SUMIFS('Операции'!$B:$B,'Операции'!$A:$A,">="&DATE($B$4,6,1),'Операции'!$A:$A,"<"&DATE($B$4,7,1),'Операции'!$B:$B,">0",'Операции'!$C:$C,$A63)-SUMIFS('Операции'!$B:$B,'Операции'!$A:$A,">="&DATE($B$4,6,1),'Операции'!$A:$A,"<"&DATE($B$4,7,1),'Операции'!$B:$B,">0",'Операции'!$C:$C,$A63,'Операции'!$F:$F,"<>")) -> 0 | K63: =IF($A63="","",SUMIFS('Операции'!$B:$B,'Операции'!$A:$A,">="&DATE($B$4,7,1),'Операции'!$A:$A,"<"&DATE($B$4,8,1),'Операции'!$B:$B,">0",'Операции'!$C:$C,$A63)-SUMIFS('Операции'!$B:$B,'Операции'!$A:$A,">="&DATE($B$4,7,1),'Операции'!$A:$A,"<"&DATE($B$4,8,1),'Операции'!$B:$B,">0",'Операции'!$C:$C,$A63,'Операции'!$F:$F,"<>")) -> 100000 | L63: =IF($A63="","",SUMIFS('Операции'!$B:$B,'Операции'!$A:$A,">="&DATE($B$4,8,1),'Операции'!$A:$A,"<"&DATE($B$4,9,1),'Операции'!$B:$B,">0",'Операции'!$C:$C,$A63)-SUMIFS('Операции'!$B:$B,'Операции'!$A:$A,">="&DATE($B$4,8,1),'Операции'!$A:$A,"<"&DATE($B$4,9,1),'Операции'!$B:$B,">0",'Операции'!$C:$C,$A63,'Операции'!$F:$F,"<>")) -> 100000 | M63: =IF($A63="","",SUMIFS('Операции'!$B:$B,'Операции'!$A:$A,">="&DATE($B$4,9,1),'Операции'!$A:$A,"<"&DATE($B$4,10,1),'Операции'!$B:$B,">0",'Операции'!$C:$C,$A63)-SUMIFS('Операции'!$B:$B,'Операции'!$A:$A,">="&DATE($B$4,9,1),'Операции'!$A:$A,"<"&DATE($B$4,10,1),'Операции'!$B:$B,">0",'Операции'!$C:$C,$A63,'Операции'!$F:$F,"<>")) -> 45000 | N63: =IF($A63="","",SUMIFS('Операции'!$B:$B,'Операции'!$A:$A,">="&DATE($B$4,10,1),'Операции'!$A:$A,"<"&DATE($B$4,11,1),'Операции'!$B:$B,">0",'Операции'!$C:$C,$A63)-SUMIFS('Операции'!$B:$B,'Операции'!$A:$A,">="&DATE($B$4,10,1),'Операции'!$A:$A,"<"&DATE($B$4,11,1),'Операции'!$B:$B,">0",'Операции'!$C:$C,$A63,'Операции'!$F:$F,"<>")) -> 0 | O63: =IF($A63="","",SUMIFS('Операции'!$B:$B,'Операции'!$A:$A,">="&DATE($B$4,11,1),'Операции'!$A:$A,"<"&DATE($B$4,12,1),'Операции'!$B:$B,">0",'Операции'!$C:$C,$A63)-SUMIFS('Операции'!$B:$B,'Операции'!$A:$A,">="&DATE($B$4,11,1),'Операции'!$A:$A,"<"&DATE($B$4,12,1),'Операции'!$B:$B,">0",'Операции'!$C:$C,$A63,'Операции'!$F:$F,"<>")) -> 0 | P63: =IF($A63="","",SUMIFS('Операции'!$B:$B,'Операции'!$A:$A,">="&DATE($B$4,12,1),'Операции'!$A:$A,"<"&DATE($B$4,13,1),'Операции'!$B:$B,">0",'Операции'!$C:$C,$A63)-SUMIFS('Операции'!$B:$B,'Операции'!$A:$A,">="&DATE($B$4,12,1),'Операции'!$A:$A,"<"&DATE($B$4,13,1),'Операции'!$B:$B,">0",'Операции'!$C:$C,$A63,'Операции'!$F:$F,"<>")) -> 0
A64: =IF('Категории'!$B3="","",'Категории'!$B3) -> Премия и бонусы | B64: =IF($A64="","",SUM(E64:P64)) -> 0 | C64: =IF(OR($A64="",$B$61=0),"",B64/$B$61) -> 0 | D64: =IF(OR(C64="",MAX($C$63:$C$74)=0),"",REPT("█",ROUND(C64/MAX($C$63:$C$74)*14,0))) | E64: =IF($A64="","",SUMIFS('Операции'!$B:$B,'Операции'!$A:$A,">="&DATE($B$4,1,1),'Операции'!$A:$A,"<"&DATE($B$4,2,1),'Операции'!$B:$B,">0",'Операции'!$C:$C,$A64)-SUMIFS('Операции'!$B:$B,'Операции'!$A:$A,">="&DATE($B$4,1,1),'Операции'!$A:$A,"<"&DATE($B$4,2,1),'Операции'!$B:$B,">0",'Операции'!$C:$C,$A64,'Операции'!$F:$F,"<>")) -> 0 | F64: =IF($A64="","",SUMIFS('Операции'!$B:$B,'Операции'!$A:$A,">="&DATE($B$4,2,1),'Операции'!$A:$A,"<"&DATE($B$4,3,1),'Операции'!$B:$B,">0",'Операции'!$C:$C,$A64)-SUMIFS('Операции'!$B:$B,'Операции'!$A:$A,">="&DATE($B$4,2,1),'Операции'!$A:$A,"<"&DATE($B$4,3,1),'Операции'!$B:$B,">0",'Операции'!$C:$C,$A64,'Операции'!$F:$F,"<>")) -> 0 | G64: =IF($A64="","",SUMIFS('Операции'!$B:$B,'Операции'!$A:$A,">="&DATE($B$4,3,1),'Операции'!$A:$A,"<"&DATE($B$4,4,1),'Операции'!$B:$B,">0",'Операции'!$C:$C,$A64)-SUMIFS('Операции'!$B:$B,'Операции'!$A:$A,">="&DATE($B$4,3,1),'Операции'!$A:$A,"<"&DATE($B$4,4,1),'Операции'!$B:$B,">0",'Операции'!$C:$C,$A64,'Операции'!$F:$F,"<>")) -> 0 | H64: =IF($A64="","",SUMIFS('Операции'!$B:$B,'Операции'!$A:$A,">="&DATE($B$4,4,1),'Операции'!$A:$A,"<"&DATE($B$4,5,1),'Операции'!$B:$B,">0",'Операции'!$C:$C,$A64)-SUMIFS('Операции'!$B:$B,'Операции'!$A:$A,">="&DATE($B$4,4,1),'Операции'!$A:$A,"<"&DATE($B$4,5,1),'Операции'!$B:$B,">0",'Операции'!$C:$C,$A64,'Операции'!$F:$F,"<>")) -> 0 | I64: =IF($A64="","",SUMIFS('Операции'!$B:$B,'Операции'!$A:$A,">="&DATE($B$4,5,1),'Операции'!$A:$A,"<"&DATE($B$4,6,1),'Операции'!$B:$B,">0",'Операции'!$C:$C,$A64)-SUMIFS('Операции'!$B:$B,'Операции'!$A:$A,">="&DATE($B$4,5,1),'Операции'!$A:$A,"<"&DATE($B$4,6,1),'Операции'!$B:$B,">0",'Операции'!$C:$C,$A64,'Операции'!$F:$F,"<>")) -> 0 | J64: =IF($A64="","",SUMIFS('Операции'!$B:$B,'Операции'!$A:$A,">="&DATE($B$4,6,1),'Операции'!$A:$A,"<"&DATE($B$4,7,1),'Операции'!$B:$B,">0",'Операции'!$C:$C,$A64)-SUMIFS('Операции'!$B:$B,'Операции'!$A:$A,">="&DATE($B$4,6,1),'Операции'!$A:$A,"<"&DATE($B$4,7,1),'Операции'!$B:$B,">0",'Операции'!$C:$C,$A64,'Операции'!$F:$F,"<>")) -> 0 | K64: =IF($A64="","",SUMIFS('Операции'!$B:$B,'Операции'!$A:$A,">="&DATE($B$4,7,1),'Операции'!$A:$A,"<"&DATE($B$4,8,1),'Операции'!$B:$B,">0",'Операции'!$C:$C,$A64)-SUMIFS('Операции'!$B:$B,'Операции'!$A:$A,">="&DATE($B$4,7,1),'Операции'!$A:$A,"<"&DATE($B$4,8,1),'Операции'!$B:$B,">0",'Операции'!$C:$C,$A64,'Операции'!$F:$F,"<>")) -> 0 | L64: =IF($A64="","",SUMIFS('Операции'!$B:$B,'Операции'!$A:$A,">="&DATE($B$4,8,1),'Операции'!$A:$A,"<"&DATE($B$4,9,1),'Операции'!$B:$B,">0",'Операции'!$C:$C,$A64)-SUMIFS('Операции'!$B:$B,'Операции'!$A:$A,">="&DATE($B$4,8,1),'Операции'!$A:$A,"<"&DATE($B$4,9,1),'Операции'!$B:$B,">0",'Операции'!$C:$C,$A64,'Операции'!$F:$F,"<>")) -> 0 | M64: =IF($A64="","",SUMIFS('Операции'!$B:$B,'Операции'!$A:$A,">="&DATE($B$4,9,1),'Операции'!$A:$A,"<"&DATE($B$4,10,1),'Операции'!$B:$B,">0",'Операции'!$C:$C,$A64)-SUMIFS('Операции'!$B:$B,'Операции'!$A:$A,">="&DATE($B$4,9,1),'Операции'!$A:$A,"<"&DATE($B$4,10,1),'Операции'!$B:$B,">0",'Операции'!$C:$C,$A64,'Операции'!$F:$F,"<>")) -> 0 | N64: =IF($A64="","",SUMIFS('Операции'!$B:$B,'Операции'!$A:$A,">="&DATE($B$4,10,1),'Операции'!$A:$A,"<"&DATE($B$4,11,1),'Операции'!$B:$B,">0",'Операции'!$C:$C,$A64)-SUMIFS('Операции'!$B:$B,'Операции'!$A:$A,">="&DATE($B$4,10,1),'Операции'!$A:$A,"<"&DATE($B$4,11,1),'Операции'!$B:$B,">0",'Операции'!$C:$C,$A64,'Операции'!$F:$F,"<>")) -> 0 | O64: =IF($A64="","",SUMIFS('Операции'!$B:$B,'Операции'!$A:$A,">="&DATE($B$4,11,1),'Операции'!$A:$A,"<"&DATE($B$4,12,1),'Операции'!$B:$B,">0",'Операции'!$C:$C,$A64)-SUMIFS('Операции'!$B:$B,'Операции'!$A:$A,">="&DATE($B$4,11,1),'Операции'!$A:$A,"<"&DATE($B$4,12,1),'Операции'!$B:$B,">0",'Операции'!$C:$C,$A64,'Операции'!$F:$F,"<>")) -> 0 | P64: =IF($A64="","",SUMIFS('Операции'!$B:$B,'Операции'!$A:$A,">="&DATE($B$4,12,1),'Операции'!$A:$A,"<"&DATE($B$4,13,1),'Операции'!$B:$B,">0",'Операции'!$C:$C,$A64)-SUMIFS('Операции'!$B:$B,'Операции'!$A:$A,">="&DATE($B$4,12,1),'Операции'!$A:$A,"<"&DATE($B$4,13,1),'Операции'!$B:$B,">0",'Операции'!$C:$C,$A64,'Операции'!$F:$F,"<>")) -> 0
A65: =IF('Категории'!$B4="","",'Категории'!$B4) -> Подработка | B65: =IF($A65="","",SUM(E65:P65)) -> 12000 | C65: =IF(OR($A65="",$B$61=0),"",B65/$B$61) -> 0.046542295 | D65: =IF(OR(C65="",MAX($C$63:$C$74)=0),"",REPT("█",ROUND(C65/MAX($C$63:$C$74)*14,0))) -> █ | E65: =IF($A65="","",SUMIFS('Операции'!$B:$B,'Операции'!$A:$A,">="&DATE($B$4,1,1),'Операции'!$A:$A,"<"&DATE($B$4,2,1),'Операции'!$B:$B,">0",'Операции'!$C:$C,$A65)-SUMIFS('Операции'!$B:$B,'Операции'!$A:$A,">="&DATE($B$4,1,1),'Операции'!$A:$A,"<"&DATE($B$4,2,1),'Операции'!$B:$B,">0",'Операции'!$C:$C,$A65,'Операции'!$F:$F,"<>")) -> 0 | F65: =IF($A65="","",SUMIFS('Операции'!$B:$B,'Операции'!$A:$A,">="&DATE($B$4,2,1),'Операции'!$A:$A,"<"&DATE($B$4,3,1),'Операции'!$B:$B,">0",'Операции'!$C:$C,$A65)-SUMIFS('Операции'!$B:$B,'Операции'!$A:$A,">="&DATE($B$4,2,1),'Операции'!$A:$A,"<"&DATE($B$4,3,1),'Операции'!$B:$B,">0",'Операции'!$C:$C,$A65,'Операции'!$F:$F,"<>")) -> 0 | G65: =IF($A65="","",SUMIFS('Операции'!$B:$B,'Операции'!$A:$A,">="&DATE($B$4,3,1),'Операции'!$A:$A,"<"&DATE($B$4,4,1),'Операции'!$B:$B,">0",'Операции'!$C:$C,$A65)-SUMIFS('Операции'!$B:$B,'Операции'!$A:$A,">="&DATE($B$4,3,1),'Операции'!$A:$A,"<"&DATE($B$4,4,1),'Операции'!$B:$B,">0",'Операции'!$C:$C,$A65,'Операции'!$F:$F,"<>")) -> 0 | H65: =IF($A65="","",SUMIFS('Операции'!$B:$B,'Операции'!$A:$A,">="&DATE($B$4,4,1),'Операции'!$A:$A,"<"&DATE($B$4,5,1),'Операции'!$B:$B,">0",'Операции'!$C:$C,$A65)-SUMIFS('Операции'!$B:$B,'Операции'!$A:$A,">="&DATE($B$4,4,1),'Операции'!$A:$A,"<"&DATE($B$4,5,1),'Операции'!$B:$B,">0",'Операции'!$C:$C,$A65,'Операции'!$F:$F,"<>")) -> 0 | I65: =IF($A65="","",SUMIFS('Операции'!$B:$B,'Операции'!$A:$A,">="&DATE($B$4,5,1),'Операции'!$A:$A,"<"&DATE($B$4,6,1),'Операции'!$B:$B,">0",'Операции'!$C:$C,$A65)-SUMIFS('Операции'!$B:$B,'Операции'!$A:$A,">="&DATE($B$4,5,1),'Операции'!$A:$A,"<"&DATE($B$4,6,1),'Операции'!$B:$B,">0",'Операции'!$C:$C,$A65,'Операции'!$F:$F,"<>")) -> 0 | J65: =IF($A65="","",SUMIFS('Операции'!$B:$B,'Операции'!$A:$A,">="&DATE($B$4,6,1),'Операции'!$A:$A,"<"&DATE($B$4,7,1),'Операции'!$B:$B,">0",'Операции'!$C:$C,$A65)-SUMIFS('Операции'!$B:$B,'Операции'!$A:$A,">="&DATE($B$4,6,1),'Операции'!$A:$A,"<"&DATE($B$4,7,1),'Операции'!$B:$B,">0",'Операции'!$C:$C,$A65,'Операции'!$F:$F,"<>")) -> 0 | K65: =IF($A65="","",SUMIFS('Операции'!$B:$B,'Операции'!$A:$A,">="&DATE($B$4,7,1),'Операции'!$A:$A,"<"&DATE($B$4,8,1),'Операции'!$B:$B,">0",'Операции'!$C:$C,$A65)-SUMIFS('Операции'!$B:$B,'Операции'!$A:$A,">="&DATE($B$4,7,1),'Операции'!$A:$A,"<"&DATE($B$4,8,1),'Операции'!$B:$B,">0",'Операции'!$C:$C,$A65,'Операции'!$F:$F,"<>")) -> 0 | L65: =IF($A65="","",SUMIFS('Операции'!$B:$B,'Операции'!$A:$A,">="&DATE($B$4,8,1),'Операции'!$A:$A,"<"&DATE($B$4,9,1),'Операции'!$B:$B,">0",'Операции'!$C:$C,$A65)-SUMIFS('Операции'!$B:$B,'Операции'!$A:$A,">="&DATE($B$4,8,1),'Операции'!$A:$A,"<"&DATE($B$4,9,1),'Операции'!$B:$B,">0",'Операции'!$C:$C,$A65,'Операции'!$F:$F,"<>")) -> 12000 | M65: =IF($A65="","",SUMIFS('Операции'!$B:$B,'Операции'!$A:$A,">="&DATE($B$4,9,1),'Операции'!$A:$A,"<"&DATE($B$4,10,1),'Операции'!$B:$B,">0",'Операции'!$C:$C,$A65)-SUMIFS('Операции'!$B:$B,'Операции'!$A:$A,">="&DATE($B$4,9,1),'Операции'!$A:$A,"<"&DATE($B$4,10,1),'Операции'!$B:$B,">0",'Операции'!$C:$C,$A65,'Операции'!$F:$F,"<>")) -> 0 | N65: =IF($A65="","",SUMIFS('Операции'!$B:$B,'Операции'!$A:$A,">="&DATE($B$4,10,1),'Операции'!$A:$A,"<"&DATE($B$4,11,1),'Операции'!$B:$B,">0",'Операции'!$C:$C,$A65)-SUMIFS('Операции'!$B:$B,'Операции'!$A:$A,">="&DATE($B$4,10,1),'Операции'!$A:$A,"<"&DATE($B$4,11,1),'Операции'!$B:$B,">0",'Операции'!$C:$C,$A65,'Операции'!$F:$F,"<>")) -> 0 | O65: =IF($A65="","",SUMIFS('Операции'!$B:$B,'Операции'!$A:$A,">="&DATE($B$4,11,1),'Операции'!$A:$A,"<"&DATE($B$4,12,1),'Операции'!$B:$B,">0",'Операции'!$C:$C,$A65)-SUMIFS('Операции'!$B:$B,'Операции'!$A:$A,">="&DATE($B$4,11,1),'Операции'!$A:$A,"<"&DATE($B$4,12,1),'Операции'!$B:$B,">0",'Операции'!$C:$C,$A65,'Операции'!$F:$F,"<>")) -> 0 | P65: =IF($A65="","",SUMIFS('Операции'!$B:$B,'Операции'!$A:$A,">="&DATE($B$4,12,1),'Операции'!$A:$A,"<"&DATE($B$4,13,1),'Операции'!$B:$B,">0",'Операции'!$C:$C,$A65)-SUMIFS('Операции'!$B:$B,'Операции'!$A:$A,">="&DATE($B$4,12,1),'Операции'!$A:$A,"<"&DATE($B$4,13,1),'Операции'!$B:$B,">0",'Операции'!$C:$C,$A65,'Операции'!$F:$F,"<>")) -> 0
A66: =IF('Категории'!$B5="","",'Категории'!$B5) -> Проценты по вкладу | B66: =IF($A66="","",SUM(E66:P66)) -> 0 | C66: =IF(OR($A66="",$B$61=0),"",B66/$B$61) -> 0 | D66: =IF(OR(C66="",MAX($C$63:$C$74)=0),"",REPT("█",ROUND(C66/MAX($C$63:$C$74)*14,0))) | E66: =IF($A66="","",SUMIFS('Операции'!$B:$B,'Операции'!$A:$A,">="&DATE($B$4,1,1),'Операции'!$A:$A,"<"&DATE($B$4,2,1),'Операции'!$B:$B,">0",'Операции'!$C:$C,$A66)-SUMIFS('Операции'!$B:$B,'Операции'!$A:$A,">="&DATE($B$4,1,1),'Операции'!$A:$A,"<"&DATE($B$4,2,1),'Операции'!$B:$B,">0",'Операции'!$C:$C,$A66,'Операции'!$F:$F,"<>")) -> 0 | F66: =IF($A66="","",SUMIFS('Операции'!$B:$B,'Операции'!$A:$A,">="&DATE($B$4,2,1),'Операции'!$A:$A,"<"&DATE($B$4,3,1),'Операции'!$B:$B,">0",'Операции'!$C:$C,$A66)-SUMIFS('Операции'!$B:$B,'Операции'!$A:$A,">="&DATE($B$4,2,1),'Операции'!$A:$A,"<"&DATE($B$4,3,1),'Операции'!$B:$B,">0",'Операции'!$C:$C,$A66,'Операции'!$F:$F,"<>")) -> 0 | G66: =IF($A66="","",SUMIFS('Операции'!$B:$B,'Операции'!$A:$A,">="&DATE($B$4,3,1),'Операции'!$A:$A,"<"&DATE($B$4,4,1),'Операции'!$B:$B,">0",'Операции'!$C:$C,$A66)-SUMIFS('Операции'!$B:$B,'Операции'!$A:$A,">="&DATE($B$4,3,1),'Операции'!$A:$A,"<"&DATE($B$4,4,1),'Операции'!$B:$B,">0",'Операции'!$C:$C,$A66,'Операции'!$F:$F,"<>")) -> 0 | H66: =IF($A66="","",SUMIFS('Операции'!$B:$B,'Операции'!$A:$A,">="&DATE($B$4,4,1),'Операции'!$A:$A,"<"&DATE($B$4,5,1),'Операции'!$B:$B,">0",'Операции'!$C:$C,$A66)-SUMIFS('Операции'!$B:$B,'Операции'!$A:$A,">="&DATE($B$4,4,1),'Операции'!$A:$A,"<"&DATE($B$4,5,1),'Операции'!$B:$B,">0",'Операции'!$C:$C,$A66,'Операции'!$F:$F,"<>")) -> 0 | I66: =IF($A66="","",SUMIFS('Операции'!$B:$B,'Операции'!$A:$A,">="&DATE($B$4,5,1),'Операции'!$A:$A,"<"&DATE($B$4,6,1),'Операции'!$B:$B,">0",'Операции'!$C:$C,$A66)-SUMIFS('Операции'!$B:$B,'Операции'!$A:$A,">="&DATE($B$4,5,1),'Операции'!$A:$A,"<"&DATE($B$4,6,1),'Операции'!$B:$B,">0",'Операции'!$C:$C,$A66,'Операции'!$F:$F,"<>")) -> 0 | J66: =IF($A66="","",SUMIFS('Операции'!$B:$B,'Операции'!$A:$A,">="&DATE($B$4,6,1),'Операции'!$A:$A,"<"&DATE($B$4,7,1),'Операции'!$B:$B,">0",'Операции'!$C:$C,$A66)-SUMIFS('Операции'!$B:$B,'Операции'!$A:$A,">="&DATE($B$4,6,1),'Операции'!$A:$A,"<"&DATE($B$4,7,1),'Операции'!$B:$B,">0",'Операции'!$C:$C,$A66,'Операции'!$F:$F,"<>")) -> 0 | K66: =IF($A66="","",SUMIFS('Операции'!$B:$B,'Операции'!$A:$A,">="&DATE($B$4,7,1),'Операции'!$A:$A,"<"&DATE($B$4,8,1),'Операции'!$B:$B,">0",'Операции'!$C:$C,$A66)-SUMIFS('Операции'!$B:$B,'Операции'!$A:$A,">="&DATE($B$4,7,1),'Операции'!$A:$A,"<"&DATE($B$4,8,1),'Операции'!$B:$B,">0",'Операции'!$C:$C,$A66,'Операции'!$F:$F,"<>")) -> 0 | L66: =IF($A66="","",SUMIFS('Операции'!$B:$B,'Операции'!$A:$A,">="&DATE($B$4,8,1),'Операции'!$A:$A,"<"&DATE($B$4,9,1),'Операции'!$B:$B,">0",'Операции'!$C:$C,$A66)-SUMIFS('Операции'!$B:$B,'Операции'!$A:$A,">="&DATE($B$4,8,1),'Операции'!$A:$A,"<"&DATE($B$4,9,1),'Операции'!$B:$B,">0",'Операции'!$C:$C,$A66,'Операции'!$F:$F,"<>")) -> 0 | M66: =IF($A66="","",SUMIFS('Операции'!$B:$B,'Операции'!$A:$A,">="&DATE($B$4,9,1),'Операции'!$A:$A,"<"&DATE($B$4,10,1),'Операции'!$B:$B,">0",'Операции'!$C:$C,$A66)-SUMIFS('Операции'!$B:$B,'Операции'!$A:$A,">="&DATE($B$4,9,1),'Операции'!$A:$A,"<"&DATE($B$4,10,1),'Операции'!$B:$B,">0",'Операции'!$C:$C,$A66,'Операции'!$F:$F,"<>")) -> 0 | N66: =IF($A66="","",SUMIFS('Операции'!$B:$B,'Операции'!$A:$A,">="&DATE($B$4,10,1),'Операции'!$A:$A,"<"&DATE($B$4,11,1),'Операции'!$B:$B,">0",'Операции'!$C:$C,$A66)-SUMIFS('Операции'!$B:$B,'Операции'!$A:$A,">="&DATE($B$4,10,1),'Операции'!$A:$A,"<"&DATE($B$4,11,1),'Операции'!$B:$B,">0",'Операции'!$C:$C,$A66,'Операции'!$F:$F,"<>")) -> 0 | O66: =IF($A66="","",SUMIFS('Операции'!$B:$B,'Операции'!$A:$A,">="&DATE($B$4,11,1),'Операции'!$A:$A,"<"&DATE($B$4,12,1),'Операции'!$B:$B,">0",'Операции'!$C:$C,$A66)-SUMIFS('Операции'!$B:$B,'Операции'!$A:$A,">="&DATE($B$4,11,1),'Операции'!$A:$A,"<"&DATE($B$4,12,1),'Операции'!$B:$B,">0",'Операции'!$C:$C,$A66,'Операции'!$F:$F,"<>")) -> 0 | P66: =IF($A66="","",SUMIFS('Операции'!$B:$B,'Операции'!$A:$A,">="&DATE($B$4,12,1),'Операции'!$A:$A,"<"&DATE($B$4,13,1),'Операции'!$B:$B,">0",'Операции'!$C:$C,$A66)-SUMIFS('Операции'!$B:$B,'Операции'!$A:$A,">="&DATE($B$4,12,1),'Операции'!$A:$A,"<"&DATE($B$4,13,1),'Операции'!$B:$B,">0",'Операции'!$C:$C,$A66,'Операции'!$F:$F,"<>")) -> 0
A67: =IF('Категории'!$B6="","",'Категории'!$B6) -> Возврат и кешбэк | B67: =IF($A67="","",SUM(E67:P67)) -> 830 | C67: =IF(OR($A67="",$B$61=0),"",B67/$B$61) -> 0.0032191754 | D67: =IF(OR(C67="",MAX($C$63:$C$74)=0),"",REPT("█",ROUND(C67/MAX($C$63:$C$74)*14,0))) | E67: =IF($A67="","",SUMIFS('Операции'!$B:$B,'Операции'!$A:$A,">="&DATE($B$4,1,1),'Операции'!$A:$A,"<"&DATE($B$4,2,1),'Операции'!$B:$B,">0",'Операции'!$C:$C,$A67)-SUMIFS('Операции'!$B:$B,'Операции'!$A:$A,">="&DATE($B$4,1,1),'Операции'!$A:$A,"<"&DATE($B$4,2,1),'Операции'!$B:$B,">0",'Операции'!$C:$C,$A67,'Операции'!$F:$F,"<>")) -> 0 | F67: =IF($A67="","",SUMIFS('Операции'!$B:$B,'Операции'!$A:$A,">="&DATE($B$4,2,1),'Операции'!$A:$A,"<"&DATE($B$4,3,1),'Операции'!$B:$B,">0",'Операции'!$C:$C,$A67)-SUMIFS('Операции'!$B:$B,'Операции'!$A:$A,">="&DATE($B$4,2,1),'Операции'!$A:$A,"<"&DATE($B$4,3,1),'Операции'!$B:$B,">0",'Операции'!$C:$C,$A67,'Операции'!$F:$F,"<>")) -> 0 | G67: =IF($A67="","",SUMIFS('Операции'!$B:$B,'Операции'!$A:$A,">="&DATE($B$4,3,1),'Операции'!$A:$A,"<"&DATE($B$4,4,1),'Операции'!$B:$B,">0",'Операции'!$C:$C,$A67)-SUMIFS('Операции'!$B:$B,'Операции'!$A:$A,">="&DATE($B$4,3,1),'Операции'!$A:$A,"<"&DATE($B$4,4,1),'Операции'!$B:$B,">0",'Операции'!$C:$C,$A67,'Операции'!$F:$F,"<>")) -> 0 | H67: =IF($A67="","",SUMIFS('Операции'!$B:$B,'Операции'!$A:$A,">="&DATE($B$4,4,1),'Операции'!$A:$A,"<"&DATE($B$4,5,1),'Операции'!$B:$B,">0",'Операции'!$C:$C,$A67)-SUMIFS('Операции'!$B:$B,'Операции'!$A:$A,">="&DATE($B$4,4,1),'Операции'!$A:$A,"<"&DATE($B$4,5,1),'Операции'!$B:$B,">0",'Операции'!$C:$C,$A67,'Операции'!$F:$F,"<>")) -> 0 | I67: =IF($A67="","",SUMIFS('Операции'!$B:$B,'Операции'!$A:$A,">="&DATE($B$4,5,1),'Операции'!$A:$A,"<"&DATE($B$4,6,1),'Операции'!$B:$B,">0",'Операции'!$C:$C,$A67)-SUMIFS('Операции'!$B:$B,'Операции'!$A:$A,">="&DATE($B$4,5,1),'Операции'!$A:$A,"<"&DATE($B$4,6,1),'Операции'!$B:$B,">0",'Операции'!$C:$C,$A67,'Операции'!$F:$F,"<>")) -> 0 | J67: =IF($A67="","",SUMIFS('Операции'!$B:$B,'Операции'!$A:$A,">="&DATE($B$4,6,1),'Операции'!$A:$A,"<"&DATE($B$4,7,1),'Операции'!$B:$B,">0",'Операции'!$C:$C,$A67)-SUMIFS('Операции'!$B:$B,'Операции'!$A:$A,">="&DATE($B$4,6,1),'Операции'!$A:$A,"<"&DATE($B$4,7,1),'Операции'!$B:$B,">0",'Операции'!$C:$C,$A67,'Операции'!$F:$F,"<>")) -> 0 | K67: =IF($A67="","",SUMIFS('Операции'!$B:$B,'Операции'!$A:$A,">="&DATE($B$4,7,1),'Операции'!$A:$A,"<"&DATE($B$4,8,1),'Операции'!$B:$B,">0",'Операции'!$C:$C,$A67)-SUMIFS('Операции'!$B:$B,'Операции'!$A:$A,">="&DATE($B$4,7,1),'Операции'!$A:$A,"<"&DATE($B$4,8,1),'Операции'!$B:$B,">0",'Операции'!$C:$C,$A67,'Операции'!$F:$F,"<>")) -> 0 | L67: =IF($A67="","",SUMIFS('Операции'!$B:$B,'Операции'!$A:$A,">="&DATE($B$4,8,1),'Операции'!$A:$A,"<"&DATE($B$4,9,1),'Операции'!$B:$B,">0",'Операции'!$C:$C,$A67)-SUMIFS('Операции'!$B:$B,'Операции'!$A:$A,">="&DATE($B$4,8,1),'Операции'!$A:$A,"<"&DATE($B$4,9,1),'Операции'!$B:$B,">0",'Операции'!$C:$C,$A67,'Операции'!$F:$F,"<>")) -> 0 | M67: =IF($A67="","",SUMIFS('Операции'!$B:$B,'Операции'!$A:$A,">="&DATE($B$4,9,1),'Операции'!$A:$A,"<"&DATE($B$4,10,1),'Операции'!$B:$B,">0",'Операции'!$C:$C,$A67)-SUMIFS('Операции'!$B:$B,'Операции'!$A:$A,">="&DATE($B$4,9,1),'Операции'!$A:$A,"<"&DATE($B$4,10,1),'Операции'!$B:$B,">0",'Операции'!$C:$C,$A67,'Операции'!$F:$F,"<>")) -> 830 | N67: =IF($A67="","",SUMIFS('Операции'!$B:$B,'Операции'!$A:$A,">="&DATE($B$4,10,1),'Операции'!$A:$A,"<"&DATE($B$4,11,1),'Операции'!$B:$B,">0",'Операции'!$C:$C,$A67)-SUMIFS('Операции'!$B:$B,'Операции'!$A:$A,">="&DATE($B$4,10,1),'Операции'!$A:$A,"<"&DATE($B$4,11,1),'Операции'!$B:$B,">0",'Операции'!$C:$C,$A67,'Операции'!$F:$F,"<>")) -> 0 | O67: =IF($A67="","",SUMIFS('Операции'!$B:$B,'Операции'!$A:$A,">="&DATE($B$4,11,1),'Операции'!$A:$A,"<"&DATE($B$4,12,1),'Операции'!$B:$B,">0",'Операции'!$C:$C,$A67)-SUMIFS('Операции'!$B:$B,'Операции'!$A:$A,">="&DATE($B$4,11,1),'Операции'!$A:$A,"<"&DATE($B$4,12,1),'Операции'!$B:$B,">0",'Операции'!$C:$C,$A67,'Операции'!$F:$F,"<>")) -> 0 | P67: =IF($A67="","",SUMIFS('Операции'!$B:$B,'Операции'!$A:$A,">="&DATE($B$4,12,1),'Операции'!$A:$A,"<"&DATE($B$4,13,1),'Операции'!$B:$B,">0",'Операции'!$C:$C,$A67)-SUMIFS('Операции'!$B:$B,'Операции'!$A:$A,">="&DATE($B$4,12,1),'Операции'!$A:$A,"<"&DATE($B$4,13,1),'Операции'!$B:$B,">0",'Операции'!$C:$C,$A67,'Операции'!$F:$F,"<>")) -> 0
A68: =IF('Категории'!$B7="","",'Категории'!$B7) -> Прочие доходы | B68: =IF($A68="","",SUM(E68:P68)) -> 0 | C68: =IF(OR($A68="",$B$61=0),"",B68/$B$61) -> 0 | D68: =IF(OR(C68="",MAX($C$63:$C$74)=0),"",REPT("█",ROUND(C68/MAX($C$63:$C$74)*14,0))) | E68: =IF($A68="","",SUMIFS('Операции'!$B:$B,'Операции'!$A:$A,">="&DATE($B$4,1,1),'Операции'!$A:$A,"<"&DATE($B$4,2,1),'Операции'!$B:$B,">0",'Операции'!$C:$C,$A68)-SUMIFS('Операции'!$B:$B,'Операции'!$A:$A,">="&DATE($B$4,1,1),'Операции'!$A:$A,"<"&DATE($B$4,2,1),'Операции'!$B:$B,">0",'Операции'!$C:$C,$A68,'Операции'!$F:$F,"<>")) -> 0 | F68: =IF($A68="","",SUMIFS('Операции'!$B:$B,'Операции'!$A:$A,">="&DATE($B$4,2,1),'Операции'!$A:$A,"<"&DATE($B$4,3,1),'Операции'!$B:$B,">0",'Операции'!$C:$C,$A68)-SUMIFS('Операции'!$B:$B,'Операции'!$A:$A,">="&DATE($B$4,2,1),'Операции'!$A:$A,"<"&DATE($B$4,3,1),'Операции'!$B:$B,">0",'Операции'!$C:$C,$A68,'Операции'!$F:$F,"<>")) -> 0 | G68: =IF($A68="","",SUMIFS('Операции'!$B:$B,'Операции'!$A:$A,">="&DATE($B$4,3,1),'Операции'!$A:$A,"<"&DATE($B$4,4,1),'Операции'!$B:$B,">0",'Операции'!$C:$C,$A68)-SUMIFS('Операции'!$B:$B,'Операции'!$A:$A,">="&DATE($B$4,3,1),'Операции'!$A:$A,"<"&DATE($B$4,4,1),'Операции'!$B:$B,">0",'Операции'!$C:$C,$A68,'Операции'!$F:$F,"<>")) -> 0 | H68: =IF($A68="","",SUMIFS('Операции'!$B:$B,'Операции'!$A:$A,">="&DATE($B$4,4,1),'Операции'!$A:$A,"<"&DATE($B$4,5,1),'Операции'!$B:$B,">0",'Операции'!$C:$C,$A68)-SUMIFS('Операции'!$B:$B,'Операции'!$A:$A,">="&DATE($B$4,4,1),'Операции'!$A:$A,"<"&DATE($B$4,5,1),'Операции'!$B:$B,">0",'Операции'!$C:$C,$A68,'Операции'!$F:$F,"<>")) -> 0 | I68: =IF($A68="","",SUMIFS('Операции'!$B:$B,'Операции'!$A:$A,">="&DATE($B$4,5,1),'Операции'!$A:$A,"<"&DATE($B$4,6,1),'Операции'!$B:$B,">0",'Операции'!$C:$C,$A68)-SUMIFS('Операции'!$B:$B,'Операции'!$A:$A,">="&DATE($B$4,5,1),'Операции'!$A:$A,"<"&DATE($B$4,6,1),'Операции'!$B:$B,">0",'Операции'!$C:$C,$A68,'Операции'!$F:$F,"<>")) -> 0 | J68: =IF($A68="","",SUMIFS('Операции'!$B:$B,'Операции'!$A:$A,">="&DATE($B$4,6,1),'Операции'!$A:$A,"<"&DATE($B$4,7,1),'Операции'!$B:$B,">0",'Операции'!$C:$C,$A68)-SUMIFS('Операции'!$B:$B,'Операции'!$A:$A,">="&DATE($B$4,6,1),'Операции'!$A:$A,"<"&DATE($B$4,7,1),'Операции'!$B:$B,">0",'Операции'!$C:$C,$A68,'Операции'!$F:$F,"<>")) -> 0 | K68: =IF($A68="","",SUMIFS('Операции'!$B:$B,'Операции'!$A:$A,">="&DATE($B$4,7,1),'Операции'!$A:$A,"<"&DATE($B$4,8,1),'Операции'!$B:$B,">0",'Операции'!$C:$C,$A68)-SUMIFS('Операции'!$B:$B,'Операции'!$A:$A,">="&DATE($B$4,7,1),'Операции'!$A:$A,"<"&DATE($B$4,8,1),'Операции'!$B:$B,">0",'Операции'!$C:$C,$A68,'Операции'!$F:$F,"<>")) -> 0 | L68: =IF($A68="","",SUMIFS('Операции'!$B:$B,'Операции'!$A:$A,">="&DATE($B$4,8,1),'Операции'!$A:$A,"<"&DATE($B$4,9,1),'Операции'!$B:$B,">0",'Операции'!$C:$C,$A68)-SUMIFS('Операции'!$B:$B,'Операции'!$A:$A,">="&DATE($B$4,8,1),'Операции'!$A:$A,"<"&DATE($B$4,9,1),'Операции'!$B:$B,">0",'Операции'!$C:$C,$A68,'Операции'!$F:$F,"<>")) -> 0 | M68: =IF($A68="","",SUMIFS('Операции'!$B:$B,'Операции'!$A:$A,">="&DATE($B$4,9,1),'Операции'!$A:$A,"<"&DATE($B$4,10,1),'Операции'!$B:$B,">0",'Операции'!$C:$C,$A68)-SUMIFS('Операции'!$B:$B,'Операции'!$A:$A,">="&DATE($B$4,9,1),'Операции'!$A:$A,"<"&DATE($B$4,10,1),'Операции'!$B:$B,">0",'Операции'!$C:$C,$A68,'Операции'!$F:$F,"<>")) -> 0 | N68: =IF($A68="","",SUMIFS('Операции'!$B:$B,'Операции'!$A:$A,">="&DATE($B$4,10,1),'Операции'!$A:$A,"<"&DATE($B$4,11,1),'Операции'!$B:$B,">0",'Операции'!$C:$C,$A68)-SUMIFS('Операции'!$B:$B,'Операции'!$A:$A,">="&DATE($B$4,10,1),'Операции'!$A:$A,"<"&DATE($B$4,11,1),'Операции'!$B:$B,">0",'Операции'!$C:$C,$A68,'Операции'!$F:$F,"<>")) -> 0 | O68: =IF($A68="","",SUMIFS('Операции'!$B:$B,'Операции'!$A:$A,">="&DATE($B$4,11,1),'Операции'!$A:$A,"<"&DATE($B$4,12,1),'Операции'!$B:$B,">0",'Операции'!$C:$C,$A68)-SUMIFS('Операции'!$B:$B,'Операции'!$A:$A,">="&DATE($B$4,11,1),'Операции'!$A:$A,"<"&DATE($B$4,12,1),'Операции'!$B:$B,">0",'Операции'!$C:$C,$A68,'Операции'!$F:$F,"<>")) -> 0 | P68: =IF($A68="","",SUMIFS('Операции'!$B:$B,'Операции'!$A:$A,">="&DATE($B$4,12,1),'Операции'!$A:$A,"<"&DATE($B$4,13,1),'Операции'!$B:$B,">0",'Операции'!$C:$C,$A68)-SUMIFS('Операции'!$B:$B,'Операции'!$A:$A,">="&DATE($B$4,12,1),'Операции'!$A:$A,"<"&DATE($B$4,13,1),'Операции'!$B:$B,">0",'Операции'!$C:$C,$A68,'Операции'!$F:$F,"<>")) -> 0
A69: =IF('Категории'!$B8="","",'Категории'!$B8) | B69: =IF($A69="","",SUM(E69:P69)) | C69: =IF(OR($A69="",$B$61=0),"",B69/$B$61) | D69: =IF(OR(C69="",MAX($C$63:$C$74)=0),"",REPT("█",ROUND(C69/MAX($C$63:$C$74)*14,0))) | E69: =IF($A69="","",SUMIFS('Операции'!$B:$B,'Операции'!$A:$A,">="&DATE($B$4,1,1),'Операции'!$A:$A,"<"&DATE($B$4,2,1),'Операции'!$B:$B,">0",'Операции'!$C:$C,$A69)-SUMIFS('Операции'!$B:$B,'Операции'!$A:$A,">="&DATE($B$4,1,1),'Операции'!$A:$A,"<"&DATE($B$4,2,1),'Операции'!$B:$B,">0",'Операции'!$C:$C,$A69,'Операции'!$F:$F,"<>")) | F69: =IF($A69="","",SUMIFS('Операции'!$B:$B,'Операции'!$A:$A,">="&DATE($B$4,2,1),'Операции'!$A:$A,"<"&DATE($B$4,3,1),'Операции'!$B:$B,">0",'Операции'!$C:$C,$A69)-SUMIFS('Операции'!$B:$B,'Операции'!$A:$A,">="&DATE($B$4,2,1),'Операции'!$A:$A,"<"&DATE($B$4,3,1),'Операции'!$B:$B,">0",'Операции'!$C:$C,$A69,'Операции'!$F:$F,"<>")) | G69: =IF($A69="","",SUMIFS('Операции'!$B:$B,'Операции'!$A:$A,">="&DATE($B$4,3,1),'Операции'!$A:$A,"<"&DATE($B$4,4,1),'Операции'!$B:$B,">0",'Операции'!$C:$C,$A69)-SUMIFS('Операции'!$B:$B,'Операции'!$A:$A,">="&DATE($B$4,3,1),'Операции'!$A:$A,"<"&DATE($B$4,4,1),'Операции'!$B:$B,">0",'Операции'!$C:$C,$A69,'Операции'!$F:$F,"<>")) | H69: =IF($A69="","",SUMIFS('Операции'!$B:$B,'Операции'!$A:$A,">="&DATE($B$4,4,1),'Операции'!$A:$A,"<"&DATE($B$4,5,1),'Операции'!$B:$B,">0",'Операции'!$C:$C,$A69)-SUMIFS('Операции'!$B:$B,'Операции'!$A:$A,">="&DATE($B$4,4,1),'Операции'!$A:$A,"<"&DATE($B$4,5,1),'Операции'!$B:$B,">0",'Операции'!$C:$C,$A69,'Операции'!$F:$F,"<>")) | I69: =IF($A69="","",SUMIFS('Операции'!$B:$B,'Операции'!$A:$A,">="&DATE($B$4,5,1),'Операции'!$A:$A,"<"&DATE($B$4,6,1),'Операции'!$B:$B,">0",'Операции'!$C:$C,$A69)-SUMIFS('Операции'!$B:$B,'Операции'!$A:$A,">="&DATE($B$4,5,1),'Операции'!$A:$A,"<"&DATE($B$4,6,1),'Операции'!$B:$B,">0",'Операции'!$C:$C,$A69,'Операции'!$F:$F,"<>")) | J69: =IF($A69="","",SUMIFS('Операции'!$B:$B,'Операции'!$A:$A,">="&DATE($B$4,6,1),'Операции'!$A:$A,"<"&DATE($B$4,7,1),'Операции'!$B:$B,">0",'Операции'!$C:$C,$A69)-SUMIFS('Операции'!$B:$B,'Операции'!$A:$A,">="&DATE($B$4,6,1),'Операции'!$A:$A,"<"&DATE($B$4,7,1),'Операции'!$B:$B,">0",'Операции'!$C:$C,$A69,'Операции'!$F:$F,"<>")) | K69: =IF($A69="","",SUMIFS('Операции'!$B:$B,'Операции'!$A:$A,">="&DATE($B$4,7,1),'Операции'!$A:$A,"<"&DATE($B$4,8,1),'Операции'!$B:$B,">0",'Операции'!$C:$C,$A69)-SUMIFS('Операции'!$B:$B,'Операции'!$A:$A,">="&DATE($B$4,7,1),'Операции'!$A:$A,"<"&DATE($B$4,8,1),'Операции'!$B:$B,">0",'Операции'!$C:$C,$A69,'Операции'!$F:$F,"<>")) | L69: =IF($A69="","",SUMIFS('Операции'!$B:$B,'Операции'!$A:$A,">="&DATE($B$4,8,1),'Операции'!$A:$A,"<"&DATE($B$4,9,1),'Операции'!$B:$B,">0",'Операции'!$C:$C,$A69)-SUMIFS('Операции'!$B:$B,'Операции'!$A:$A,">="&DATE($B$4,8,1),'Операции'!$A:$A,"<"&DATE($B$4,9,1),'Операции'!$B:$B,">0",'Операции'!$C:$C,$A69,'Операции'!$F:$F,"<>")) | M69: =IF($A69="","",SUMIFS('Операции'!$B:$B,'Операции'!$A:$A,">="&DATE($B$4,9,1),'Операции'!$A:$A,"<"&DATE($B$4,10,1),'Операции'!$B:$B,">0",'Операции'!$C:$C,$A69)-SUMIFS('Операции'!$B:$B,'Операции'!$A:$A,">="&DATE($B$4,9,1),'Операции'!$A:$A,"<"&DATE($B$4,10,1),'Операции'!$B:$B,">0",'Операции'!$C:$C,$A69,'Операции'!$F:$F,"<>")) | N69: =IF($A69="","",SUMIFS('Операции'!$B:$B,'Операции'!$A:$A,">="&DATE($B$4,10,1),'Операции'!$A:$A,"<"&DATE($B$4,11,1),'Операции'!$B:$B,">0",'Операции'!$C:$C,$A69)-SUMIFS('Операции'!$B:$B,'Операции'!$A:$A,">="&DATE($B$4,10,1),'Операции'!$A:$A,"<"&DATE($B$4,11,1),'Операции'!$B:$B,">0",'Операции'!$C:$C,$A69,'Операции'!$F:$F,"<>")) | O69: =IF($A69="","",SUMIFS('Операции'!$B:$B,'Операции'!$A:$A,">="&DATE($B$4,11,1),'Операции'!$A:$A,"<"&DATE($B$4,12,1),'Операции'!$B:$B,">0",'Операции'!$C:$C,$A69)-SUMIFS('Операции'!$B:$B,'Операции'!$A:$A,">="&DATE($B$4,11,1),'Операции'!$A:$A,"<"&DATE($B$4,12,1),'Операции'!$B:$B,">0",'Операции'!$C:$C,$A69,'Операции'!$F:$F,"<>")) | P69: =IF($A69="","",SUMIFS('Операции'!$B:$B,'Операции'!$A:$A,">="&DATE($B$4,12,1),'Операции'!$A:$A,"<"&DATE($B$4,13,1),'Операции'!$B:$B,">0",'Операции'!$C:$C,$A69)-SUMIFS('Операции'!$B:$B,'Операции'!$A:$A,">="&DATE($B$4,12,1),'Операции'!$A:$A,"<"&DATE($B$4,13,1),'Операции'!$B:$B,">0",'Операции'!$C:$C,$A69,'Операции'!$F:$F,"<>"))
A70: =IF('Категории'!$B9="","",'Категории'!$B9) | B70: =IF($A70="","",SUM(E70:P70)) | C70: =IF(OR($A70="",$B$61=0),"",B70/$B$61) | D70: =IF(OR(C70="",MAX($C$63:$C$74)=0),"",REPT("█",ROUND(C70/MAX($C$63:$C$74)*14,0))) | E70: =IF($A70="","",SUMIFS('Операции'!$B:$B,'Операции'!$A:$A,">="&DATE($B$4,1,1),'Операции'!$A:$A,"<"&DATE($B$4,2,1),'Операции'!$B:$B,">0",'Операции'!$C:$C,$A70)-SUMIFS('Операции'!$B:$B,'Операции'!$A:$A,">="&DATE($B$4,1,1),'Операции'!$A:$A,"<"&DATE($B$4,2,1),'Операции'!$B:$B,">0",'Операции'!$C:$C,$A70,'Операции'!$F:$F,"<>")) | F70: =IF($A70="","",SUMIFS('Операции'!$B:$B,'Операции'!$A:$A,">="&DATE($B$4,2,1),'Операции'!$A:$A,"<"&DATE($B$4,3,1),'Операции'!$B:$B,">0",'Операции'!$C:$C,$A70)-SUMIFS('Операции'!$B:$B,'Операции'!$A:$A,">="&DATE($B$4,2,1),'Операции'!$A:$A,"<"&DATE($B$4,3,1),'Операции'!$B:$B,">0",'Операции'!$C:$C,$A70,'Операции'!$F:$F,"<>")) | G70: =IF($A70="","",SUMIFS('Операции'!$B:$B,'Операции'!$A:$A,">="&DATE($B$4,3,1),'Операции'!$A:$A,"<"&DATE($B$4,4,1),'Операции'!$B:$B,">0",'Операции'!$C:$C,$A70)-SUMIFS('Операции'!$B:$B,'Операции'!$A:$A,">="&DATE($B$4,3,1),'Операции'!$A:$A,"<"&DATE($B$4,4,1),'Операции'!$B:$B,">0",'Операции'!$C:$C,$A70,'Операции'!$F:$F,"<>")) | H70: =IF($A70="","",SUMIFS('Операции'!$B:$B,'Операции'!$A:$A,">="&DATE($B$4,4,1),'Операции'!$A:$A,"<"&DATE($B$4,5,1),'Операции'!$B:$B,">0",'Операции'!$C:$C,$A70)-SUMIFS('Операции'!$B:$B,'Операции'!$A:$A,">="&DATE($B$4,4,1),'Операции'!$A:$A,"<"&DATE($B$4,5,1),'Операции'!$B:$B,">0",'Операции'!$C:$C,$A70,'Операции'!$F:$F,"<>")) | I70: =IF($A70="","",SUMIFS('Операции'!$B:$B,'Операции'!$A:$A,">="&DATE($B$4,5,1),'Операции'!$A:$A,"<"&DATE($B$4,6,1),'Операции'!$B:$B,">0",'Операции'!$C:$C,$A70)-SUMIFS('Операции'!$B:$B,'Операции'!$A:$A,">="&DATE($B$4,5,1),'Операции'!$A:$A,"<"&DATE($B$4,6,1),'Операции'!$B:$B,">0",'Операции'!$C:$C,$A70,'Операции'!$F:$F,"<>")) | J70: =IF($A70="","",SUMIFS('Операции'!$B:$B,'Операции'!$A:$A,">="&DATE($B$4,6,1),'Операции'!$A:$A,"<"&DATE($B$4,7,1),'Операции'!$B:$B,">0",'Операции'!$C:$C,$A70)-SUMIFS('Операции'!$B:$B,'Операции'!$A:$A,">="&DATE($B$4,6,1),'Операции'!$A:$A,"<"&DATE($B$4,7,1),'Операции'!$B:$B,">0",'Операции'!$C:$C,$A70,'Операции'!$F:$F,"<>")) | K70: =IF($A70="","",SUMIFS('Операции'!$B:$B,'Операции'!$A:$A,">="&DATE($B$4,7,1),'Операции'!$A:$A,"<"&DATE($B$4,8,1),'Операции'!$B:$B,">0",'Операции'!$C:$C,$A70)-SUMIFS('Операции'!$B:$B,'Операции'!$A:$A,">="&DATE($B$4,7,1),'Операции'!$A:$A,"<"&DATE($B$4,8,1),'Операции'!$B:$B,">0",'Операции'!$C:$C,$A70,'Операции'!$F:$F,"<>")) | L70: =IF($A70="","",SUMIFS('Операции'!$B:$B,'Операции'!$A:$A,">="&DATE($B$4,8,1),'Операции'!$A:$A,"<"&DATE($B$4,9,1),'Операции'!$B:$B,">0",'Операции'!$C:$C,$A70)-SUMIFS('Операции'!$B:$B,'Операции'!$A:$A,">="&DATE($B$4,8,1),'Операции'!$A:$A,"<"&DATE($B$4,9,1),'Операции'!$B:$B,">0",'Операции'!$C:$C,$A70,'Операции'!$F:$F,"<>")) | M70: =IF($A70="","",SUMIFS('Операции'!$B:$B,'Операции'!$A:$A,">="&DATE($B$4,9,1),'Операции'!$A:$A,"<"&DATE($B$4,10,1),'Операции'!$B:$B,">0",'Операции'!$C:$C,$A70)-SUMIFS('Операции'!$B:$B,'Операции'!$A:$A,">="&DATE($B$4,9,1),'Операции'!$A:$A,"<"&DATE($B$4,10,1),'Операции'!$B:$B,">0",'Операции'!$C:$C,$A70,'Операции'!$F:$F,"<>")) | N70: =IF($A70="","",SUMIFS('Операции'!$B:$B,'Операции'!$A:$A,">="&DATE($B$4,10,1),'Операции'!$A:$A,"<"&DATE($B$4,11,1),'Операции'!$B:$B,">0",'Операции'!$C:$C,$A70)-SUMIFS('Операции'!$B:$B,'Операции'!$A:$A,">="&DATE($B$4,10,1),'Операции'!$A:$A,"<"&DATE($B$4,11,1),'Операции'!$B:$B,">0",'Операции'!$C:$C,$A70,'Операции'!$F:$F,"<>")) | O70: =IF($A70="","",SUMIFS('Операции'!$B:$B,'Операции'!$A:$A,">="&DATE($B$4,11,1),'Операции'!$A:$A,"<"&DATE($B$4,12,1),'Операции'!$B:$B,">0",'Операции'!$C:$C,$A70)-SUMIFS('Операции'!$B:$B,'Операции'!$A:$A,">="&DATE($B$4,11,1),'Операции'!$A:$A,"<"&DATE($B$4,12,1),'Операции'!$B:$B,">0",'Операции'!$C:$C,$A70,'Операции'!$F:$F,"<>")) | P70: =IF($A70="","",SUMIFS('Операции'!$B:$B,'Операции'!$A:$A,">="&DATE($B$4,12,1),'Операции'!$A:$A,"<"&DATE($B$4,13,1),'Операции'!$B:$B,">0",'Операции'!$C:$C,$A70)-SUMIFS('Операции'!$B:$B,'Операции'!$A:$A,">="&DATE($B$4,12,1),'Операции'!$A:$A,"<"&DATE($B$4,13,1),'Операции'!$B:$B,">0",'Операции'!$C:$C,$A70,'Операции'!$F:$F,"<>"))
A71: =IF('Категории'!$B10="","",'Категории'!$B10) | B71: =IF($A71="","",SUM(E71:P71)) | C71: =IF(OR($A71="",$B$61=0),"",B71/$B$61) | D71: =IF(OR(C71="",MAX($C$63:$C$74)=0),"",REPT("█",ROUND(C71/MAX($C$63:$C$74)*14,0))) | E71: =IF($A71="","",SUMIFS('Операции'!$B:$B,'Операции'!$A:$A,">="&DATE($B$4,1,1),'Операции'!$A:$A,"<"&DATE($B$4,2,1),'Операции'!$B:$B,">0",'Операции'!$C:$C,$A71)-SUMIFS('Операции'!$B:$B,'Операции'!$A:$A,">="&DATE($B$4,1,1),'Операции'!$A:$A,"<"&DATE($B$4,2,1),'Операции'!$B:$B,">0",'Операции'!$C:$C,$A71,'Операции'!$F:$F,"<>")) | F71: =IF($A71="","",SUMIFS('Операции'!$B:$B,'Операции'!$A:$A,">="&DATE($B$4,2,1),'Операции'!$A:$A,"<"&DATE($B$4,3,1),'Операции'!$B:$B,">0",'Операции'!$C:$C,$A71)-SUMIFS('Операции'!$B:$B,'Операции'!$A:$A,">="&DATE($B$4,2,1),'Операции'!$A:$A,"<"&DATE($B$4,3,1),'Операции'!$B:$B,">0",'Операции'!$C:$C,$A71,'Операции'!$F:$F,"<>")) | G71: =IF($A71="","",SUMIFS('Операции'!$B:$B,'Операции'!$A:$A,">="&DATE($B$4,3,1),'Операции'!$A:$A,"<"&DATE($B$4,4,1),'Операции'!$B:$B,">0",'Операции'!$C:$C,$A71)-SUMIFS('Операции'!$B:$B,'Операции'!$A:$A,">="&DATE($B$4,3,1),'Операции'!$A:$A,"<"&DATE($B$4,4,1),'Операции'!$B:$B,">0",'Операции'!$C:$C,$A71,'Операции'!$F:$F,"<>")) | H71: =IF($A71="","",SUMIFS('Операции'!$B:$B,'Операции'!$A:$A,">="&DATE($B$4,4,1),'Операции'!$A:$A,"<"&DATE($B$4,5,1),'Операции'!$B:$B,">0",'Операции'!$C:$C,$A71)-SUMIFS('Операции'!$B:$B,'Операции'!$A:$A,">="&DATE($B$4,4,1),'Операции'!$A:$A,"<"&DATE($B$4,5,1),'Операции'!$B:$B,">0",'Операции'!$C:$C,$A71,'Операции'!$F:$F,"<>")) | I71: =IF($A71="","",SUMIFS('Операции'!$B:$B,'Операции'!$A:$A,">="&DATE($B$4,5,1),'Операции'!$A:$A,"<"&DATE($B$4,6,1),'Операции'!$B:$B,">0",'Операции'!$C:$C,$A71)-SUMIFS('Операции'!$B:$B,'Операции'!$A:$A,">="&DATE($B$4,5,1),'Операции'!$A:$A,"<"&DATE($B$4,6,1),'Операции'!$B:$B,">0",'Операции'!$C:$C,$A71,'Операции'!$F:$F,"<>")) | J71: =IF($A71="","",SUMIFS('Операции'!$B:$B,'Операции'!$A:$A,">="&DATE($B$4,6,1),'Операции'!$A:$A,"<"&DATE($B$4,7,1),'Операции'!$B:$B,">0",'Операции'!$C:$C,$A71)-SUMIFS('Операции'!$B:$B,'Операции'!$A:$A,">="&DATE($B$4,6,1),'Операции'!$A:$A,"<"&DATE($B$4,7,1),'Операции'!$B:$B,">0",'Операции'!$C:$C,$A71,'Операции'!$F:$F,"<>")) | K71: =IF($A71="","",SUMIFS('Операции'!$B:$B,'Операции'!$A:$A,">="&DATE($B$4,7,1),'Операции'!$A:$A,"<"&DATE($B$4,8,1),'Операции'!$B:$B,">0",'Операции'!$C:$C,$A71)-SUMIFS('Операции'!$B:$B,'Операции'!$A:$A,">="&DATE($B$4,7,1),'Операции'!$A:$A,"<"&DATE($B$4,8,1),'Операции'!$B:$B,">0",'Операции'!$C:$C,$A71,'Операции'!$F:$F,"<>")) | L71: =IF($A71="","",SUMIFS('Операции'!$B:$B,'Операции'!$A:$A,">="&DATE($B$4,8,1),'Операции'!$A:$A,"<"&DATE($B$4,9,1),'Операции'!$B:$B,">0",'Операции'!$C:$C,$A71)-SUMIFS('Операции'!$B:$B,'Операции'!$A:$A,">="&DATE($B$4,8,1),'Операции'!$A:$A,"<"&DATE($B$4,9,1),'Операции'!$B:$B,">0",'Операции'!$C:$C,$A71,'Операции'!$F:$F,"<>")) | M71: =IF($A71="","",SUMIFS('Операции'!$B:$B,'Операции'!$A:$A,">="&DATE($B$4,9,1),'Операции'!$A:$A,"<"&DATE($B$4,10,1),'Операции'!$B:$B,">0",'Операции'!$C:$C,$A71)-SUMIFS('Операции'!$B:$B,'Операции'!$A:$A,">="&DATE($B$4,9,1),'Операции'!$A:$A,"<"&DATE($B$4,10,1),'Операции'!$B:$B,">0",'Операции'!$C:$C,$A71,'Операции'!$F:$F,"<>")) | N71: =IF($A71="","",SUMIFS('Операции'!$B:$B,'Операции'!$A:$A,">="&DATE($B$4,10,1),'Операции'!$A:$A,"<"&DATE($B$4,11,1),'Операции'!$B:$B,">0",'Операции'!$C:$C,$A71)-SUMIFS('Операции'!$B:$B,'Операции'!$A:$A,">="&DATE($B$4,10,1),'Операции'!$A:$A,"<"&DATE($B$4,11,1),'Операции'!$B:$B,">0",'Операции'!$C:$C,$A71,'Операции'!$F:$F,"<>")) | O71: =IF($A71="","",SUMIFS('Операции'!$B:$B,'Операции'!$A:$A,">="&DATE($B$4,11,1),'Операции'!$A:$A,"<"&DATE($B$4,12,1),'Операции'!$B:$B,">0",'Операции'!$C:$C,$A71)-SUMIFS('Операции'!$B:$B,'Операции'!$A:$A,">="&DATE($B$4,11,1),'Операции'!$A:$A,"<"&DATE($B$4,12,1),'Операции'!$B:$B,">0",'Операции'!$C:$C,$A71,'Операции'!$F:$F,"<>")) | P71: =IF($A71="","",SUMIFS('Операции'!$B:$B,'Операции'!$A:$A,">="&DATE($B$4,12,1),'Операции'!$A:$A,"<"&DATE($B$4,13,1),'Операции'!$B:$B,">0",'Операции'!$C:$C,$A71)-SUMIFS('Операции'!$B:$B,'Операции'!$A:$A,">="&DATE($B$4,12,1),'Операции'!$A:$A,"<"&DATE($B$4,13,1),'Операции'!$B:$B,">0",'Операции'!$C:$C,$A71,'Операции'!$F:$F,"<>"))
A72: =IF('Категории'!$B11="","",'Категории'!$B11) | B72: =IF($A72="","",SUM(E72:P72)) | C72: =IF(OR($A72="",$B$61=0),"",B72/$B$61) | D72: =IF(OR(C72="",MAX($C$63:$C$74)=0),"",REPT("█",ROUND(C72/MAX($C$63:$C$74)*14,0))) | E72: =IF($A72="","",SUMIFS('Операции'!$B:$B,'Операции'!$A:$A,">="&DATE($B$4,1,1),'Операции'!$A:$A,"<"&DATE($B$4,2,1),'Операции'!$B:$B,">0",'Операции'!$C:$C,$A72)-SUMIFS('Операции'!$B:$B,'Операции'!$A:$A,">="&DATE($B$4,1,1),'Операции'!$A:$A,"<"&DATE($B$4,2,1),'Операции'!$B:$B,">0",'Операции'!$C:$C,$A72,'Операции'!$F:$F,"<>")) | F72: =IF($A72="","",SUMIFS('Операции'!$B:$B,'Операции'!$A:$A,">="&DATE($B$4,2,1),'Операции'!$A:$A,"<"&DATE($B$4,3,1),'Операции'!$B:$B,">0",'Операции'!$C:$C,$A72)-SUMIFS('Операции'!$B:$B,'Операции'!$A:$A,">="&DATE($B$4,2,1),'Операции'!$A:$A,"<"&DATE($B$4,3,1),'Операции'!$B:$B,">0",'Операции'!$C:$C,$A72,'Операции'!$F:$F,"<>")) | G72: =IF($A72="","",SUMIFS('Операции'!$B:$B,'Операции'!$A:$A,">="&DATE($B$4,3,1),'Операции'!$A:$A,"<"&DATE($B$4,4,1),'Операции'!$B:$B,">0",'Операции'!$C:$C,$A72)-SUMIFS('Операции'!$B:$B,'Операции'!$A:$A,">="&DATE($B$4,3,1),'Операции'!$A:$A,"<"&DATE($B$4,4,1),'Операции'!$B:$B,">0",'Операции'!$C:$C,$A72,'Операции'!$F:$F,"<>")) | H72: =IF($A72="","",SUMIFS('Операции'!$B:$B,'Операции'!$A:$A,">="&DATE($B$4,4,1),'Операции'!$A:$A,"<"&DATE($B$4,5,1),'Операции'!$B:$B,">0",'Операции'!$C:$C,$A72)-SUMIFS('Операции'!$B:$B,'Операции'!$A:$A,">="&DATE($B$4,4,1),'Операции'!$A:$A,"<"&DATE($B$4,5,1),'Операции'!$B:$B,">0",'Операции'!$C:$C,$A72,'Операции'!$F:$F,"<>")) | I72: =IF($A72="","",SUMIFS('Операции'!$B:$B,'Операции'!$A:$A,">="&DATE($B$4,5,1),'Операции'!$A:$A,"<"&DATE($B$4,6,1),'Операции'!$B:$B,">0",'Операции'!$C:$C,$A72)-SUMIFS('Операции'!$B:$B,'Операции'!$A:$A,">="&DATE($B$4,5,1),'Операции'!$A:$A,"<"&DATE($B$4,6,1),'Операции'!$B:$B,">0",'Операции'!$C:$C,$A72,'Операции'!$F:$F,"<>")) | J72: =IF($A72="","",SUMIFS('Операции'!$B:$B,'Операции'!$A:$A,">="&DATE($B$4,6,1),'Операции'!$A:$A,"<"&DATE($B$4,7,1),'Операции'!$B:$B,">0",'Операции'!$C:$C,$A72)-SUMIFS('Операции'!$B:$B,'Операции'!$A:$A,">="&DATE($B$4,6,1),'Операции'!$A:$A,"<"&DATE($B$4,7,1),'Операции'!$B:$B,">0",'Операции'!$C:$C,$A72,'Операции'!$F:$F,"<>")) | K72: =IF($A72="","",SUMIFS('Операции'!$B:$B,'Операции'!$A:$A,">="&DATE($B$4,7,1),'Операции'!$A:$A,"<"&DATE($B$4,8,1),'Операции'!$B:$B,">0",'Операции'!$C:$C,$A72)-SUMIFS('Операции'!$B:$B,'Операции'!$A:$A,">="&DATE($B$4,7,1),'Операции'!$A:$A,"<"&DATE($B$4,8,1),'Операции'!$B:$B,">0",'Операции'!$C:$C,$A72,'Операции'!$F:$F,"<>")) | L72: =IF($A72="","",SUMIFS('Операции'!$B:$B,'Операции'!$A:$A,">="&DATE($B$4,8,1),'Операции'!$A:$A,"<"&DATE($B$4,9,1),'Операции'!$B:$B,">0",'Операции'!$C:$C,$A72)-SUMIFS('Операции'!$B:$B,'Операции'!$A:$A,">="&DATE($B$4,8,1),'Операции'!$A:$A,"<"&DATE($B$4,9,1),'Операции'!$B:$B,">0",'Операции'!$C:$C,$A72,'Операции'!$F:$F,"<>")) | M72: =IF($A72="","",SUMIFS('Операции'!$B:$B,'Операции'!$A:$A,">="&DATE($B$4,9,1),'Операции'!$A:$A,"<"&DATE($B$4,10,1),'Операции'!$B:$B,">0",'Операции'!$C:$C,$A72)-SUMIFS('Операции'!$B:$B,'Операции'!$A:$A,">="&DATE($B$4,9,1),'Операции'!$A:$A,"<"&DATE($B$4,10,1),'Операции'!$B:$B,">0",'Операции'!$C:$C,$A72,'Операции'!$F:$F,"<>")) | N72: =IF($A72="","",SUMIFS('Операции'!$B:$B,'Операции'!$A:$A,">="&DATE($B$4,10,1),'Операции'!$A:$A,"<"&DATE($B$4,11,1),'Операции'!$B:$B,">0",'Операции'!$C:$C,$A72)-SUMIFS('Операции'!$B:$B,'Операции'!$A:$A,">="&DATE($B$4,10,1),'Операции'!$A:$A,"<"&DATE($B$4,11,1),'Операции'!$B:$B,">0",'Операции'!$C:$C,$A72,'Операции'!$F:$F,"<>")) | O72: =IF($A72="","",SUMIFS('Операции'!$B:$B,'Операции'!$A:$A,">="&DATE($B$4,11,1),'Операции'!$A:$A,"<"&DATE($B$4,12,1),'Операции'!$B:$B,">0",'Операции'!$C:$C,$A72)-SUMIFS('Операции'!$B:$B,'Операции'!$A:$A,">="&DATE($B$4,11,1),'Операции'!$A:$A,"<"&DATE($B$4,12,1),'Операции'!$B:$B,">0",'Операции'!$C:$C,$A72,'Операции'!$F:$F,"<>")) | P72: =IF($A72="","",SUMIFS('Операции'!$B:$B,'Операции'!$A:$A,">="&DATE($B$4,12,1),'Операции'!$A:$A,"<"&DATE($B$4,13,1),'Операции'!$B:$B,">0",'Операции'!$C:$C,$A72)-SUMIFS('Операции'!$B:$B,'Операции'!$A:$A,">="&DATE($B$4,12,1),'Операции'!$A:$A,"<"&DATE($B$4,13,1),'Операции'!$B:$B,">0",'Операции'!$C:$C,$A72,'Операции'!$F:$F,"<>"))
A73: =IF('Категории'!$B12="","",'Категории'!$B12) | B73: =IF($A73="","",SUM(E73:P73)) | C73: =IF(OR($A73="",$B$61=0),"",B73/$B$61) | D73: =IF(OR(C73="",MAX($C$63:$C$74)=0),"",REPT("█",ROUND(C73/MAX($C$63:$C$74)*14,0))) | E73: =IF($A73="","",SUMIFS('Операции'!$B:$B,'Операции'!$A:$A,">="&DATE($B$4,1,1),'Операции'!$A:$A,"<"&DATE($B$4,2,1),'Операции'!$B:$B,">0",'Операции'!$C:$C,$A73)-SUMIFS('Операции'!$B:$B,'Операции'!$A:$A,">="&DATE($B$4,1,1),'Операции'!$A:$A,"<"&DATE($B$4,2,1),'Операции'!$B:$B,">0",'Операции'!$C:$C,$A73,'Операции'!$F:$F,"<>")) | F73: =IF($A73="","",SUMIFS('Операции'!$B:$B,'Операции'!$A:$A,">="&DATE($B$4,2,1),'Операции'!$A:$A,"<"&DATE($B$4,3,1),'Операции'!$B:$B,">0",'Операции'!$C:$C,$A73)-SUMIFS('Операции'!$B:$B,'Операции'!$A:$A,">="&DATE($B$4,2,1),'Операции'!$A:$A,"<"&DATE($B$4,3,1),'Операции'!$B:$B,">0",'Операции'!$C:$C,$A73,'Операции'!$F:$F,"<>")) | G73: =IF($A73="","",SUMIFS('Операции'!$B:$B,'Операции'!$A:$A,">="&DATE($B$4,3,1),'Операции'!$A:$A,"<"&DATE($B$4,4,1),'Операции'!$B:$B,">0",'Операции'!$C:$C,$A73)-SUMIFS('Операции'!$B:$B,'Операции'!$A:$A,">="&DATE($B$4,3,1),'Операции'!$A:$A,"<"&DATE($B$4,4,1),'Операции'!$B:$B,">0",'Операции'!$C:$C,$A73,'Операции'!$F:$F,"<>")) | H73: =IF($A73="","",SUMIFS('Операции'!$B:$B,'Операции'!$A:$A,">="&DATE($B$4,4,1),'Операции'!$A:$A,"<"&DATE($B$4,5,1),'Операции'!$B:$B,">0",'Операции'!$C:$C,$A73)-SUMIFS('Операции'!$B:$B,'Операции'!$A:$A,">="&DATE($B$4,4,1),'Операции'!$A:$A,"<"&DATE($B$4,5,1),'Операции'!$B:$B,">0",'Операции'!$C:$C,$A73,'Операции'!$F:$F,"<>")) | I73: =IF($A73="","",SUMIFS('Операции'!$B:$B,'Операции'!$A:$A,">="&DATE($B$4,5,1),'Операции'!$A:$A,"<"&DATE($B$4,6,1),'Операции'!$B:$B,">0",'Операции'!$C:$C,$A73)-SUMIFS('Операции'!$B:$B,'Операции'!$A:$A,">="&DATE($B$4,5,1),'Операции'!$A:$A,"<"&DATE($B$4,6,1),'Операции'!$B:$B,">0",'Операции'!$C:$C,$A73,'Операции'!$F:$F,"<>")) | J73: =IF($A73="","",SUMIFS('Операции'!$B:$B,'Операции'!$A:$A,">="&DATE($B$4,6,1),'Операции'!$A:$A,"<"&DATE($B$4,7,1),'Операции'!$B:$B,">0",'Операции'!$C:$C,$A73)-SUMIFS('Операции'!$B:$B,'Операции'!$A:$A,">="&DATE($B$4,6,1),'Операции'!$A:$A,"<"&DATE($B$4,7,1),'Операции'!$B:$B,">0",'Операции'!$C:$C,$A73,'Операции'!$F:$F,"<>")) | K73: =IF($A73="","",SUMIFS('Операции'!$B:$B,'Операции'!$A:$A,">="&DATE($B$4,7,1),'Операции'!$A:$A,"<"&DATE($B$4,8,1),'Операции'!$B:$B,">0",'Операции'!$C:$C,$A73)-SUMIFS('Операции'!$B:$B,'Операции'!$A:$A,">="&DATE($B$4,7,1),'Операции'!$A:$A,"<"&DATE($B$4,8,1),'Операции'!$B:$B,">0",'Операции'!$C:$C,$A73,'Операции'!$F:$F,"<>")) | L73: =IF($A73="","",SUMIFS('Операции'!$B:$B,'Операции'!$A:$A,">="&DATE($B$4,8,1),'Операции'!$A:$A,"<"&DATE($B$4,9,1),'Операции'!$B:$B,">0",'Операции'!$C:$C,$A73)-SUMIFS('Операции'!$B:$B,'Операции'!$A:$A,">="&DATE($B$4,8,1),'Операции'!$A:$A,"<"&DATE($B$4,9,1),'Операции'!$B:$B,">0",'Операции'!$C:$C,$A73,'Операции'!$F:$F,"<>")) | M73: =IF($A73="","",SUMIFS('Операции'!$B:$B,'Операции'!$A:$A,">="&DATE($B$4,9,1),'Операции'!$A:$A,"<"&DATE($B$4,10,1),'Операции'!$B:$B,">0",'Операции'!$C:$C,$A73)-SUMIFS('Операции'!$B:$B,'Операции'!$A:$A,">="&DATE($B$4,9,1),'Операции'!$A:$A,"<"&DATE($B$4,10,1),'Операции'!$B:$B,">0",'Операции'!$C:$C,$A73,'Операции'!$F:$F,"<>")) | N73: =IF($A73="","",SUMIFS('Операции'!$B:$B,'Операции'!$A:$A,">="&DATE($B$4,10,1),'Операции'!$A:$A,"<"&DATE($B$4,11,1),'Операции'!$B:$B,">0",'Операции'!$C:$C,$A73)-SUMIFS('Операции'!$B:$B,'Операции'!$A:$A,">="&DATE($B$4,10,1),'Операции'!$A:$A,"<"&DATE($B$4,11,1),'Операции'!$B:$B,">0",'Операции'!$C:$C,$A73,'Операции'!$F:$F,"<>")) | O73: =IF($A73="","",SUMIFS('Операции'!$B:$B,'Операции'!$A:$A,">="&DATE($B$4,11,1),'Операции'!$A:$A,"<"&DATE($B$4,12,1),'Операции'!$B:$B,">0",'Операции'!$C:$C,$A73)-SUMIFS('Операции'!$B:$B,'Операции'!$A:$A,">="&DATE($B$4,11,1),'Операции'!$A:$A,"<"&DATE($B$4,12,1),'Операции'!$B:$B,">0",'Операции'!$C:$C,$A73,'Операции'!$F:$F,"<>")) | P73: =IF($A73="","",SUMIFS('Операции'!$B:$B,'Операции'!$A:$A,">="&DATE($B$4,12,1),'Операции'!$A:$A,"<"&DATE($B$4,13,1),'Операции'!$B:$B,">0",'Операции'!$C:$C,$A73)-SUMIFS('Операции'!$B:$B,'Операции'!$A:$A,">="&DATE($B$4,12,1),'Операции'!$A:$A,"<"&DATE($B$4,13,1),'Операции'!$B:$B,">0",'Операции'!$C:$C,$A73,'Операции'!$F:$F,"<>"))
A74: =IF('Категории'!$B13="","",'Категории'!$B13) | B74: =IF($A74="","",SUM(E74:P74)) | C74: =IF(OR($A74="",$B$61=0),"",B74/$B$61) | D74: =IF(OR(C74="",MAX($C$63:$C$74)=0),"",REPT("█",ROUND(C74/MAX($C$63:$C$74)*14,0))) | E74: =IF($A74="","",SUMIFS('Операции'!$B:$B,'Операции'!$A:$A,">="&DATE($B$4,1,1),'Операции'!$A:$A,"<"&DATE($B$4,2,1),'Операции'!$B:$B,">0",'Операции'!$C:$C,$A74)-SUMIFS('Операции'!$B:$B,'Операции'!$A:$A,">="&DATE($B$4,1,1),'Операции'!$A:$A,"<"&DATE($B$4,2,1),'Операции'!$B:$B,">0",'Операции'!$C:$C,$A74,'Операции'!$F:$F,"<>")) | F74: =IF($A74="","",SUMIFS('Операции'!$B:$B,'Операции'!$A:$A,">="&DATE($B$4,2,1),'Операции'!$A:$A,"<"&DATE($B$4,3,1),'Операции'!$B:$B,">0",'Операции'!$C:$C,$A74)-SUMIFS('Операции'!$B:$B,'Операции'!$A:$A,">="&DATE($B$4,2,1),'Операции'!$A:$A,"<"&DATE($B$4,3,1),'Операции'!$B:$B,">0",'Операции'!$C:$C,$A74,'Операции'!$F:$F,"<>")) | G74: =IF($A74="","",SUMIFS('Операции'!$B:$B,'Операции'!$A:$A,">="&DATE($B$4,3,1),'Операции'!$A:$A,"<"&DATE($B$4,4,1),'Операции'!$B:$B,">0",'Операции'!$C:$C,$A74)-SUMIFS('Операции'!$B:$B,'Операции'!$A:$A,">="&DATE($B$4,3,1),'Операции'!$A:$A,"<"&DATE($B$4,4,1),'Операции'!$B:$B,">0",'Операции'!$C:$C,$A74,'Операции'!$F:$F,"<>")) | H74: =IF($A74="","",SUMIFS('Операции'!$B:$B,'Операции'!$A:$A,">="&DATE($B$4,4,1),'Операции'!$A:$A,"<"&DATE($B$4,5,1),'Операции'!$B:$B,">0",'Операции'!$C:$C,$A74)-SUMIFS('Операции'!$B:$B,'Операции'!$A:$A,">="&DATE($B$4,4,1),'Операции'!$A:$A,"<"&DATE($B$4,5,1),'Операции'!$B:$B,">0",'Операции'!$C:$C,$A74,'Операции'!$F:$F,"<>")) | I74: =IF($A74="","",SUMIFS('Операции'!$B:$B,'Операции'!$A:$A,">="&DATE($B$4,5,1),'Операции'!$A:$A,"<"&DATE($B$4,6,1),'Операции'!$B:$B,">0",'Операции'!$C:$C,$A74)-SUMIFS('Операции'!$B:$B,'Операции'!$A:$A,">="&DATE($B$4,5,1),'Операции'!$A:$A,"<"&DATE($B$4,6,1),'Операции'!$B:$B,">0",'Операции'!$C:$C,$A74,'Операции'!$F:$F,"<>")) | J74: =IF($A74="","",SUMIFS('Операции'!$B:$B,'Операции'!$A:$A,">="&DATE($B$4,6,1),'Операции'!$A:$A,"<"&DATE($B$4,7,1),'Операции'!$B:$B,">0",'Операции'!$C:$C,$A74)-SUMIFS('Операции'!$B:$B,'Операции'!$A:$A,">="&DATE($B$4,6,1),'Операции'!$A:$A,"<"&DATE($B$4,7,1),'Операции'!$B:$B,">0",'Операции'!$C:$C,$A74,'Операции'!$F:$F,"<>")) | K74: =IF($A74="","",SUMIFS('Операции'!$B:$B,'Операции'!$A:$A,">="&DATE($B$4,7,1),'Операции'!$A:$A,"<"&DATE($B$4,8,1),'Операции'!$B:$B,">0",'Операции'!$C:$C,$A74)-SUMIFS('Операции'!$B:$B,'Операции'!$A:$A,">="&DATE($B$4,7,1),'Операции'!$A:$A,"<"&DATE($B$4,8,1),'Операции'!$B:$B,">0",'Операции'!$C:$C,$A74,'Операции'!$F:$F,"<>")) | L74: =IF($A74="","",SUMIFS('Операции'!$B:$B,'Операции'!$A:$A,">="&DATE($B$4,8,1),'Операции'!$A:$A,"<"&DATE($B$4,9,1),'Операции'!$B:$B,">0",'Операции'!$C:$C,$A74)-SUMIFS('Операции'!$B:$B,'Операции'!$A:$A,">="&DATE($B$4,8,1),'Операции'!$A:$A,"<"&DATE($B$4,9,1),'Операции'!$B:$B,">0",'Операции'!$C:$C,$A74,'Операции'!$F:$F,"<>")) | M74: =IF($A74="","",SUMIFS('Операции'!$B:$B,'Операции'!$A:$A,">="&DATE($B$4,9,1),'Операции'!$A:$A,"<"&DATE($B$4,10,1),'Операции'!$B:$B,">0",'Операции'!$C:$C,$A74)-SUMIFS('Операции'!$B:$B,'Операции'!$A:$A,">="&DATE($B$4,9,1),'Операции'!$A:$A,"<"&DATE($B$4,10,1),'Операции'!$B:$B,">0",'Операции'!$C:$C,$A74,'Операции'!$F:$F,"<>")) | N74: =IF($A74="","",SUMIFS('Операции'!$B:$B,'Операции'!$A:$A,">="&DATE($B$4,10,1),'Операции'!$A:$A,"<"&DATE($B$4,11,1),'Операции'!$B:$B,">0",'Операции'!$C:$C,$A74)-SUMIFS('Операции'!$B:$B,'Операции'!$A:$A,">="&DATE($B$4,10,1),'Операции'!$A:$A,"<"&DATE($B$4,11,1),'Операции'!$B:$B,">0",'Операции'!$C:$C,$A74,'Операции'!$F:$F,"<>")) | O74: =IF($A74="","",SUMIFS('Операции'!$B:$B,'Операции'!$A:$A,">="&DATE($B$4,11,1),'Операции'!$A:$A,"<"&DATE($B$4,12,1),'Операции'!$B:$B,">0",'Операции'!$C:$C,$A74)-SUMIFS('Операции'!$B:$B,'Операции'!$A:$A,">="&DATE($B$4,11,1),'Операции'!$A:$A,"<"&DATE($B$4,12,1),'Операции'!$B:$B,">0",'Операции'!$C:$C,$A74,'Операции'!$F:$F,"<>")) | P74: =IF($A74="","",SUMIFS('Операции'!$B:$B,'Операции'!$A:$A,">="&DATE($B$4,12,1),'Операции'!$A:$A,"<"&DATE($B$4,13,1),'Операции'!$B:$B,">0",'Операции'!$C:$C,$A74)-SUMIFS('Операции'!$B:$B,'Операции'!$A:$A,">="&DATE($B$4,12,1),'Операции'!$A:$A,"<"&DATE($B$4,13,1),'Операции'!$B:$B,">0",'Операции'!$C:$C,$A74,'Операции'!$F:$F,"<>"))
A77: Таблица от свод.ли — приложения для учёта финансов. Как перенести эти записи в приложение — на листе «Как пользоваться».

Sheet Категории
A1: Расходы | B1: Доходы | C1: Счета | E1: Все категории (служебный список)
A2: Еда | B2: Зарплата | C2: Карта | E2: =IF(ROWS($E$2:E2)<=COUNTA($A$2:$A$31),INDEX($A$2:$A$31,ROWS($E$2:E2)),IF(ROWS($E$2:E2)<=COUNTA($A$2:$A$31)+COUNTA($B$2:$B$13),INDEX($B$2:$B$13,ROWS($E$2:E2)-COUNTA($A$2:$A$31)),"")) -> Еда | G2: Добавляйте свои категории и счета в конец списков, без пустых строк. Они появятся в выпадающих списках на листе «Операции», а категории — ещё и в «Сводке».
A3: Транспорт | B3: Премия и бонусы | C3: Наличные | E3: =IF(ROWS($E$2:E3)<=COUNTA($A$2:$A$31),INDEX($A$2:$A$31,ROWS($E$2:E3)),IF(ROWS($E$2:E3)<=COUNTA($A$2:$A$31)+COUNTA($B$2:$B$13),INDEX($B$2:$B$13,ROWS($E$2:E3)-COUNTA($A$2:$A$31)),"")) -> Транспорт
A4: Жильё | B4: Подработка | C4: Накопления | E4: =IF(ROWS($E$2:E4)<=COUNTA($A$2:$A$31),INDEX($A$2:$A$31,ROWS($E$2:E4)),IF(ROWS($E$2:E4)<=COUNTA($A$2:$A$31)+COUNTA($B$2:$B$13),INDEX($B$2:$B$13,ROWS($E$2:E4)-COUNTA($A$2:$A$31)),"")) -> Жильё
A5: Здоровье | B5: Проценты по вкладу | E5: =IF(ROWS($E$2:E5)<=COUNTA($A$2:$A$31),INDEX($A$2:$A$31,ROWS($E$2:E5)),IF(ROWS($E$2:E5)<=COUNTA($A$2:$A$31)+COUNTA($B$2:$B$13),INDEX($B$2:$B$13,ROWS($E$2:E5)-COUNTA($A$2:$A$31)),"")) -> Здоровье
A6: Покупки | B6: Возврат и кешбэк | E6: =IF(ROWS($E$2:E6)<=COUNTA($A$2:$A$31),INDEX($A$2:$A$31,ROWS($E$2:E6)),IF(ROWS($E$2:E6)<=COUNTA($A$2:$A$31)+COUNTA($B$2:$B$13),INDEX($B$2:$B$13,ROWS($E$2:E6)-COUNTA($A$2:$A$31)),"")) -> Покупки
A7: Развлечения | B7: Прочие доходы | E7: =IF(ROWS($E$2:E7)<=COUNTA($A$2:$A$31),INDEX($A$2:$A$31,ROWS($E$2:E7)),IF(ROWS($E$2:E7)<=COUNTA($A$2:$A$31)+COUNTA($B$2:$B$13),INDEX($B$2:$B$13,ROWS($E$2:E7)-COUNTA($A$2:$A$31)),"")) -> Развлечения
A8: Образование | E8: =IF(ROWS($E$2:E8)<=COUNTA($A$2:$A$31),INDEX($A$2:$A$31,ROWS($E$2:E8)),IF(ROWS($E$2:E8)<=COUNTA($A$2:$A$31)+COUNTA($B$2:$B$13),INDEX($B$2:$B$13,ROWS($E$2:E8)-COUNTA($A$2:$A$31)),"")) -> Образование
A9: Дети | E9: =IF(ROWS($E$2:E9)<=COUNTA($A$2:$A$31),INDEX($A$2:$A$31,ROWS($E$2:E9)),IF(ROWS($E$2:E9)<=COUNTA($A$2:$A$31)+COUNTA($B$2:$B$13),INDEX($B$2:$B$13,ROWS($E$2:E9)-COUNTA($A$2:$A$31)),"")) -> Дети
A10: Питомцы | E10: =IF(ROWS($E$2:E10)<=COUNTA($A$2:$A$31),INDEX($A$2:$A$31,ROWS($E$2:E10)),IF(ROWS($E$2:E10)<=COUNTA($A$2:$A$31)+COUNTA($B$2:$B$13),INDEX($B$2:$B$13,ROWS($E$2:E10)-COUNTA($A$2:$A$31)),"")) -> Питомцы
A11: Подарки | E11: =IF(ROWS($E$2:E11)<=COUNTA($A$2:$A$31),INDEX($A$2:$A$31,ROWS($E$2:E11)),IF(ROWS($E$2:E11)<=COUNTA($A$2:$A$31)+COUNTA($B$2:$B$13),INDEX($B$2:$B$13,ROWS($E$2:E11)-COUNTA($A$2:$A$31)),"")) -> Подарки
A12: Финансы | E12: =IF(ROWS($E$2:E12)<=COUNTA($A$2:$A$31),INDEX($A$2:$A$31,ROWS($E$2:E12)),IF(ROWS($E$2:E12)<=COUNTA($A$2:$A$31)+COUNTA($B$2:$B$13),INDEX($B$2:$B$13,ROWS($E$2:E12)-COUNTA($A$2:$A$31)),"")) -> Финансы
A13: Прочее | E13: =IF(ROWS($E$2:E13)<=COUNTA($A$2:$A$31),INDEX($A$2:$A$31,ROWS($E$2:E13)),IF(ROWS($E$2:E13)<=COUNTA($A$2:$A$31)+COUNTA($B$2:$B$13),INDEX($B$2:$B$13,ROWS($E$2:E13)-COUNTA($A$2:$A$31)),"")) -> Прочее
E14: =IF(ROWS($E$2:E14)<=COUNTA($A$2:$A$31),INDEX($A$2:$A$31,ROWS($E$2:E14)),IF(ROWS($E$2:E14)<=COUNTA($A$2:$A$31)+COUNTA($B$2:$B$13),INDEX($B$2:$B$13,ROWS($E$2:E14)-COUNTA($A$2:$A$31)),"")) -> Зарплата
E15: =IF(ROWS($E$2:E15)<=COUNTA($A$2:$A$31),INDEX($A$2:$A$31,ROWS($E$2:E15)),IF(ROWS($E$2:E15)<=COUNTA($A$2:$A$31)+COUNTA($B$2:$B$13),INDEX($B$2:$B$13,ROWS($E$2:E15)-COUNTA($A$2:$A$31)),"")) -> Премия и бонусы
E16: =IF(ROWS($E$2:E16)<=COUNTA($A$2:$A$31),INDEX($A$2:$A$31,ROWS($E$2:E16)),IF(ROWS($E$2:E16)<=COUNTA($A$2:$A$31)+COUNTA($B$2:$B$13),INDEX($B$2:$B$13,ROWS($E$2:E16)-COUNTA($A$2:$A$31)),"")) -> Подработка
E17: =IF(ROWS($E$2:E17)<=COUNTA($A$2:$A$31),INDEX($A$2:$A$31,ROWS($E$2:E17)),IF(ROWS($E$2:E17)<=COUNTA($A$2:$A$31)+COUNTA($B$2:$B$13),INDEX($B$2:$B$13,ROWS($E$2:E17)-COUNTA($A$2:$A$31)),"")) -> Проценты по вкладу
E18: =IF(ROWS($E$2:E18)<=COUNTA($A$2:$A$31),INDEX($A$2:$A$31,ROWS($E$2:E18)),IF(ROWS($E$2:E18)<=COUNTA($A$2:$A$31)+COUNTA($B$2:$B$13),INDEX($B$2:$B$13,ROWS($E$2:E18)-COUNTA($A$2:$A$31)),"")) -> Возврат и кешбэк
E19: =IF(ROWS($E$2:E19)<=COUNTA($A$2:$A$31),INDEX($A$2:$A$31,ROWS($E$2:E19)),IF(ROWS($E$2:E19)<=COUNTA($A$2:$A$31)+COUNTA($B$2:$B$13),INDEX($B$2:$B$13,ROWS($E$2:E19)-COUNTA($A$2:$A$31)),"")) -> Прочие доходы
E20: =IF(ROWS($E$2:E20)<=COUNTA($A$2:$A$31),INDEX($A$2:$A$31,ROWS($E$2:E20)),IF(ROWS($E$2:E20)<=COUNTA($A$2:$A$31)+COUNTA($B$2:$B$13),INDEX($B$2:$B$13,ROWS($E$2:E20)-COUNTA($A$2:$A$31)),""))
E21: =IF(ROWS($E$2:E21)<=COUNTA($A$2:$A$31),INDEX($A$2:$A$31,ROWS($E$2:E21)),IF(ROWS($E$2:E21)<=COUNTA($A$2:$A$31)+COUNTA($B$2:$B$13),INDEX($B$2:$B$13,ROWS($E$2:E21)-COUNTA($A$2:$A$31)),""))
E22: =IF(ROWS($E$2:E22)<=COUNTA($A$2:$A$31),INDEX($A$2:$A$31,ROWS($E$2:E22)),IF(ROWS($E$2:E22)<=COUNTA($A$2:$A$31)+COUNTA($B$2:$B$13),INDEX($B$2:$B$13,ROWS($E$2:E22)-COUNTA($A$2:$A$31)),""))
E23: =IF(ROWS($E$2:E23)<=COUNTA($A$2:$A$31),INDEX($A$2:$A$31,ROWS($E$2:E23)),IF(ROWS($E$2:E23)<=COUNTA($A$2:$A$31)+COUNTA($B$2:$B$13),INDEX($B$2:$B$13,ROWS($E$2:E23)-COUNTA($A$2:$A$31)),""))
E24: =IF(ROWS($E$2:E24)<=COUNTA($A$2:$A$31),INDEX($A$2:$A$31,ROWS($E$2:E24)),IF(ROWS($E$2:E24)<=COUNTA($A$2:$A$31)+COUNTA($B$2:$B$13),INDEX($B$2:$B$13,ROWS($E$2:E24)-COUNTA($A$2:$A$31)),""))
E25: =IF(ROWS($E$2:E25)<=COUNTA($A$2:$A$31),INDEX($A$2:$A$31,ROWS($E$2:E25)),IF(ROWS($E$2:E25)<=COUNTA($A$2:$A$31)+COUNTA($B$2:$B$13),INDEX($B$2:$B$13,ROWS($E$2:E25)-COUNTA($A$2:$A$31)),""))
... E43: =IF(ROWS($E$2:E43)<=COUNTA($A$2:$A$31),INDEX($A$2:$A$31,ROWS($E$2:E43)),IF(ROWS($E$2:E43)<=COUNTA($A$2:$A$31)+COUNTA($B$2:$B$13),INDEX($B$2:$B$13,ROWS($E$2:E43)-COUNTA($A$2:$A$31)),""))

Sheet Как пользоваться
B2: Как пользоваться таблицей
B3: 1. Записывайте операции на листе «Операции»: одна строка — одна операция. Расход пишите с минусом (−1200), доход — без знака (45000).
B4: 2. Категорию и счёт выбирайте из выпадающего списка. Свои категории и счета добавляйте на листе «Категории» — в конец списка, без пустых строк.
B5: 3. Перевод между своими счетами — одна строка: «Счёт» — откуда ушли деньги, «Счёт зачисления» — куда пришли. В доходы и расходы перевод не попадает.
B6: 4. Лист «Сводка» считает всё сам: доходы, расходы и остаток по месяцам, расходы и доходы по категориям. Год подставляется по последней записи; его можно вписать вручную.
B7: 5. Перед началом удалите строки-примеры на листе «Операции» (строки 2–33).
B9: Когда таблицы станет мало
B10: Эту таблицу можно целиком перенести в свод.ли — приложение для учёта финансов на телефоне, компьютере и в браузере. Оно бесплатное, без подписки и рекламы.
B11: Как перенести: установите приложение, откройте «Импорт», выберите «Excel / таблица» и этот файл. Операции, категории и счета перенесутся сами. Если что-то пошло не так, импорт отменяется одной кнопкой.
B12: В приложении — бюджеты по категориям, отчёты, цели накоплений и общий доступ к учёту для семьи.
B13: Скачать свод.ли — svodly.ru
